Workbook

Sheet Total 2023
B1: objekts
B2: =FUR!A1 -> FUR | C2: ='MUN2'!A1 -> MUN2 | D2: =SAR!A1 -> SAR | E2: ='SAR2'!A1 -> SAR2 | F2: =SW!A1 -> SW | G2: =ANT!A1 -> ANT | H2: =OFF!A1 -> OFF | I2: =BER!A1 -> BER | J2: =MAL!A1 -> MAL | K2: TAL | L2: =NEU!A1 -> NEU | M2: =ARN!A1 -> ARN | N2: =MEM!A1 -> MEM | O2: =HAL!A1 -> HAL | P2: =OLD!A1 -> OLD | Q2: =DOR!A1 -> DOR | R2: =FAL!A1 -> FAL | S2: =AUH!A1 -> AUH | T2: =BOCH!A1 -> BOCH | U2: ='BER2'!A1 -> BER2 | V2: =SIE!A1 -> SIE | W2: =AMB!A1 -> AMB | X2: =CHA!A1 -> CHA | Y2: ='TAL2'!A1 -> TAL2 | Z2: =SIEC!A1 -> SIEC | AA2: ='FAL (2)'!A1 -> FAL2
A3: contract amount | B3: =FUR!AA10 -> 162000 | C3: ='MUN2'!AA10 -> 175887.1 | D3: =SAR!Y10 -> 64000 | E3: ='SAR2'!Y10 -> 22136.76 | F3: =SW!Y10 -> 5650 | G3: =ANT!AA10 -> 55889.96 | H3: =OFF!AC10 -> 158000 | I3: =BER!Y10 -> 75388.43 | J3: =MAL!Y10 -> 71337.13 | K3: =TAL!Y10 -> 16500 | L3: =NEU!AA10 -> 71273.73 | M3: =ARN!Y10 -> 60000 | N3: =MEM!Y10 -> 7000 | O3: =HAL!Y10 -> 63000 | P3: =OLD!AA10 -> 38521.98 | Q3: =DOR!AA10 -> 75736.12 | R3: =FAL!AA10 -> 75100.2 | S3: =AUH!Y10 -> 86000 | T3: =BOCH!Y10 -> 225634 | U3: ='BER2'!Y10 -> 405955.87 | V3: =SIE!Y10 -> 14005.39 | W3: =AMB!Y10 -> 70300.13 | X3: =CHA!AA10 -> 67542.6 | Y3: ='TAL2'!Y10 -> 94138.97 | Z3: =SIEC!Y10 -> 79000 | AA3: ='FAL (2)'!AA10 -> 18614.6
A4: additional works | B4: =FUR!AA11 -> 6555 | D4: =SAR!Y11 -> 17621.74 | E4: ='SAR2'!Y11 -> 8413.05 | F4: =SW!Y11 -> 0 | G4: =ANT!AA11 -> 0 | H4: =OFF!AC11 -> 24166.3 | I4: =BER!Y11 -> 11625 | J4: =MAL!Y11 -> 4528.76 | K4: =TAL!Y11 -> 0 | L4: =NEU!AA11 -> 800 | M4: =ARN!Y11 -> 5603.51 | N4: =MEM!Y11 -> 0 | O4: =HAL!Y11 -> 10297.39 | P4: =OLD!AA11 -> 2431.44 | Q4: =DOR!AA11 -> 5069.4 | R4: =FAL!AA11 -> 5153.47 | S4: =AUH!Y11 -> 1600 | T4: =BOCH!Y11 -> 25481.18 | U4: ='BER2'!Y11 -> 1600 | W4: =AMB!Y11 -> 0 | X4: =CHA!AA11 -> 18742.6 | Y4: ='TAL2'!Y11 -> 26296.98 | Z4: =SIEC!Y11 -> 3261.75 | AA4: ='FAL (2)'!AA11 -> 0
A5: total income | B5: =B3+B4 -> 168555 | C5: =C3+C4 -> 175887.1 | D5: =D3+D4 -> 81621.74 | E5: =E3+E4 -> 30549.81 | F5: =F3+F4 -> 5650 | G5: =G3+G4 -> 55889.96 | H5: =H3+H4 -> 182166.3 | I5: =I3+I4 -> 87013.43 | ... W5: =W3+W4 -> 70300.13 | X5: =X4+X3 -> 86285.2 | Y5: =Y4+Y3 -> 120435.95 | Z5: =Z4+Z3 -> 82261.75 | AA5: =AA4+AA3 -> 18614.6
A6: project manager | B6: Jānis/Matīss | C6: Alex | D6: Matīss | E6: Matīss | F6: Alex | G6: Jānis | H6: Matīss | I6: Alex | J6: Alex/ Edgars? | K6: Matīss | L6: Edgars | M6: Alex | N6: Edgars | O6: Mauro | P6: Alex | Q6: Alex | R6: Mauro/ Māris | S6: Mauro, Edgars | T6: Māris | U6: Alens | V6: Mauro | W6: Mauro | X6: Alexander | Y6: Jānis E. | Z6: Mauro | AA6: Alexander
A8: planned hours | B8: =FUR!AO6 -> 1698 | C8: ='MUN2'!AO6 -> 1206 | D8: =SAR!AM6 -> 708 | E8: ='SAR2'!AB6 -> 313 | G8: =ANT!AO6 -> 711.85 | H8: =OFF!AQ6 -> 1681 | I8: =BER!AM6 -> 478 | J8: =MAL!AM6 -> 900.82 | K8: =TAL!AM6 -> 0 | L8: =NEU!AO6 -> 695 | M8: =ARN!AM6 -> 543 | N8: =MEM!AM6 -> 0 | O8: =HAL!AM6 -> 996 | P8: =OLD!AO6 -> 466 | Q8: =DOR!AO6 -> 966 | R8: =FAL!AO6 -> 801 | S8: =AUH!AM6 -> 1010 | T8: =BOCH!AM6 -> 0 | U8: ='BER2'!AM6 -> 2881 | V8: =SIE!AM6 -> 0 | W8: =AMB!AM6 -> 192 | X8: =CHA!AO6 -> 875 | Y8: ='TAL2'!AM6 -> 1217 | Z8: =SIEC!AM6 -> 1019.94 | AA8: ='FAL (2)'!AO6 -> 0
A9: worked hours | B9: =FUR!AO7 -> 2232 | C9: ='MUN2'!AO7 -> 1445 | D9: =SAR!AM7 -> 1117 | E9: ='SAR2'!AB7 -> 377.5 | F9: =SW!AM7 -> 0 | G9: =ANT!AO7 -> 902.5 | H9: =OFF!AQ7 -> 1735 | I9: =TAL!AM7 -> 191.5 | J9: ='27'!AM7 -> 0 | K9: =NEU!AO7 -> 701 | L9: =NEU!AO7 -> 701 | M9: =ARN!AM7 -> 552 | N9: =MEM!AM7 -> 126 | O9: =HAL!AM7 -> 929.7 | P9: =OLD!AO7 -> 592 | Q9: =DOR!AO7 -> 833 | R9: =FAL!AO7 -> 989 | S9: =AUH!AM7 -> 940 | T9: =BOCH!AM7 -> 0 | U9: ='BER2'!AM7 -> 2881.29 | V9: =SIE!AM7 -> 143.7 | W9: =AMB!AM7 -> 396.29 | X9: =CHA!AO7 -> 1599.58 | Y9: ='TAL2'!AM7 -> 1518.82 | Z9: =SIEC!AM7 -> 682.811 | AA9: ='FAL (2)'!AO7 -> 272.99
A10: stundu bilance | B10: =B8-B9 -> -534 | C10: =C8-C9 -> -239 | D10: =D8-D9 -> -409 | E10: =E8-E9 -> -64.5 | G10: =G8-G9 -> -190.65 | H10: =H8-H9 -> -54 | I10: =I8-I9 -> 286.5 | J10: =J8-J9 -> 900.82 | K10: =K8-K9 -> -701 | L10: =L8-L9 -> -6 | M10: =M8-M9 -> -9 | N10: =N8-N9 -> -126 | ... AA10: =AA8-AA9 -> -272.99
B11: =FUR!I12 -> 11798.85 | C11: ='MUN2'!I12 -> 13227.449 | D11: =SAR!G12 -> 5713.5218 | E11: ='SAR2'!G12 -> 2138.4867 | F11: =SW!C12 -> 395.5 | G11: =ANT!I12 -> 3912.2972 | H11: =OFF!K12 -> 12751.641 | I11: =BER!G12 -> 6090.9401 | J11: =MAL!G12 -> 5627.6255 | K11: =TAL!G12 -> 1155 | L11: =NEU!I12 -> 4989.1611 | M11: =ARN!G12 -> 4200 | N11: =MEM!G12 -> 490 | O11: =HAL!G12 -> 5851.6346 | P11: =OLD!I12 -> 2866.7394 | Q11: =DOR!I12 -> 5656.3864 | R11: =FAL!I12 -> 5617.7569 | S11: =AUH!G12 -> 6132 | T11: =BOCH!G12 -> 17578.063 | U11: ='BER2'!G12 -> 28491.578 | V11: =SIE!G12 -> 980.3773 | W11: =AMB!G12 -> 4921.0091 | X11: =CHA!I12 -> 6039.964 | Y11: ='TAL2'!G12 -> 8430.5165 | Z11: =SIEC!G12 -> 5758.3225 | AA11: ='FAL (2)'!I12 -> 1303.022 | AB11: =SUM(B11:AA11) -> 172117.84
A12: profit % | B12: =FUR!J18 -> 0.33267714 | C12: ='MUN2'!J18 -> 0.39103871 | D12: =SAR!H18 -> 0.1351856 | E12: ='SAR2'!H17 -> 0.52116228 | F12: =SW!H17 -> -0.03004318 | G12: =ANT!J18 -> 0.42193976 | H12: =OFF!L17 -> 0.26579843 | I12: =BER!H17 -> 0.47628973 | J12: =MAL!H18 -> 0.38044981 | K12: =NEU!J18 -> 0.28825446 | L12: =NEU!J18 -> 0.28825446 | M12: =ARN!H18 -> 0.31821468 | N12: =MEM!H18 -> -0.27870181 | O12: =HAL!H18 -> 0.15042344 | P12: =OLD!J17 -> 0.10898887 | Q12: =DOR!J17 -> 0.46619797 | R12: =FAL!J17 -> 0.35928719 | S12: =AUH!H17 -> 0.30575781 | T12: =BOCH!H18 -> 0.11103523 | U12: ='BER2'!H17 -> 0.31451083 | V12: =SIE!H17 -> 0.27540369 | W12: =AMB!H17 -> 0.45402221 | X12: =CHA!J17 -> 0.062170191 | Y12: ='TAL2'!H17 -> 0.10679869 | Z12: =SIEC!H17 -> 0.35067917 | AA12: ='FAL (2)'!J17 -> 0.32568978
A13: profit EUR | B13: =FUR!I18 -> 56074.396 | C13: ='MUN2'!I18 -> 73892.066 | D13: =SAR!G18 -> 11034.084 | E13: ='SAR2'!G17 -> 15921.409 | F13: =SW!C17 -> -169.74397 | G13: =ANT!I18 -> 23582.196 | H13: =OFF!K17 -> 48419.516 | I13: =BER!G17 -> 41443.603 | J13: =MAL!G18 -> 28863.164 | K13: =TAL!G17 -> 5689.659 | L13: =NEU!I18 -> 20544.97 | M13: =ARN!G18 -> 20876 | N13: =MEM!G18 -> -1950.9127 | O13: =HAL!G18 -> 11025.646 | P13: =OLD!I17 -> 4463.4668 | Q13: =DOR!I17 -> 37671.369 | R13: =FAL!I17 -> 28834.116 | S13: =AUH!G17 -> 26784.384 | T13: =BOCH!G18 -> 27882.631 | U13: ='BER2'!G17 -> 128180.73 | V13: =SIE!G17 -> 3857.136 | W13: =AMB!G17 -> 31917.82 | X13: =CHA!I17 -> 5364.3674 | Y13: ='TAL2'!G17 -> 12862.401 | Z13: =SIEC!G17 -> 28847.482 | AA13: ='FAL (2)'!I17 -> 6062.5849 | AB13: =SUM(B13:AA13) -> 697974.55
A14: construction works profit/ loss | B14: =B15-B16 -> 56074.396 | C14: =C15-C16 -> 60815.606 | D14: =D15-D16 -> 7489.0838 | E14: =E15-E16 -> 15921.409 | F14: =F15-F16 -> -169.74397 | G14: =G15-G16 -> 23582.196 | H14: =H15-H16 -> 26694.386 | I14: =I15-I16 -> 41443.603 | ... Q14: =Q15-Q16 -> 33822.319 | R14: =FAL!I17 -> 28834.116 | S14: =AUH!G17 -> 26784.384 | T14: =T15-T16 -> -20208.329 | U14: =U15-U16 -> 235187.84 | V14: =V15-V16 -> 3857.136 | W14: =W15-W16 -> 31917.82 | X14: =X15-X16 -> 5458.5074 | Y14: =Y15-Y16 -> 60648.691 | Z14: =Z15-Z16 -> 29798.672 | AA14: =AA15-AA16 -> 6382.5849
A15: construction works budget | B15: =B5-B20 -> 140106.2 | C15: =C5-C20 -> 175887.1 | D15: =D5-D20 -> 63878.74 | E15: =E5-E20 -> 30549.81 | F15: =F5-F20 -> 5650 | G15: =G5-G20 -> 55889.96 | H15: =H5-H20 -> 139167.58 | I15: =I5-I20 -> 87013.43 | ... AA15: =AA5-AA20 -> 18614.6
B16: =FUR!I5-'Total 2023'!B20 -> 84031.804 | C16: ='MUN2'!I5-'Total 2023'!C21 -> 115071.49 | D16: =SAR!G5-'Total 2023'!D21 -> 56389.656 | E16: ='SAR2'!G5-'Total 2023'!E21 -> 14628.401 | F16: =SW!G5-'Total 2023'!F21 -> 5819.744 | G16: =ANT!I5-'Total 2023'!G21 -> 32307.764 | H16: =OFF!K5-'Total 2023'!H21 -> 112473.19 | I16: =BER!G5-'Total 2023'!I21 -> 45569.827 | J16: =MAL!G5-'Total 2023'!J21 -> 47002.726 | K16: =TAL!G5-'Total 2023'!K21 -> 10810.341 | L16: =NEU!I18-'Total 2023'!L21 -> 13867.205 | M16: =ARN!G5-'Total 2023'!M20 -> 29333.43 | N16: =MEM!G5-N20 -> 8950.9127 | O16: =HAL!G5-HAL!Y27 -> 62271.744 | P16: =OLD!I5-OLD!AA26 -> 32952.023 | Q16: =DOR!I5-DOR!AA26 -> 37428.201 | R16: =FAL!I5-FAL!I8 -> 50869.554 | S16: =AUH!G5-AUH!G8 -> 50539.316 | T16: =BOCH!G5-BOCH!G8 -> 60425.139 | U16: ='BER2'!G5-'BER2'!G8 -> 172368.03 | V16: =SIE!G5-'Total 2023'!V21 -> 10148.254 | W16: =AMB!G5 -> 38382.31 | X16: =CHA!I5-CHA!I8 -> 80826.693 | Y16: ='TAL2'!G5-'TAL2'!G8 -> 59787.259 | Z16: =SIEC!G5-SIEC!G8 -> 52463.078 | AA16: ='FAL (2)'!I5-'FAL (2)'!I8 -> 12232.015
B17: =B14/B15 -> 0.4002278 | C17: =C14/C15 -> 0.34576502 | D17: =D14/D15 -> 0.11723907 | E17: =E14/E15 -> 0.52116228 | F17: =F14/F15 -> -0.03004318 | G17: =G14/G15 -> 0.42193976 | H17: =H14/H15 -> 0.19181469 | I17: =I14/I15 -> 0.47628973 | ... AA17: =AA14/AA15 -> 0.34288058
A19: subcontractors work profit/loss | B19: =B20-B21 -> 6716.7517 | D19: =D20-D21 -> 3545 | H19: =H20-H21 -> 21725.13 | L19: =L20-L21 -> 8629.475 | M19: =M20-M21 -> 2900.8 | N19: =N20-N21 -> 0 | O19: =O20-O21 -> 0 | P19: =P20-P21 -> 2327.54 | Q19: =Q20-Q21 -> 3849.05 | S19: =S20-S21 -> -2264.48 | T19: =T20-T21 -> 81008.23
A20: subcontractors budget | B20: =FUR!AA26 -> 28448.8 | D20: =SAR!Y26 -> 17743 | H20: =OFF!AC25 -> 42998.72 | L20: =NEU!AA26 -> 15307.24 | M20: =ARN!Y26 -> 15394.08 | N20: =MEM!Y26 -> 0 | O20: =HAL!Y26 -> 0 | P20: =OLD!AA25 -> 5865.47 | Q20: =DOR!AA25 -> 9555 | S20: =AUH!Y25 -> 4794 | T20: =BOCH!Y26 -> 210898.37 | V20: =SIE!Y25 -> 0 | W20: =AMB!Y25 -> 0 | X20: =CHA!AA25 -> 0 | Y20: ='TAL2'!Y25 -> 0 | Z20: =SIEC!Y25 -> 0 | AA20: ='FAL (2)'!AA25 -> 0
B21: =FUR!AA27 -> 21732.048 | D21: =SAR!Y27 -> 14198 | H21: =OFF!AC26 -> 21273.59 | L21: =NEU!AA27 -> 6677.765 | M21: =ARN!Y27 -> 12493.28 | N21: =MEM!Y27 -> 0 | O21: =HAL!Y27 -> 0 | P21: =OLD!AA26 -> 3537.93 | Q21: =DOR!AA26 -> 5705.95 | S21: =AUH!Y26 -> 7058.48 | T21: =BOCH!Y27 -> 129890.14 | U21: ='BER2'!Y26 -> 0 | V21: =SIE!Y26 -> 0 | W21: =AMB!Y26 -> 0 | X21: =CHA!AA26 -> 0 | Y21: ='TAL2'!Y26 -> 0 | Z21: =SIEC!Y26 -> 0 | AA21: ='FAL (2)'!AA26 -> 0
B22: =B19/B20 -> 0.23609965 | D22: =D19/D20 -> 0.1997971 | H22: =H19/H20 -> 0.50525062 | L22: =L19/L20 -> 0.56375121 | M22: =M19/M20 -> 0.18843607 | P22: =P19/P20 -> 0.39682072 | Q22: =Q19/Q20 -> 0.40283098 | S22: =S19/S20 -> -0.47235711 | T22: =T19/T20 -> 0.38411027 | U22: =U19/U20 -> #DIV/0! | V22: =V19/V20 -> #DIV/0! | W22: =W19/W20 -> #DIV/0! | X22: =X19/X20 -> #DIV/0! | Y22: =Y19/Y20 -> #DIV/0! | Z22: =Z19/Z20 -> #DIV/0! | AA22: =AA19/AA20 -> #DIV/0!

Sheet Profit 
A1: Object | B1: contract amount | C1: additional works | D1: object total | E1: Profit (%) | F1: Project manager
A2: ='SAR2'!A1 -> SAR2 | B2: ='SAR2'!Y10 -> 22136.76 | C2: ='SAR2'!Y11 -> 8413.05 | D2: =C2+B2 -> 30549.81 | E2: ='SAR2'!H17 -> 0.52116228 | F2: Matīss | G2: =D2*E2 -> 15921.409
A3: =BER!A1 -> BER | B3: =BER!Y10 -> 75388.43 | C3: =BER!Y11 -> 11625 | D3: =C3+B3 -> 87013.43 | E3: =BER!H17 -> 0.47628973 | F3: Alexander | G3: =D3*E3 -> 41443.603
A4: =DOR!A1 -> DOR | B4: =DOR!AA10 -> 75736.12 | C4: =DOR!AA11 -> 5069.4 | D4: =C4+B4 -> 80805.52 | E4: =DOR!J17 -> 0.46619797 | F4: Alexander | G4: =D4*E4 -> 37671.369
A5: =AMB!A1 -> AMB | B5: =AMB!G4 -> 70300.13 | D5: =C5+B5 -> 70300.13 | E5: =AMB!H17 -> 0.45402221 | F5: Mauro | G5: =D5*E5 -> 31917.82
A6: =ANT!A1 -> ANT | B6: =ANT!AA10 -> 55889.96 | C6: =ANT!AA11 -> 0 | D6: =C6+B6 -> 55889.96 | E6: =ANT!J18 -> 0.42193976 | F6: Jānis | G6: =D6*E6 -> 23582.196
A7: ='MUN2'!A1 -> MUN2 | B7: ='MUN2'!AA10 -> 175887.1 | C7: ='MUN2'!AA11 -> 13076.46 | D7: =C7+B7 -> 188963.56 | E7: ='MUN2'!J18 -> 0.39103871 | F7: Alexander | G7: =D7*E7 -> 73892.066
A8: =MAL!A1 -> MAL | B8: =MAL!Y10 -> 71337.13 | C8: =MAL!Y11 -> 4528.76 | D8: =C8+B8 -> 75865.89 | E8: =MAL!H18 -> 0.38044981 | F8: Alexander | G8: =D8*E8 -> 28863.164
A9: =FAL!A1 -> FAL | B9: =FAL!AA10 -> 75100.2 | C9: =FAL!AA11 -> 5153.47 | D9: =C9+B9 -> 80253.67 | E9: =FAL!J17 -> 0.35928719 | F9: Māris, Mauro | G9: =D9*E9 -> 28834.116
A10: =SIEC!A1 -> SIEC | B10: =SIEC!Y10 -> 79000 | C10: =SIEC!Y11 -> 3261.75 | D10: =C10+B10 -> 82261.75 | E10: =SIEC!H17 -> 0.35067917 | F10: Mauro | G10: =D10*E10 -> 28847.482
A11: =TAL!A1 -> TAL | B11: =TAL!Y10 -> 16500 | C11: =TAL!Y11 -> 0 | D11: =C11+B11 -> 16500 | E11: =TAL!H17 -> 0.34482782 | F11: Matīss | G11: =D11*E11 -> 5689.659
A12: =FUR!A1 -> FUR | B12: =FUR!AA10 -> 162000 | C12: =FUR!AA11 -> 6555 | D12: =C12+B12 -> 168555 | E12: =FUR!J18 -> 0.33267714 | F12: Jānis | G12: =D12*E12 -> 56074.396
A13: ='FAL (2)'!A1 -> FAL2 | B13: ='FAL (2)'!C4 -> 18614.6 | C13: ='27'!Y11 -> 0 | D13: =C13+B13 -> 18614.6 | E13: ='FAL (2)'!J17 -> 0.32568978 | F13: Alexander | G13: =D13*E13 -> 6062.5849
A14: =ARN!A1 -> ARN | B14: =ARN!Y10 -> 60000 | C14: =ARN!Y11 -> 5603.51 | D14: =C14+B14 -> 65603.51 | E14: =ARN!H18 -> 0.31821468 | F14: Alexander | G14: =D14*E14 -> 20876
A15: ='BER2'!A1 -> BER2 | B15: ='BER2'!Y10 -> 405955.87 | C15: ='BER2'!Y11 -> 1600 | D15: =C15+B15 -> 407555.87 | E15: ='BER2'!H17 -> 0.31451083 | F15: Alens | G15: =D15*E15 -> 128180.73
A16: =AUH!A1 -> AUH | B16: =AUH!Y10 -> 86000 | C16: =AUH!Y11 -> 1600 | D16: =C16+B16 -> 87600 | E16: =AUH!H17 -> 0.30575781 | F16: Mauro, Edgars | G16: =D16*E16 -> 26784.384
A17: =NEU!A1 -> NEU | B17: =NEU!AA10 -> 71273.73 | C17: =NEU!AA11 -> 800 | D17: =C17+B17 -> 72073.73 | E17: =NEU!J18 -> 0.28825446 | F17: Edgars | G17: =D17*E17 -> 20775.574
A18: =SIE!A1 -> SIE | B18: =SIE!Y10 -> 14005.39 | C18: =SIE!Y11 -> 0 | D18: =C18+B18 -> 14005.39 | E18: =SIE!H17 -> 0.27540369 | F18: Mauro | G18: =D18*E18 -> 3857.136
A19: =OFF!A1 -> OFF | B19: =OFF!AC10 -> 158000 | C19: =OFF!AC11 -> 24166.3 | D19: =C19+B19 -> 182166.3 | E19: =OFF!L17 -> 0.26579843 | F19: Matīss | G19: =D19*E19 -> 48419.516
A20: =HAL!A1 -> HAL | B20: =HAL!Y10 -> 63000 | C20: =HAL!Y11 -> 10297.39 | D20: =C20+B20 -> 73297.39 | E20: =HAL!H18 -> 0.15042344 | F20: Mauro | G20: =D20*E20 -> 11025.646
A21: =SAR!A1 -> SAR | B21: =SAR!Y10 -> 64000 | C21: =SAR!Y11 -> 17621.74 | D21: =C21+B21 -> 81621.74 | E21: =SAR!H18 -> 0.1351856 | F21: Matīss | G21: =D21*E21 -> 11034.084
A22: =BOCH!A1 -> BOCH | B22: =BOCH!Y10 -> 225634 | C22: =BOCH!Y11 -> 25481.18 | D22: =C22+B22 -> 251115.18 | E22: =BOCH!H18 -> 0.11103523 | F22: Māris | G22: =D22*E22 -> 27882.631
A23: =OLD!A1 -> OLD | B23: =OLD!AA10 -> 38521.98 | C23: =OLD!AA11 -> 2431.44 | D23: =C23+B23 -> 40953.42 | E23: =OLD!J17 -> 0.10898887 | F23: Alexander | G23: =D23*E23 -> 4463.4668
A24: ='TAL2'!A1 -> TAL2 | B24: ='TAL2'!Y10 -> 94138.97 | C24: ='TAL2'!Y11 -> 26296.98 | D24: =C24+B24 -> 120435.95 | E24: ='TAL2'!H17 -> 0.10679869 | F24: Aleksandrs L., Jānis E. | G24: =D24*E24 -> 12862.401
A25: =CHA!A1 -> CHA | B25: =CHA!AA10 -> 67542.6 | C25: =CHA!AA11 -> 18742.6 | D25: =C25+B25 -> 86285.2 | E25: =CHA!J17 -> 0.062170191 | F25: Alexander | G25: =D25*E25 -> 5364.3674
A26: =SW!A1 -> SW | B26: =SW!Y10 -> 5650 | C26: =SW!Y11 -> 0 | D26: =C26+B26 -> 5650 | E26: =SW!H17 -> -0.03004318 | F26: Alexander | G26: =D26*E26 -> -169.74397
A27: =MEM!A1 -> MEM | B27: =MEM!Y10 -> 7000 | C27: =MEM!Y11 -> 0 | D27: =C27+B27 -> 7000 | E27: =MEM!H18 -> -0.27870181 | F27: Edgars | G27: =D27*E27 -> -1950.9127
G28: =SUM(G2:G27) -> 698205.15

Sheet 29
A2: Object costs | J2: KPI
C3: Novembris | E3: Decembris | G3: Total | J3: Object address | K3: execution of contract | X3: execution of the contract | AA3: Object address | AB3: worked hours
A4: Objekta ieņēmumi kopā | B4: Budget total | C4: =G4/5*4 -> 0 | E4: =G4/5+Y11 -> 0 | G4: =Y10+Y11 -> 0 | H4: =AM6 -> 0 | J4: Time shedule, weeks | K4: 31/10-6/11 | L4: 7/11-13/11 | M4: 14/11-20/11 | N4: 21/11-27/11 | O4: 28/11/-05/12 | V4: total | X4: planned | Y4: =V6 -> 1 | AA4: Time shedule, weeks | AB4: 31/10-6/11 | AC4: 7/11-13/11 | AD4: 14/11-20/11 | AE4: 21/11-27/11 | AF4: 28/11/-05/12 | AM4: total
A5: Objekta tiešie izdevumi | B5: Direct costs | C5: =C6+C7+C8+C9+C10+C11+C13+C14+C16+C15+C12 -> 0 | E5: =E6+E7+E8+E9+E10+E11+E13+E14+E16+E15+E12 -> 0 | G5: =G6+G7+G8+G9+G10+G11+G13+G14+G16+G15+G12 -> 0 | H5: =AM7 -> 0 | K5: 1 | L5: 2 | M5: 3 | N5: 4 | O5: 5 | P5: 6 | Q5: 7 | R5: 8 | S5: 9 | T5: 10 | X5: in fact | Y5: =N7+V8 -> #DIV/0! | AB5: 1 | AC5: 2 | AD5: 3 | AE5: 4 | AF5: 5 | AG5: 6 | AH5: 7 | AI5: 8 | AJ5: 9 | AK5: 10 | AL5: 11
A6: materiālu un aprīkojuma iegāde | B6: materials and equipment | D6: =C6+C7+C8 -> 0 | F6: =E6+E7+E8 -> 0 | G6: =C6+E6 -> 0 | H6: =G6+G7+G8 -> 0 | K6: 0.2 | L6: 0.4 | M6: 0.6 | N6: 0.8 | O6: 1 | V6: =O6 -> 1 | X6: hours per m2 | AB6: =AM6/6 -> 0 | AC6: =AB6 -> 0 | AD6: =AB6 -> 0 | AE6: =AD6 -> 0 | AF6: =AE6 -> 0 | AG6: =AF6 -> 0
A7: materiālu piegādes izdevumi | B7: delivery | G7: =C7+E7 -> 0 | V7: =O7 -> 0 | X7: planned | Y7: =AM6/Y13 -> #DIV/0! | AM7: =AB7+AC7+AD7+AE7+AF7+AG7+AL7+AH7+AI7+AJ7+AK7 -> 0
A8: apakšuzņēmēji | B8: subcontractors | G8: =C8+E8 -> 0 | O8: =Y11/Y10 -> #DIV/0! | V8: =SUM(K8:U8) -> #DIV/0! | X8: in fact | Y8: =AM7/Y13 -> #DIV/0!
A9: darba algas | B9: salaries | D9: =C9+C10+C11+C13+C12 -> 0 | F9: =E9+E10+E11+E13+E12 -> 0 | G9: =C9+E9 -> 0 | H9: =G9+G10+G11+G13+G12 -> 0
A10: DD VSAOI | B10: tax for salaries | C10: =C9*0.2359 -> 0 | E10: =E9*0.2359 -> 0 | G10: =C10+E10 -> 0 | X10: Contract amount EUR
A11: uzkrājums atvaļinājumam | B11: vacation allowance | C11: =(C9+C10)*0.08 -> 0 | E11: =(E9+E10)*0.08 -> 0 | G11: =C11+E11 -> 0 | X11: Additional works, EUR
A12: administratīvie izdevumi 7% | B12: administrative costs 7% | C12: =(C13+C11+C10+C9)*0.07 -> 0 | E12: =(E13+E11+E10+E9)*0.07 -> 0 | G12: =C12+E12 -> 0
A13: komandējuma dienas naudas | B13: travel allowance | G13: =C13+E13 -> 0 | X13: square m2
A14: komandējuma izdevumi- naktsmītne | B14: travel expenses (hotels) | D14: =C14+C16+C15 -> 0 | F14: =E14+E16+E15 -> 0 | G14: =C14+E14 -> 0 | H14: =G14+G16+G15 -> 0 | X14: object square | Y14: hours optimal/ m2
A15: komandējuma izdevumi- ceļš | B15: travel expenses ( tickets, road costs) | G15: =C15+E15 -> 0 | X15: m2<50 | Y15: 13
A16: citi izdevumi | B16: other expenses | G16: =C16+E16 -> 0 | X16: 50<m2<100 | Y16: 12
A17: peļņa bruto | B17: profit/ loss | C17: =C4-C5 -> 0 | D17: =C17/C4 -> #DIV/0! | E17: =E4-E5 -> 0 | F17: =E17/E4 -> #DIV/0! | G17: =G4-G5 -> 0 | H17: =G17/G4 -> #DIV/0!
J18: Object address | K18: materials and equipments costs | X18: materials and equipment costs | AA18: Object address | AB18: travel and living costs
A19: Direct costs | B19: % | J19: Time shedule, weeks | K19: 31/10-6/11 | L19: 7/11-13/11 | M19: 14/11-20/11 | N19: 21/11-27/11 | O19: 28/11/-05/12 | V19: total | X19: planned | AA19: Time shedule, weeks | AB19: 31/10-6/11 | AC19: 7/11-13/11 | AD19: 14/11-20/11 | AE19: 21/11-27/11 | AF19: 28/11/-05/12 | AM19: total
A20: Materials, incl.delivery, and subcontractors | B20: =H6/G5*100 -> #DIV/0! | K20: 1 | L20: 2 | M20: 3 | N20: 4 | O20: 5 | P20: 6 | Q20: 7 | R20: 8 | S20: 9 | T20: 10 | X20: in fact | Y20: =V22 -> 0 | AB20: 1 | AC20: 2 | AD20: 3 | AE20: 4 | AF20: 5 | AG20: 6 | AH20: 7 | AI20: 8 | AJ20: 9 | AK20: 10 | AL20: 11
A21: Salaries and taxes | B21: =H9/G5*100 -> #DIV/0! | K21: =V21/5 -> 0 | L21: =K21 -> 0 | M21: =K21 -> 0 | N21: =M21 -> 0 | O21: =N21 -> 0 | V21: =Y19 -> 0 | X21: travel and living costs | AB21: =AM21/5 -> 0 | AC21: =AB21 -> 0 | AD21: =AB21 -> 0 | AE21: =AD21 -> 0 | AF21: =AE21 -> 0 | AM21: =Y22 -> 0
A22: Other costs | B22: =H14/G5*100 -> #DIV/0! | V22: =K22+L22+M22+N22+O22+P22+U22+Q22+R22+S22+T22 -> 0 | X22: planned | AM22: =AB22+AC22+AD22+AE22+AF22+AG22+AL22+AH22+AI22+AJ22+AK22 -> 0
X23: in fact | Y23: =AM22 -> 0
X25: Subcontractors budget, EUR
X26: Payments to subcontractor, EUR
X30: date of report
C41: =822*14.2 -> 11672.4 | D41: =C41-E13 -> 11672.4 | E41: =D41*1.42 -> 16574.808
C42: =13.3*1412 -> 18779.6 | D42: =C42-C13 -> 18779.6 | E42: =D42*1.42 -> 26667.032
D46: CALZ | E46: INT | F46: TOTAL | G46: INT | H46: total
C47: contract | D47: 74000 | E47: 65224.74 | F47: =E47+D47 -> 139224.74 | G47: 76000 | H47: =G47+D47 -> 150000
C48: 0.3 | D48: =ROUND(D47*0.3,2) -> 22200 | E48: =ROUND(E47*0.3,2) -> 19567.42 | F48: =ROUND(F47*0.3,2) -> 41767.42 | G48: =ROUND(G47*0.3,2) -> 22800 | H48: =G48+D48 -> 45000
C49: 0.7 | D49: =ROUND(D47*0.7,2) -> 51800 | E49: =ROUND(E47*0.7,2) -> 45657.32 | F49: =ROUND(F47*0.7,2) -> 97457.32 | G49: =ROUND(G47*0.7,2) -> 53200 | H49: =G49+D49 -> 105000
E50: =E48 -> 19567.42 | F50: =F48 -> 41767.42

Sheet 28
B1: Levi's Outlet Berlin Wustermark Alter Spandauer Weg 1 14641 Wustermark Germany 27/10/2023-02/12/2023
A2: Object costs | J2: KPI
G3: Total | J3: Object address | K3: execution of contract | X3: execution of the contract | AA3: Object address | AB3: worked hours
A4: Objekta ieņēmumi kopā | B4: Budget total | C4: =G4 -> 364465.27 | G4: =Y10+Y11 -> 364465.27 | H4: =AM6 -> 0 | J4: Time shedule, weeks | K4: 27/10-05/11 | L4: 06/11-12/11 | M4: 13/11-19/11 | N4: 20/11-25/11 | O4: 26/11-2/12 | V4: total | X4: planned | Y4: =N6 -> 0.8 | AA4: Time shedule, weeks | AB4: 27/10-05/11 | AC4: 06/11-12/11 | AD4: 13/11-19/11 | AE4: 20/11-25/11 | AF4: 26/11-2/12 | AM4: total
A5: Objekta tiešie izdevumi | B5: Direct costs | C5: =C6+C7+C8+C9+C10+C11+C13+C14+C16+C15+C12 -> 0 | E5: =E6+E7+E8+E9+E10+E11+E13+E14+E16+E15+E12 -> 0 | G5: =G6+G7+G8+G9+G10+G11+G13+G14+G16+G15+G12 -> 0 | H5: =AM7 -> 0 | K5: 1 | L5: 2 | M5: 3 | N5: 4 | O5: 5 | P5: 6 | Q5: 7 | R5: 8 | S5: 9 | T5: 10 | X5: in fact | Y5: =N7+V8 -> 0 | AB5: 1 | AC5: 2 | AD5: 3 | AE5: 4 | AF5: 5 | AG5: 6 | AH5: 7 | AI5: 8 | AJ5: 9 | AK5: 10 | AL5: 11
A6: materiālu un aprīkojuma iegāde | B6: materials and equipment | D6: =C6+C7+C8 -> 0 | F6: =E6+E7+E8 -> 0 | G6: =C6+E6 -> 0 | H6: =G6+G7+G8 -> 0 | K6: 0.2 | L6: 0.4 | M6: 0.6 | N6: 0.8 | O6: 1 | V6: =O6 -> 1 | X6: hours per m2 | AB6: =AM6/6 -> 0 | AC6: =AB6 -> 0 | AD6: =AB6 -> 0 | AE6: =AD6 -> 0 | AF6: =AE6 -> 0 | AG6: =AF6 -> 0
A7: materiālu piegādes izdevumi | B7: delivery | G7: =C7+E7 -> 0 | V7: =O7 -> 0 | X7: planned | Y7: =AM6/Y13 -> #DIV/0! | AM7: =AB7+AC7+AD7+AE7+AF7+AG7+AL7+AH7+AI7+AJ7+AK7 -> 0
A8: apakšuzņēmēji | B8: subcontractors | G8: =C8+E8 -> 0 | V8: =SUM(K8:U8) -> 0 | X8: in fact | Y8: =AM7/Y13 -> #DIV/0!
A9: darba algas | B9: salaries | D9: =C9+C10+C11+C13+C12 -> 0 | F9: =E9+E10+E11+E13+E12 -> 0 | G9: =C9+E9 -> 0 | H9: =G9+G10+G11+G13+G12 -> 0
A10: DD VSAOI | B10: tax for salaries | C10: =C9*0.2359 -> 0 | E10: =E9*0.2359 -> 0 | G10: =C10+E10 -> 0 | X10: Contract amount EUR | Y10: 364465.27
A11: uzkrājums atvaļinājumam | B11: vacation allowance | C11: =(C9+C10)*0.08 -> 0 | E11: =(E9+E10)*0.08 -> 0 | G11: =C11+E11 -> 0 | X11: Additional works, EUR
A12: administratīvie izdevumi 7% | B12: administrative costs 7% | C12: =(C13+C11+C10+C9)*0.07 -> 0 | E12: =(E13+E11+E10+E9)*0.07 -> 0 | G12: =C12+E12 -> 0
A13: komandējuma dienas naudas | B13: travel allowance | G13: =C13+E13 -> 0 | X13: square m2
A14: komandējuma izdevumi- naktsmītne | B14: travel expenses (hotels) | D14: =C14+C16+C15 -> 0 | F14: =E14+E16+E15 -> 0 | G14: =C14+E14 -> 0 | H14: =G14+G16+G15 -> 0 | X14: object square | Y14: hours optimal/ m2
A15: komandējuma izdevumi- ceļš | B15: travel expenses ( tickets, road costs) | G15: =C15+E15 -> 0 | X15: m2<50 | Y15: 13
A16: citi izdevumi | B16: other expenses | G16: =C16+E16 -> 0 | X16: 50<m2<100 | Y16: 12
A17: peļņa bruto | B17: profit/ loss | C17: =C4-C5 -> 364465.27 | D17: =C17/C4 -> 1 | E17: =E4-E5 -> 0 | F17: =E17/E4 -> #DIV/0! | G17: =G4-G5 -> 364465.27 | H17: =G17/G4 -> 1
J18: Object address | K18: materials and equipments costs | X18: materials and equipment costs | AA18: Object address | AB18: travel and living costs
A19: Direct costs | B19: % | J19: Time shedule, weeks | K19: 27/10-05/11 | L19: 06/11-12/11 | M19: 13/11-19/11 | N19: 20/11-25/11 | O19: 26/11-2/12 | V19: total | X19: planned | AA19: Time shedule, weeks | AB19: 27/10-05/11 | AC19: 06/11-12/11 | AD19: 13/11-19/11 | AE19: 20/11-25/11 | AF19: 26/11-2/12 | AM19: total
A20: Materials, incl.delivery, and subcontractors | B20: =H6/G5*100 -> #DIV/0! | K20: 1 | L20: 2 | M20: 3 | N20: 4 | O20: 5 | P20: 6 | Q20: 7 | R20: 8 | S20: 9 | T20: 10 | X20: in fact | Y20: =V22 -> 0 | AB20: 1 | AC20: 2 | AD20: 3 | AE20: 4 | AF20: 5 | AG20: 6 | AH20: 7 | AI20: 8 | AJ20: 9 | AK20: 10 | AL20: 11
A21: Salaries and taxes | B21: =H9/G5*100 -> #DIV/0! | K21: =V21/5 -> 0 | L21: =K21 -> 0 | M21: =K21 -> 0 | N21: =M21 -> 0 | O21: =N21 -> 0 | V21: =Y19 -> 0 | X21: travel and living costs | AB21: =AM21/5 -> 0 | AC21: =AB21 -> 0 | AD21: =AB21 -> 0 | AE21: =AD21 -> 0 | AF21: =AE21 -> 0 | AM21: =Y22 -> 0
A22: Other costs | B22: =H14/G5*100 -> #DIV/0! | V22: =K22+L22+M22+N22+O22+P22+U22+Q22+R22+S22+T22 -> 0 | X22: planned | AM22: =AB22+AC22+AD22+AE22+AF22+AG22+AL22+AH22+AI22+AJ22+AK22 -> 0
X23: in fact | Y23: =AM22 -> 0
X25: Subcontractors budget, EUR
X26: Payments to subcontractor, EUR
X30: date of report
D46: CALZ | E46: INT | F46: TOTAL
C47: contract, SEK | D47: 32590.97 | E47: 65224.74 | F47: =E47+D47 -> 97815.71
C48: 0.3 | D48: =ROUND(D47*0.3,2) -> 9777.29 | E48: =ROUND(E47*0.3,2) -> 19567.42 | F48: =E48+D48 -> 29344.71
C49: 0.4 | D49: =ROUND(D47*0.4,2) -> 13036.39 | E49: =ROUND(E47*0.4,2) -> 26089.9 | F49: =E49+D49 -> 39126.29
C50: 0.3 | D50: =D48 -> 9777.29 | E50: =E48 -> 19567.42 | F50: =F48 -> 29344.71
A52: BuildUp invoices 10/2022
A53: optimera | B53: 9810899 | C53: =18942.67+995 -> 19937.67
B54: 54846415 | C54: 23771.54
B55: 54949441 | C55: 88.18
B56: 54949433 | C56: 423.64
B57: 54865126 | C57: 2827.29
B58: Total SEK | C58: =SUM(C53:C57) -> 47048.32
B59: Total EUR | C59: =C58*0.09 -> 4234.3488
A61: BuildUp invoices 11/2022
A62: optimera | B62: 55160170 | C62: 3492.98
B63: 55145551 | C63: 1256.02
B64: 55145544 | C64: 769.6
B65: 55129308 | C65: 5469.82
B66: 55309603 | C66: 5055.66
B67: 55504898 | C67: 1619.72
B68: 55252290 | C68: 506.34
B69: 55268189 | C69: 3765.85
B70: 55537336 | C70: 892.88
B71: 55554422 | C71: 721.22
B72: 55626949 | C72: 539.45
B73: 55626931 | C73: 877.68
B74: 55554414 | C74: 588.84
B75: 55537328 | C75: 3238.31
A76: City Glas | B76: 20122159 | C76: 9750
A78: Cramo | B78: 10834637 | C78: 999
B79: 10854596 | C79: 488
B80: Total SEK | C80: =SUM(C62:C79) -> 40031.37
B81: Total EUR | C81: =C80*0.09 -> 3602.8233

Sheet 27
A2: Object costs | J2: KPI
G3: Total | J3: Object address | K3: execution of contract | X3: execution of the contract | AA3: Object address | AB3: worked hours
A4: Objekta ieņēmumi kopā | B4: Budget total | C4: =Y10/2 -> 0 | E4: =C4 -> 0 | G4: =C4+E4+Y11 -> 0 | H4: =D4+F4 -> 0 | J4: Time shedule, weeks | V4: total | X4: planned | Y4: =N6 -> 1 | AA4: Time shedule, weeks | AM4: total
A5: Objekta tiešie izdevumi | B5: Direct costs | C5: =C6+C7+C8+C9+C10+C11+C13+C14+C16+C15+C12 -> 0 | E5: =E6+E7+E8+E9+E10+E11+E13+E14+E16+E15+E12 -> 0 | G5: =G6+G7+G8+G9+G10+G11+G13+G14+G16+G15+G12+G17 -> 0 | K5: 1 | L5: 2 | M5: 3 | N5: 4 | O5: 5 | P5: 6 | X5: in fact | Y5: =V7+V8 -> #DIV/0! | AB5: 1 | AC5: 2 | AD5: 3 | AE5: 4 | AF5: 5 | AG5: 6 | AH5: 7 | AI5: 8 | AJ5: 9 | AK5: 10 | AL5: 11
A6: materiālu un aprīkojuma iegāde | B6: materials and equipment | D6: =C6+C7+C8 -> 0 | F6: =E6+E7+E8 -> 0 | G6: =C6+E6 -> 0 | H6: =G6+G7+G8 -> 0 | K6: 0.25 | L6: 0.5 | M6: 0.75 | N6: 1 | V6: =N6 -> 1 | X6: hours per m2 | AB6: =AM6/4 -> 0 | AC6: =AB6 -> 0 | AD6: =AB6 -> 0 | AE6: =AD6 -> 0
A7: materiālu piegādes izdevumi | B7: delivery | G7: =C7+E7 -> 0 | V7: =P7 -> 0 | X7: planned | Y7: =AM6/Y13 -> #DIV/0! | AM7: =AB7+AC7+AD7+AE7+AF7+AG7+AL7+AH7+AI7+AJ7+AK7 -> 0
A8: apakšuzņēmēji | B8: subcontractors | G8: =C8+E8 -> 0 | P8: =Y11/Y10 -> #DIV/0! | V8: =P8 -> #DIV/0! | X8: in fact | Y8: =AM7/Y13 -> #DIV/0!
A9: darba algas | B9: salaries | D9: =C9+C10+C11+C13+C12 -> 0 | F9: =E9+E10+E11+E13+E12 -> 0 | G9: =C9+E9 -> 0 | H9: =G9+G10+G11+G13+G12 -> 0
A10: DD VSAOI | B10: tax for salaries | C10: =C9*0.2359 -> 0 | E10: =E9*0.2359 -> 0 | G10: =C10+E10 -> 0 | X10: Contract amount EUR
A11: uzkrājums atvaļinājumam | B11: vacation allowance | C11: =(C9+C10)*0.08 -> 0 | E11: =(E9+E10)*0.08 -> 0 | G11: =C11+E11 -> 0 | X11: Additional works, EUR
A12: administratīvie izdevumi 7% | B12: administrative costs 7% | C12: =(C13+C11+C10+C9)*0.07 -> 0 | E12: =(E13+E11+E10+E9)*0.07 -> 0 | G12: =C12+E12 -> 0
A13: komandējuma dienas naudas | B13: travel allowance | G13: =C13+E13 -> 0 | X13: square m2
A14: komandējuma izdevumi- naktsmītne | B14: travel expenses (hotels) | D14: =C14+C16+C15 -> 0 | F14: =E14+E16+E15 -> 0 | G14: =C14+E14 -> 0 | H14: =G14+G16+G15+G17 -> 0 | X14: object square | Y14: hours optimal/ m2
A15: komandējuma izdevumi- ceļš | B15: travel expenses ( tickets, road costs) | G15: =C15+E15 -> 0 | X15: m2<50 | Y15: 13
A16: citi izdevumi | B16: other expenses | G16: =C16+E16 -> 0 | X16: 50<m2<100 | Y16: 12
A18: peļņa bruto | B18: profit/ loss | C18: =C4-C5 -> 0 | D18: =C18/C4 -> #DIV/0! | E18: =E4-E5 -> 0 | F18: =E18/E4 -> #DIV/0! | G18: =G4-G5 -> 0 | H18: =G18/G4 -> #DIV/0!
J19: Object address | K19: materials and equipments costs | X19: materials and equipment costs | AA19: Object address | AB19: travel and living costs
A20: Direct costs | B20: % | J20: Time shedule, weeks | V20: total | X20: planned | AA20: Time shedule, weeks | AM20: total
A21: Materials, incl.delivery, and subcontractors | B21: =H6/G5*100 -> #DIV/0! | K21: 1 | L21: 2 | M21: 3 | N21: 4 | O21: 5 | P21: 6 | X21: in fact | Y21: =V23 -> 0 | AB21: 1 | AC21: 2 | AD21: 3 | AE21: 4 | AF21: 5 | AG21: 6 | AH21: 7 | AI21: 8 | AJ21: 9 | AK21: 10 | AL21: 11
A22: Salaries and taxes | B22: =H9/G5*100 -> #DIV/0! | K22: =V22/4 -> 0 | L22: =K22 -> 0 | M22: =K22 -> 0 | N22: =M22 -> 0 | V22: =Y20 -> 0 | X22: travel and living costs | AB22: =AM22/4 -> 0 | AC22: =AB22 -> 0 | AD22: =AC22 -> 0 | AE22: =AD22 -> 0 | AM22: =Y23 -> 0
A23: Other costs | B23: =H14/G5*100 -> #DIV/0! | V23: =K23+L23+M23+N23+O23+P23+U23+Q23+R23+S23+T23 -> 0 | X23: planned | AM23: =AB23+AC23+AD23+AE23+AF23+AG23+AL23+AH23+AI23+AJ23+AK23 -> 0
X24: in fact | Y24: =AM23 -> 0
X26: Subcontractors budget, EUR
X27: Payments to subcontractor, EUR
X31: date of report
A36: Līgums | B36: 0.3 | C36: 0.6 | D36: 0.1 | E36: kontrole
A37: 344777.91 | B37: =ROUND($A$37*0.3,2) -> 103433.37 | C37: =ROUND($A$37*0.6,2) -> 206866.75 | D37: =ROUND($A$37*0.1,2) -> 34477.79 | E37: =D37+C37+B37 -> 344777.91
A38: 377423.34 | B38: =ROUND($A$38*0.3,2) -> 113227 | C38: =ROUND($A$38*0.6,2) -> 226454 | D38: =ROUND($A$38*0.1,2) -> 37742.33 | E38: =D38+C38+B38 -> 377423.33
A39: 11.493 | B39: kurss 14/07
A40: =ROUND(A37/$A$39,2) -> 29998.95 | B40: =ROUND(B37/$A$39,2) -> 8999.68 | C40: =ROUND(C37/$A$39,2) -> 17999.37 | D40: =ROUND(D37/$A$39,2) -> 2999.89 | E40: =SUM(B40:D40) -> 29998.94
A41: =ROUND(A38/$A$39,2) -> 32839.41 | B41: =ROUND(B38/$A$39,2) -> 9851.82 | C41: =ROUND(C38/$A$39,2) -> 19703.65 | D41: =ROUND(D38/$A$39,2) -> 3283.94 | E41: =SUM(B41:D41) -> 32839.41
A42: Kurss Māra aprēķinos
A43: 11.62
A44: =ROUND((A37+A38)/A43,2) -> 62151.57
A45: =A40+A41-A44 -> 686.79

Sheet FAL (2)
A1: FAL2 | B1: Falconeri and Calzedonia, Stockholm, Wastermalm, Sweden 29/11/2023-15/12/2023
A2: Object costs | L2: KPI
C3: Novembris/decembris | I3: Total | L3: Object address | M3: execution of contract | Z3: execution of the contract | AC3: Object address | AD3: worked hours
A4: Objekta ieņēmumi kopā | B4: Budget total | C4: =AA10 -> 18614.6 | E4: =AA11 -> 0 | I4: =AA10+AA11+G4 -> 18614.6 | J4: =D4+F4 -> 0 | L4: Time shedule, weeks | X4: total | Z4: planned | AA4: =X6 -> 1 | AC4: Time shedule, weeks | AD4: 29/11-03/12 | AE4: 04/12-10/12 | AF4: 11/12-17/12 | AO4: total
A5: Objekta tiešie izdevumi | B5: Direct costs | C5: =C6+C7+C8+C9+C10+C11+C13+C14+C16+C15+C12 -> 12552.015 | E5: =E6+E7+E8+E9+E10+E11+E13+E14+E16+E15+E12 -> 0 | G5: =G6+G7+G8+G9+G10+G11+G13+G14+G16+G15+G12 -> 0 | I5: =C5+E5+G5 -> 12552.015 | M5: 1 | N5: 2 | O5: 3 | P5: 4 | Q5: 5 | R5: 6 | Z5: in fact | AA5: 1 | AD5: 1 | AE5: 2 | AF5: 3 | AG5: 4 | AH5: 5 | AI5: 6 | AJ5: 7 | AK5: 8 | AL5: 9 | AM5: 10 | AN5: 11
A6: materiālu un aprīkojuma iegāde | B6: materials and equipment | C6: =370.78+120+548.78+176.87+42.21+86.52+147.78+71.49+32.09+39.33+74.4+70.19 -> 1780.44 | D6: =C6+C7+C8 -> 2100.44 | F6: =E6+E7+E8 -> 0 | H6: =G6+G7+G8 -> 0 | I6: =C6+E6+G6 -> 1780.44 | J6: =I6+I7+I8 -> 2100.44 | M6: 0.25 | N6: 0.5 | O6: 0.75 | P6: 1 | X6: =P6 -> 1 | Z6: hours per m2 | AD6: =AO6/4 -> 0 | AE6: =AD6 -> 0 | AF6: =AD6 -> 0 | AG6: =AD6 -> 0
A7: materiālu piegādes izdevumi | B7: delivery | I7: =C7+E7+G7 -> 0 | X7: =R7 -> 0 | Z7: planned | AA7: =AO6/AA13 -> #DIV/0! | AD7: =58.38+8.58+7.57+7.6 -> 82.13 | AE7: =10.4+26.88+3+25.95+4+14.9+21.43+3 -> 109.56 | AF7: =29.5+19.42+19.38+13 -> 81.3 | AO7: =AD7+AE7+AF7+AG7+AH7+AI7+AN7+AJ7+AK7+AL7+AM7 -> 272.99
A8: apakšuzņēmēji | B8: subcontractors | C8: =150+170 -> 320 | I8: =C8+E8+G8 -> 320 | R8: =AA11/AA10 -> 0 | X8: =SUM(M8:W8) -> 0 | Z8: in fact | AA8: =AO7/AA13 -> #DIV/0!
A9: darba algas | B9: salaries | C9: =((19.45*16+11.45*8+19.5*15+11.42*7.5+19.43*14+11.42*7+81.36*16+61.94*15+71.31*14)-C13)*1.42 -> 2999.1962 | D9: =C9+C10+C11+C13+C12 -> 7556.2651 | F9: =E9+E10+E11+E13+E12 -> 0 | H9: =G9+G10+G11+G13+G12 -> 0 | I9: =C9+E9+G9 -> 2999.1962 | J9: =I9+I10+I11+I13+I12 -> 7556.2651
A10: DD VSAOI | B10: tax for salaries | C10: =C9*0.2359 -> 707.51038 | G10: =G9*0.2359 -> 0 | I10: =C10+E10+G10 -> 707.51038 | Z10: Contract amount EUR | AA10: =7528.14+1576+9510.46 -> 18614.6
A11: uzkrājums atvaļinājumam | B11: vacation allowance | C11: =(C9+C10)*0.08 -> 296.53653 | G11: =(G9+G10)*0.08 -> 0 | I11: =C11+E11+G11 -> 296.53653 | Z11: Additional works, EUR
A12: administratīvie izdevumi 7% | B12: administrative costs 7% | C12: =(C4)*0.07 -> 1303.022 | I12: =C12+E12+G12 -> 1303.022
A13: komandējuma dienas naudas | B13: travel allowance | C13: =6*50+39*50 -> 2250 | I13: =C13+E13+G13 -> 2250 | Z13: square m2
A14: komandējuma izdevumi- naktsmītne | B14: travel expenses (hotels) | C14: =1080+180+180+90 -> 1530 | D14: =C14+C16+C15 -> 2895.31 | F14: =E14+E16+E15 -> 0 | H14: =G14+G16+G15 -> 0 | I14: =C14+E14+G14 -> 1530 | J14: =I14+I16+I15 -> 2895.31 | Z14: object square | AA14: hours optimal/ m2
A15: komandējuma izdevumi- ceļš | B15: travel expenses ( tickets, road costs) | C15: =500.97+589.8/2 -> 795.87 | I15: =C15+E15+G15 -> 795.87 | Z15: m2<50 | AA15: 13
A16: citi izdevumi | B16: other expenses | C16: =140.96+6.63*6+6.66+6.68*3+13.29+13.28+6.63+6.69+197.78+124.33 -> 569.44 | I16: =C16+E16+G16 -> 569.44 | Z16: 50<m2<100 | AA16: 12
A17: peļņa bruto | B17: profit/ loss | C17: =C4-C5 -> 6062.5849 | D17: =C17/C4 -> 0.32568978 | E17: =E4-E5 -> 0 | F17: =E17/E4 -> #DIV/0! | G17: =G4-G5 -> 0 | H17: =G17/G4 -> #DIV/0! | I17: =I4-I5 -> 6062.5849 | J17: =I17/I4 -> 0.32568978
L18: Object address | M18: materials and equipments costs | Z18: materials and equipment costs | AC18: Object address | AD18: travel and living costs
A19: Direct costs | B19: % | L19: Time shedule, weeks | X19: total | Z19: planned | AC19: Time shedule, weeks | AO19: total
A20: Materials, incl.delivery, and subcontractors | B20: =J6/I5*100 -> 16.733887 | M20: 1 | N20: 2 | O20: 3 | P20: 4 | Q20: 5 | R20: 6 | Z20: in fact | AA20: =I6 -> 1780.44 | AD20: 1 | AE20: 2 | AF20: 3 | AG20: 4 | AH20: 5 | AI20: 6 | AJ20: 7 | AK20: 8 | AL20: 9 | AM20: 10 | AN20: 11
A21: Salaries and taxes | B21: =J9/I5*100 -> 60.199618 | M21: =X21/4 -> 0 | N21: =M21 -> 0 | O21: =M21 -> 0 | P21: =M21 -> 0 | X21: =AA19 -> 0 | Z21: travel and living costs | AD21: =AO21/5 -> 0 | AE21: =AD21 -> 0 | AF21: =AD21 -> 0 | AG21: =AD21 -> 0 | AO21: =AA22 -> 0
A22: Other costs | B22: =J14/I5*100 -> 23.066495 | X22: =Q22+P22+O22+N22+M22 -> 0 | Z22: planned | AD22: 2030.97 | AO22: =AD22+AE22+AF22+AG22+AH22+AI22+AN22+AJ22+AK22+AL22+AM22 -> 2030.97
Z23: in fact | AA23: =AO22 -> 2030.97 | AE23: ]
Z25: Subcontractors budget, EUR
Z26: Payments to subcontractor, EUR
Z30: date of report
Z31: 45330
A36: Optimera | B36: 65419624 | C36: 540.76

Sheet BER2
A1: BER2 | B1: Levis Berlin, Alter Spandauer Weg 1 14641 Wustermark Germany, 30/11/2023-20/12/2023
A2: Object costs | J2: KPI
C3: Oktobris/ novembris | E3: Decembris | G3: Total | J3: Object address | K3: execution of contract | X3: execution of the contract | AA3: Object address | AB3: worked hours | AN3: =H9-G12 -> 52413.759
A4: Objekta ieņēmumi kopā | B4: Budget total | C4: =G4/3*2 -> 271703.91 | E4: =Y10/3 -> 135318.62 | G4: =Y10+Y11 -> 407555.87 | H4: =D4+F4 -> 0 | J4: Time shedule, weeks | K4: 27/10-05/11 | L4: 06/11-12/11 | M4: 13/11-19/11 | N4: 20/11-25/11 | O4: 26/11-2/12 | V4: total | X4: planned | Y4: 1 | AA4: Time shedule, weeks | AB4: 30/10-05/11 | AC4: 06/11-12/11 | AD4: 13/11-19/11 | AE4: 20/11-25/11 | AF4: 26/11-3/12 | AG4: 4/12-10/12 | AH4: 11/12-17/12 | AI4: 18/12-20/12 | AM4: total | AN4: =AN3/AM7 -> 18.191074
A5: Objekta tiešie izdevumi | B5: Direct costs | C5: =C6+C7+C8+C9+C10+C11+C13+C14+C16+C15+C12 -> 173492.43 | E5: =E6+E7+E8+E9+E10+E11+E13+E14+E16+E15+E12 -> 105882.7 | G5: =G6+G7+G8+G9+G10+G11+G13+G14+G16+G15+G12 -> 279375.14 | K5: 1 | L5: 2 | M5: 3 | N5: 4 | O5: 5 | P5: 6 | X5: in fact | Y5: =V7+V8 -> 0.0039413151 | AB5: 1 | AC5: 2 | AD5: 3 | AE5: 4 | AF5: 5 | AG5: 6 | AH5: 7 | AI5: 8 | AJ5: 9 | AK5: 10 | AL5: 11
A6: materiālu un aprīkojuma iegāde | B6: materials and equipment | C6: =3211+1760.65+632.19*2+2785.85+2896.73-52.85-12.79*2-54.17+102.58+4913.44-95.84+6513.46+10404.2+41.13+43.75+17.45+4117.49-71.37+65.5+1.45+64.95-35+39.41+58+25.35+16.7+32.75+37.95+1819.94+890.3-135.4+44.2+143.6+26.2+48.6+9.29+3.75+12.95+30.5+15.9+29.5+8.35+13.5+22.45+53+60.2+13.7+421.54+298.43+17.95+14.2+41.85+40.8+44.45+173.74+76.4+51.75+913.33+65.25+103.9+187+40.15+7.6+60.15+221.2+82.45+7.95+18.95+55.25+54.75+98+23.22+67+26.7+6.95+87.38 -> 44498.18 | D6: =C6+C7+C8 -> 98904.38 | E6: =94.46+202+8977.15+146.21-329.06+63.95+23.82+63.9+9.8+49.7+113.05+2.95+9.94+7.4+93.65+24.7+26.84+44.69+165.1+115+40.8+69.55+8.2+1075.85+224.1+139.4+91.35+1134+160+1134+62.05+56.89+7.45+122.69+91.5+648.99+116.55+54.14+628.99+35.15+266.52+32.11 -> 16105.53 | F6: =E6+E7+E8 -> 74066.44 | G6: =C6+E6 -> 60603.71 | H6: =G6+G7+G8 -> 172970.82 | K6: 0.2 | L6: 0.4 | M6: 0.6 | N6: 0.8 | O6: 1 | V6: =O6 -> 1 | X6: hours per m2 | AB6: =AM6/8 -> 360.125 | AC6: =AB6 -> 360.125 | AD6: =AB6 -> 360.125 | AE6: =AB6 -> 360.125 | AF6: =AB6 -> 360.125 | AG6: =AB6 -> 360.125 | AH6: =AB6 -> 360.125 | AI6: =AB6 -> 360.125 | AM6: 2881
A7: materiālu piegādes izdevumi | B7: delivery | C7: =250+400 -> 650 | E7: =1900+930+550+980+350 -> 4710 | G7: =C7+E7 -> 5360 | V7: =N7 -> 0 | X7: planned | Y7: =AM6/Y13 -> 6.5477273 | AB7: =20.5+19+19+19+38.87+36.78+36.68+36.65 -> 226.48 | AC7: =47+57+60.35+57.55+57.87+47.8+57.6+58.03 -> 443.2 | AD7: =59+58+58.72+58.42+58.88+58.38+58.93+59.05 -> 469.38 | AE7: =59+59+60.2+59.05+60.15+59.15+60.32+7+52.73 -> 476.6 | AF7: =12+12+48.9+46.53+46.52+30.93+46.47+46.55+46.27+46.53 -> 382.7 | AG7: =538.57 -> 538.57 | AH7: 245.39 | AI7: 98.97 | AM7: =AB7+AC7+AD7+AE7+AF7+AG7+AL7+AH7+AI7+AJ7+AK7 -> 2881.29
A8: apakšuzņēmēji | B8: subcontractors | C8: =25666.2*2+523.8+1900 -> 53756.2 | E8: =553.6+4135+379.05+850+2952.15+3675+5703.6+3675+1300+16530.01+9240+2544.3+1713.2 -> 53250.91 | G8: =C8+E8 -> 107007.11 | L8: =Y11/Y10 -> 0.0039413151 | V8: =SUM(K8:U8) -> 0.0039413151 | X8: in fact | Y8: =AM7/Y13 -> 6.5483864
A9: darba algas | B9: salaries | C9: =((20.5*14+19*2*13+19*13.5+23043.33)-C13)*1.42 -> 17012.779 | D9: =C9+C10+C11+C13+C12 -> 53827.454 | E9: =((391.77*14+348.59*13+132.57*15)-E13)*1.42 -> 8882.1 | F9: =E9+E10+E11+E13+E12 -> 27077.882 | G9: =C9+E9 -> 25894.879 | H9: =G9+G10+G11+G13+G12 -> 80905.336
A10: DD VSAOI | B10: tax for salaries | C10: =C9*0.2359 -> 4013.3145 | E10: =E9*0.2359 -> 2095.2874 | G10: =C10+E10 -> 6108.6019 | X10: Contract amount EUR | Y10: 405955.87
A11: uzkrājums atvaļinājumam | B11: vacation allowance | C11: =(C9+C10)*0.08 -> 1682.0874 | E11: =(E9+E10)*0.08 -> 878.19099 | G11: =C11+E11 -> 2560.2784 | X11: Additional works, EUR | Y11: =1600 -> 1600
A12: administratīvie izdevumi 7% | B12: administrative costs 7% | C12: =(C4)*0.07 -> 19019.274 | E12: =(E4)*0.07 -> 9472.3036 | G12: =C12+E12 -> 28491.578
A13: komandējuma dienas naudas | B13: travel allowance | C13: =12*50+230*50 -> 12100 | E13: 5750 | G13: =C13+E13 -> 17850 | X13: square m2 | Y13: 440
A14: komandējuma izdevumi- naktsmītne | B14: travel expenses (hotels) | C14: =1917.44+84.92+1977.36*2+80+539.28+2876.16*2-98.87*2+719.04+90 -> 12939.98 | D14: =C14+C16+C15 -> 20760.6 | E14: =108.9+57.89+144+50+108.9*3 -> 687.49 | F14: =E14+E16+E15 -> 4738.38 | G14: =C14+E14 -> 13627.47 | H14: =G14+G16+G15 -> 25498.98 | X14: object square | Y14: hours optimal/ m2
A15: komandējuma izdevumi- ceļš | B15: travel expenses ( tickets, road costs) | C15: =207.02+273.99+154.63+476.04+3.8+2.1+6.5+106.16+146.56+160.1+188.52+104.99+106.54+24.35+81.91+153.99+217.99+321.98+55.3+120.9 -> 2913.37 | E15: =236.8+133.57+432.27+233.55+186.45+452.78 -> 1675.42 | G15: =C15+E15 -> 4588.79 | X15: m2<50 | Y15: 13
A16: citi izdevumi | B16: other expenses | C16: =125+50+5+21.9+36.4+105.81+157.02+137.42+1177.1+334.09+64.96+6+6+173.6+320.24+30+28.75+2127.96 -> 4907.25 | E16: =13.92+28.5+90+102.02+26.81+375.24+19.98+231.7+377.4+79.9+30+1000 -> 2375.47 | G16: =C16+E16 -> 7282.72 | X16: 50<m2<100 | Y16: 12
A17: peļņa bruto | B17: profit/ loss | C17: =C4-C5 -> 98211.479 | D17: =C17/C4 -> 0.36146509 | E17: =E4-E5 -> 29435.921 | F17: =E17/E4 -> 0.21753045 | G17: =G4-G5 -> 128180.73 | H17: =G17/G4 -> 0.31451083
J18: Object address | K18: materials and equipments costs | X18: materials and equipment costs | AA18: Object address | AB18: travel and living costs
A19: Direct costs | B19: % | J19: Time shedule, weeks | K19: 27/10-05/11 | L19: 06/11-12/11 | M19: 13/11-19/11 | N19: 20/11-25/11 | O19: 26/11-2/12 | V19: total | X19: planned | Y19: 69489 | AA19: Time shedule, weeks | AB19: 30/10-05/11 | AC19: 06/11-12/11 | AD19: 13/11-19/11 | AE19: 20/11-25/11 | AF19: 26/11-3/12 | AG19: 4/12-10/12 | AH19: 11/12-17/12 | AI19: 18/12-20/12 | AM19: total
A20: Materials, incl.delivery, and subcontractors | B20: =H6/G5*100 -> 61.913462 | K20: 1 | L20: 2 | M20: 3 | N20: 4 | O20: 5 | P20: 6 | X20: in fact | Y20: =G6+G7 -> 65963.71 | AB20: 1 | AC20: 2 | AD20: 3 | AE20: 4 | AF20: 5 | AG20: 6 | AH20: 7 | AI20: 8 | AJ20: 9 | AK20: 10 | AL20: 11
A21: Salaries and taxes | B21: =H9/G5*100 -> 28.95939 | K21: =V21/4 -> 17372.25 | L21: =K21 -> 17372.25 | M21: =K21 -> 17372.25 | N21: =V21/4 -> 17372.25 | V21: =Y19 -> 69489 | X21: travel and living costs | AB21: =AM21/8 -> 1300 | AC21: =AB21 -> 1300 | AD21: =AB21 -> 1300 | AE21: =AB21 -> 1300 | AF21: =AB21 -> 1300 | AG21: =AB21 -> 1300 | AH21: =AB21 -> 1300 | AI21: =AB21 -> 1300 | AM21: =Y22 -> 10400
A22: Other costs | B22: =H14/G5*100 -> 9.1271472 | V22: =K22+L22+M22+N22+O22+P22+U22+Q22+R22+S22+T22 -> 0 | X22: planned | Y22: =3000+6000+1400 -> 10400 | AB22: =207.02+273.99+154.63+476.04+1917.44+80+84.92+3.8+2.1+6.5+106.16+146.56+539.28+2876.16+160.1+188.52 -> 7223.22 | AC22: =2876.16 -> 2876.16 | AD22: =104.99+1977.36*2 -> 4059.71 | AE22: =-98.87*2+106.54+1695.35+90 -> 1694.15 | AG22: =236.8+133.57+432.27+233.55+186.45+452.78+144 -> 1819.42 | AH22: =108.9+57.89+50+108.9 -> 325.69 | AI22: =108.9*2 -> 217.8 | AM22: =AB22+AC22+AD22+AE22+AF22+AG22+AH22+AI22 -> 18216.15
X23: in fact | Y23: =AM22 -> 18216.15
X25: Subcontractors budget, EUR
X26: Payments to subcontractor, EUR
X30: date of report
X31: 45355

Sheet SIEC
A1: SIEC | B1: Calzedonia and Intimissimi Galerie (City-Galerie Siegen) Am Bahnhof 40, 57072 Siegen, Vācija, 31/10-27/11/2023
A2: Object costs | J2: KPI
C3: Oktobris/novembris | E3: Decembris | G3: Total | J3: Object address | K3: execution of contract | X3: execution of the contract | AA3: Object address | AB3: worked hours
A4: Objekta ieņēmumi kopā | B4: Budget total | C4: =Y10+Y11 -> 82261.75 | G4: =Y10+Y11 -> 82261.75 | H4: =AM6 -> 1019.94 | J4: Time shedule, weeks | K4: 31/10-6/11 | L4: 7/11-13/11 | M4: 14/11-20/11 | N4: 21/11-27/11 | V4: total | X4: planned | Y4: =N6 -> 1 | AA4: Time shedule, weeks | AB4: 31/10-6/11 | AC4: 7/11-13/11 | AD4: 14/11-19/11 | AE4: 20/11-27/11 | AF4: 28/11-30/11 | AM4: total
A5: Objekta tiešie izdevumi | B5: Direct costs | C5: =SUM(C6:C16) -> 47770.429 | E5: =E6+E7+E8+E9+E10+E11+E13+E14+E16+E15+E12 -> 5643.839 | G5: =G6+G7+G8+G9+G10+G11+G13+G14+G16+G15+G12 -> 53414.268 | H5: =AM7 -> 682.811 | K5: 1 | L5: 2 | M5: 3 | N5: 4 | O5: 5 | P5: 6 | Q5: 7 | R5: 8 | S5: 9 | T5: 10 | X5: in fact | Y5: =V7+V8 -> 1.041288 | AB5: 1 | AC5: 2 | AD5: 3 | AE5: 4 | AF5: 5 | AG5: 6 | AH5: 7 | AI5: 8 | AJ5: 9 | AK5: 10 | AL5: 11
A6: materiālu un aprīkojuma iegāde | B6: materials and equipment | C6: =600.84+1144.1+3425.25+341+175.77+613.05+466+139.95+259.66+303.7+113.35+29.8+187.35+87.65+86.17+208.2+57.97+31.99+217.05+140.07+33.96+446.3+409.68+9.74+239.19+66.16+119.96+272+117.77+77+54.36+534.63 -> 11009.67 | D6: =C6+C7+C8 -> 13315.01 | E6: =106.19+278.78+146.53 -> 531.5 | F6: =E6+E7+E8 -> 1307.35 | G6: =C6+E6 -> 11541.17 | H6: =G6+G7+G8 -> 14622.36 | K6: 0.25 | L6: 0.5 | M6: 0.75 | N6: 1 | V6: =N6 -> 1 | X6: hours per m2 | AB6: =AM6/5 -> 203.988 | AC6: =AB6 -> 203.988 | AD6: =AB6 -> 203.988 | AE6: =AD6 -> 203.988 | AF6: =AE6 -> 203.988 | AM6: =519.94+500 -> 1019.94
A7: materiālu piegādes izdevumi | B7: delivery | C7: =350+980+500+300 -> 2130 | G7: =C7+E7 -> 2130 | V7: 1 | X7: planned | Y7: =AM6/Y13 -> 7.9521285 | AB7: =11.5*4+27.25+27.43+27.22+27.47 -> 155.37 | AC7: =41.87+57.22+57.6+57.02 -> 213.71 | AD7: =60.63+60.5 -> 121.13 | AE7: =37.73+37.37+58.88+58.621 -> 192.601 | AF7: =40.55+45.1+33.23+44.63 -> 163.51 | AG7: =30.75+30.92 -> 61.67 | AM7: =AB7+AC7+AD7+AE7 -> 682.811
A8: apakšuzņēmēji | B8: subcontractors | C8: 175.34 | E8: =300+475.85 -> 775.85 | G8: =C8+E8 -> 951.19 | P8: =Y11/Y10 -> 0.041287975 | V8: =SUM(K8:U8) -> 0.041287975 | X8: in fact | Y8: =AM7/Y13 -> 5.3236473
A9: darba algas | B9: salaries | C9: =((11.5*2*15+11.5*2*12+3000/22*3+14195.34)-C13)*1.42 -> 9905.1119 | D9: =C9+C10+C11+C13+C12 -> 27229.389 | E9: =(62*15-E13+947)*1.42 -> 1600.34 | F9: =E9+E10+E11+E13+E12 -> 2886.089 | G9: =C9+E9 -> 11505.452 | H9: =G9+G10+G11+G13+G12 -> 30115.478
A10: DD VSAOI | B10: tax for salaries | C10: =C9*0.2359 -> 2336.6159 | E10: =E9*0.2359 -> 377.52021 | G10: =C10+E10 -> 2714.1361 | X10: Contract amount EUR | Y10: 79000
A11: uzkrājums atvaļinājumam | B11: vacation allowance | C11: =(C9+C10)*0.08 -> 979.33822 | E11: =(E9+E10)*0.08 -> 158.22882 | G11: =C11+E11 -> 1137.567 | X11: Additional works, EUR | Y11: 3261.75
A12: administratīvie izdevumi 7% | B12: administrative costs 7% | C12: =(C4)*0.07 -> 5758.3225 | E12: =(E4)*0.07 -> 0 | G12: =C12+E12 -> 5758.3225
A13: komandējuma dienas naudas | B13: travel allowance | C13: =50*2*5+155*50 -> 8250 | E13: =3*5*50 -> 750 | G13: =C13+E13 -> 9000 | X13: square m2 | Y13: =64.97+63.29 -> 128.26
A14: komandējuma izdevumi- naktsmītne | B14: travel expenses (hotels) | C14: =2400+387+33.5+135.5+1320+360 -> 4636 | D14: =C14+C16+C15 -> 7226.03 | E14: =654+148.17 -> 802.17 | F14: =E14+E16+E15 -> 1450.4 | G14: =C14+E14 -> 5438.17 | H14: =G14+G16+G15 -> 8676.43 | X14: object square | Y14: hours optimal/ m2
A15: komandējuma izdevumi- ceļš | B15: travel expenses ( tickets, road costs) | C15: =402.01+21.5+16.6+28+16.6+165.15+25.6+311.99+31.9+10 -> 1029.35 | G15: =C15+E15 -> 1029.35 | X15: m2<50 | Y15: 13
A16: citi izdevumi | B16: other expenses | C16: =216.52+125+135.5+15+12+21.5+48+124.04+25+9.2+62.4+2+50+50+113.95+5+48+277.5+12+10+5+24+6.5+32.97+47.1+13.9+68.6 -> 1560.68 | E16: =65.03+100.96+104.95+377.29 -> 648.23 | G16: =C16+E16 -> 2208.91 | X16: 50<m2<100 | Y16: 12
A17: peļņa bruto | B17: profit/ loss | C17: =C4-C5 -> 34491.321 | D17: =C17/C4 -> 0.41928748 | E17: =E4-E5 -> -5643.839 | F17: =E17/E4 -> #DIV/0! | G17: =G4-G5 -> 28847.482 | H17: =G17/G4 -> 0.35067917
J18: Object address | K18: materials and equipments costs | X18: materials and equipment costs | AA18: Object address | AB18: travel and living costs
A19: Direct costs | B19: % | J19: Time shedule, weeks | K19: 31/10-6/11 | L19: 7/11-13/11 | M19: 14/11-20/11 | N19: 21/11-27/11 | V19: total | X19: planned | Y19: =6591.94+7287 -> 13878.94 | AA19: Time shedule, weeks | AB19: 31/10-6/11 | AC19: 7/11-13/11 | AD19: 14/11-20/11 | AE19: 21/11-27/11 | AM19: total
A20: Materials, incl.delivery, and subcontractors | B20: =H6/G5*100 -> 27.375382 | K20: 1 | L20: 2 | M20: 3 | N20: 4 | O20: 5 | P20: 6 | Q20: 7 | R20: 8 | S20: 9 | T20: 10 | X20: in fact | Y20: =G6+G7 -> 13671.17 | AB20: 1 | AC20: 2 | AD20: 3 | AE20: 4 | AF20: 5 | AG20: 6 | AH20: 7 | AI20: 8 | AJ20: 9 | AK20: 10 | AL20: 11
A21: Salaries and taxes | B21: =H9/G5*100 -> 56.380961 | K21: =V21/6 -> 2313.1567 | L21: =K21 -> 2313.1567 | M21: =K21 -> 2313.1567 | N21: =M21 -> 2313.1567 | O21: =N21 -> 2313.1567 | P21: =O21 -> 2313.1567 | V21: =Y19 -> 13878.94 | X21: travel and living costs | AB21: =AM21/5 -> 1500 | AC21: =AB21 -> 1500 | AD21: =AB21 -> 1500 | AE21: =AD21 -> 1500 | AF21: =AE21 -> 1500 | AG21: =AF21 -> 1500 | AM21: =Y22 -> 7500
A22: Other costs | B22: =H14/G5*100 -> 16.243656 | V22: =K22+L22+M22+N22+O22+P22+U22+Q22+R22+S22+T22 -> 0 | X22: planned | Y22: =3500+4000 -> 7500 | AB22: =2400+387+135.5+402.01+21.5+16.6+28+16.6 -> 3407.21 | AC22: 33.5 | AD22: 1320 | AF22: =654+148.17 -> 802.17 | AM22: =AB22+AC22+AD22+AE22+AF22+AG22+AL22+AH22+AI22+AJ22+AK22 -> 5562.88
X23: in fact | Y23: =G14+G15 -> 6467.52
X25: Subcontractors budget, EUR
X26: Payments to subcontractor, EUR
X30: date of report
X31: 45334

Sheet TAL2
A1: TAL2 | B1: SC Viru Keskus Viru valjak 406 10111 Tallinn, 23/10/21023-23/11/2023
A2: Object costs | J2: KPI
C3: Oktobris | E3: Novembris | G3: Total | J3: Object address | K3: execution of contract | X3: execution of the contract | AA3: Object address | AB3: worked hours
A4: Objekta ieņēmumi kopā | B4: Budget total | C4: =G4/5*1 -> 24087.19 | E4: =C4*4 -> 96348.76 | G4: =Y10+Y11 -> 120435.95 | H4: =D4+F4 -> 0 | J4: Time shedule, weeks | K4: 23/10-29/10 | L4: 30/10-5/11 | M4: 6/11-12/11 | N4: 13/11-19/11 | O4: 20/11-23/11 | V4: total | X4: planned | Y4: =V6 -> 1 | AA4: Time shedule, weeks | AB4: 23/10-29/10 | AC4: 30/10-5/11 | AD4: 6/11-12/11 | AE4: 13/11-19/11 | AF4: 20/11-23/11 | AM4: total
A5: Objekta tiešie izdevumi | B5: Direct costs | C5: =C6+C7+C8+C9+C10+C11+C13+C14+C16+C15+C12 -> 19364.991 | E5: =E6+E7+E8+E9+E10+E11+E13+E14+E16+E15+E12 -> 88208.558 | G5: =G6+G7+G8+G9+G10+G11+G13+G14+G16+G15+G12 -> 107573.55 | K5: 1 | L5: 2 | M5: 3 | N5: 4 | O5: 5 | P5: 6 | X5: in fact | Y5: =V7+V8 -> 1.2793421 | AB5: 1 | AC5: 2 | AD5: 3 | AE5: 4 | AF5: 5 | AG5: 6 | AH5: 7 | AI5: 8 | AJ5: 9 | AK5: 10 | AL5: 11
A6: materiālu un aprīkojuma iegāde | B6: materials and equipment | C6: =11660.05-297.52-933.1-220.04-604.59 -> 9604.8 | D6: =C6+C7+C8 -> 10144.8 | E6: =893.62+188.31+341.91+1427.1+56.88+78.44+72.76+173.35+65.9+59.4+18.99+19.45+28.77+17.99+48.29+116.71 -> 3607.87 | F6: =E6+E7+E8 -> 54604.16 | G6: =C6+E6 -> 13212.67 | H6: =G6+G7+G8 -> 64748.96 | K6: 0.2 | L6: 0.4 | M6: 0.6 | N6: 0.8 | O6: 1 | V6: =O6 -> 1 | X6: hours per m2 | AB6: =AM6/5 -> 243.4 | AC6: =AB6 -> 243.4 | AD6: =AB6 -> 243.4 | AE6: =AB6 -> 243.4 | AF6: =AB6 -> 243.4 | AM6: =457+760 -> 1217
A7: materiālu piegādes izdevumi | B7: delivery | C7: 540 | E7: =300+770+1750+390 -> 3210 | G7: =C7+E7 -> 3750 | V7: 1 | X7: planned | Y7: =AM6/Y13 -> 11.488719 | AB7: =44.3+45.3+13.7+45+44.5+33.2 -> 226 | AC7: =19.5+19.5+19.5+27.43+27.38+27.6+26.97 -> 167.88 | AD7: =67.03+67.18+66.78+67.13 -> 268.12 | AE7: =79.4+80.08+79.3+57.08+79.08 -> 374.94 | AF7: =81.92+73.7+73.47+51.22+71.57+67.72+7.85+8.67 -> 436.12 | AG7: =13.76+32 -> 45.76 | AM7: =AB7+AC7+AD7+AE7+AF7+AG7+AL7+AH7+AI7+AJ7+AK7 -> 1518.82
A8: apakšuzņēmēji | B8: subcontractors | E8: =1779.65*2+73+4725.5+8340.5+10920.25+2799.31+15368.43+950+1050 -> 47786.29 | G8: =C8+E8 -> 47786.29 | O8: =Y11/Y10 -> 0.27934213 | V8: =SUM(K8:U8) -> 0.27934213 | X8: in fact | Y8: =AM7/Y13 -> 14.337959
A9: darba algas | B9: salaries | C9: =((33.2*11.5+44.5*11+64.5*12+64.8*14+13.7*11+64*11.5+210.21)-C13)*1.42 -> 2626.1622 | D9: =C9+C10+C11+C13+C12 -> 6991.4311 | E9: =((15631.17+320-130.3+365+224)-E13)*1.42 -> 14043.615 | F9: =E9+E10+E11+E13+E12 -> 32009.438 | G9: =C9+E9 -> 16669.778 | H9: =G9+G10+G11+G13+G12 -> 39000.869
A10: DD VSAOI | B10: tax for salaries | C10: =C9*0.2359 -> 619.51166 | E10: =E9*0.2359 -> 3312.8889 | G10: =C10+E10 -> 3932.4005 | X10: Contract amount EUR | Y10: =B38 -> 94138.97
A11: uzkrājums atvaļinājumam | B11: vacation allowance | C11: =(C9+C10)*0.08 -> 259.65391 | E11: =(E9+E10)*0.08 -> 1388.5203 | G11: =C11+E11 -> 1648.1743 | X11: Additional works, EUR | Y11: =12418.23+1368.4+660+348.15+11502.2 -> 26296.98
A12: administratīvie izdevumi 7% | B12: administrative costs 7% | C12: =(C4)*0.07 -> 1686.1033 | E12: =(E4)*0.07 -> 6744.4132 | G12: =C12+E12 -> 8430.5165
A13: komandējuma dienas naudas | B13: travel allowance | C13: =45*40 -> 1800 | E13: =159*40+2*40*2 -> 6520 | G13: =C13+E13 -> 8320 | X13: square m2 | Y13: =47.03+58.9 -> 105.93
A14: komandējuma izdevumi- naktsmītne | B14: travel expenses (hotels) | C14: =1015.56+643.19 -> 1658.75 | D14: =C14+C16+C15 -> 2228.76 | E14: =236+122.55+23+64.22+331.2+48+104.4 -> 929.37 | F14: =E14+E16+E15 -> 1594.96 | G14: =C14+E14 -> 2588.12 | H14: =G14+G16+G15 -> 3823.72 | X14: object square | Y14: hours optimal/ m2
A15: komandējuma izdevumi- ceļš | B15: travel expenses ( tickets, road costs) | C15: =28*4+23+56 -> 191 | E15: =16+16+28+16+31.08 -> 107.08 | G15: =C15+E15 -> 298.08 | X15: m2<50 | Y15: 13
A16: citi izdevumi | B16: other expenses | C16: =125+132.01+50+72 -> 379.01 | E16: =186.66+16*8+81.98+7+16.07+40+14.9+4+7.9+4+48+20 -> 558.51 | G16: =C16+E16 -> 937.52 | X16: 50<m2<100 | Y16: 12
A17: peļņa bruto | B17: profit/ loss | C17: =C4-C5 -> 4722.1989 | D17: =C17/C4 -> 0.19604607 | E17: =E4-E5 -> 8140.2022 | F17: =E17/E4 -> 0.084486839 | G17: =G4-G5 -> 12862.401 | H17: =G17/G4 -> 0.10679869
J18: Object address | K18: materials and equipments costs | X18: materials and equipment costs | AA18: Object address | AB18: travel and living costs
A19: Direct costs | B19: % | J19: Time shedule, weeks | K19: 23/10-29/10 | L19: 30/10-5/11 | M19: 6/11-12/11 | N19: 13/11-19/11 | O19: 20/11-23/11 | V19: total | X19: planned | Y19: =4293+8095 -> 12388 | AA19: Time shedule, weeks | AB19: 23/10-29/10 | AC19: 30/10-5/11 | AD19: 6/11-12/11 | AE19: 13/11-19/11 | AF19: 20/11-23/11 | AM19: total
A20: Materials, incl.delivery, and subcontractors | B20: =H6/G5*100 -> 60.19041 | K20: 1 | L20: 2 | M20: 3 | N20: 4 | O20: 5 | P20: 6 | X20: in fact | Y20: =G6+G7 -> 16962.67 | AB20: 1 | AC20: 2 | AD20: 3 | AE20: 4 | AF20: 5 | AG20: 6 | AH20: 7 | AI20: 8 | AJ20: 9 | AK20: 10 | AL20: 11
A21: Salaries and taxes | B21: =H9/G5*100 -> 36.255073 | K21: =V21/6 -> 2064.6667 | L21: =K21 -> 2064.6667 | M21: =K21 -> 2064.6667 | N21: =V21/6 -> 2064.6667 | O21: =N21 -> 2064.6667 | P21: =O21 -> 2064.6667 | V21: =Y19 -> 12388 | X21: travel and living costs | AB21: =AM21/5 -> 1180 | AC21: =AB21 -> 1180 | AD21: =AB21 -> 1180 | AE21: =AB21 -> 1180 | AF21: =AE21 -> 1180 | AG21: =AF21 -> 1180 | AM21: =Y22 -> 5900
A22: Other costs | B22: =H14/G5*100 -> 3.5545169 | V22: =K22+L22+M22+N22+O22+P22+U22+Q22+R22+S22+T22 -> 0 | X22: planned | Y22: =2950*2 -> 5900 | AB22: =1015.56+643.19+28*4+23+56 -> 1849.75 | AC22: 16 | AD22: =122.5+23 -> 145.5 | AE22: 236 | AF22: =16+31.08+156.27 -> 203.35 | AG22: =331.2+104.4 -> 435.6 | AM22: =AB22+AC22+AD22+AE22+AF22+AG22+AL22+AH22+AI22+AJ22+AK22 -> 2886.2
X23: in fact | Y23: =AM22 -> 2886.2
X25: Subcontractors budget, EUR
X26: Payments to subcontractor, EUR
X30: date of report
X31: 45300
C35: 0.3 | D35: 0.4 | E35: 0.3
A36: Calzedonia | B36: 39746.19 | C36: =ROUND(B36*C35,2) -> 11923.86 | D36: =ROUND(B36*D35,2) -> 15898.48 | E36: =C36-0.01 -> 11923.85 | F36: =C36+D36+E36 -> 39746.19
A37: Intimissimi | B37: 54392.78 | C37: =ROUND(B37*C35,2) -> 16317.83 | D37: =ROUND(B37*D35,2) -> 21757.11 | E37: =C37+0.01 -> 16317.84 | F37: =C37+D37+E37 -> 54392.78
A38: Kopā | B38: =SUM(B36:B37) -> 94138.97 | C38: =SUM(C36:C37) -> 28241.69 | D38: =SUM(D36:D37) -> 37655.59 | E38: =SUM(E36:E37) -> 28241.69 | F38: =SUM(F36:F37) -> 94138.97
A41: Papilddarbi | B41: =Y11 -> 26296.98
A42: Apakšuzņēmēji | B42: =1244+600+3559.3+6780+950+10920.25 -> 24053.55

Sheet CHA
A1: CHA | B1: Chanel, Jakobsbergsgatan 6, 111 44 Stockholm, Sweden, 02/10-23/11/2023
A2: Object costs | L2: KPI
C3: Oktober | E3: Novembris | G3: Decembris | I3: Total | L3: Object address | M3: execution of contract | Z3: execution of the contract | AC3: Object address | AD3: worked hours
A4: Objekta ieņēmumi kopā | B4: Budget total | C4: 35155 | E4: =45865+1040+1865.2 -> 48770.2 | G4: =I4-C4-E4 -> 2360 | I4: =AA10+AA11 -> 86285.2 | J4: =AO6 -> 875 | L4: Time shedule, weeks | M4: 02/10-08/10 | N4: 09/10-15/10 | O4: 16/10-22/10 | P4: 23/10-29/10 | Q4: 30/10-5/11 | X4: total | Z4: planned | AA4: =P6 -> 1 | AC4: Time shedule, weeks | AD4: 02/10-08/10 | AE4: 09/10-15/10 | AF4: 16/10-22/10 | AG4: 23/10-29/10 | AH4: 30/10-5/11 | AI4: 06/11-12/11 | AJ4: 13/11-19/11 | AK4: 20/11-26/11 | AL4: 45261 | AO4: total
A5: Objekta tiešie izdevumi | B5: Direct costs | C5: =C6+C7+C8+C9+C10+C11+C13+C14+C16+C15+C12 -> 36933.712 | E5: =E6+E7+E8+E9+E10+E11+E13+E14+E16+E15+E12 -> 41145.957 | G5: =G6+G7+G8+G9+G10+G11+G13+G14+G16+G15+G12 -> 2841.1636 | I5: =I6+I7+I8+I9+I10+I11+I13+I14+I16+I15+I12 -> 80920.833 | J5: =AO7 -> 1599.58 | M5: 1 | N5: 2 | O5: 3 | P5: 4 | Q5: 5 | R5: 6 | Z5: in fact | AA5: =X7+X8 -> 1.277493 | AD5: 1 | AE5: 2 | AF5: 3 | AG5: 4 | AH5: 5 | AI5: 6 | AJ5: 7 | AK5: 8 | AL5: 9 | AM5: 10 | AN5: 11
A6: materiālu un aprīkojuma iegāde | B6: materials and equipment | C6: =212.93+136.4+684.75+178.04+1004.8+3284.11+889.74+C66+72+101.45+198.29 -> 9035.6193 | D6: =C6+C7+C8 -> 11515.619 | E6: =830.99+12+1827.5+126.28+52.8+6+32.19+510.42+239.89+91.85+993.13+E66+100.46+180.03+266.69+48.02+46.69+291.85+353.93+105.34+112.22+62.28+52.88 -> 10989.323 | F6: =E6+E7+E8 -> 12908.813 | G6: =44.97+G66 -> 269.64192 | H6: =G6+G7+G8 -> 663.78192 | I6: =C6+E6+G6 -> 20294.584 | J6: =I6+I7+I8 -> 25088.214 | M6: 0.25 | N6: 0.5 | O6: 0.75 | P6: 1 | X6: =P6 -> 1 | Z6: hours per m2 | AD6: =AO6/5 -> 175 | AE6: =AD6 -> 175 | AF6: =AD6 -> 175 | AG6: =AO6/5 -> 175 | AH6: =AG6 -> 175 | AO6: =801+74 -> 875
A7: materiālu piegādes izdevumi | B7: delivery | C7: =350/2+1620+685 -> 2480 | E7: =490+49.49+470+150+290+470 -> 1919.49 | G7: 300 | I7: =C7+E7+G7 -> 4699.49 | X7: 1 | Z7: planned | AA7: =AO6/AA13 -> 6.4814815 | AD7: 51.96 | AE7: 214.9 | AF7: 239 | AG7: 97.82 | AH7: =40.27+145.95 -> 186.22 | AI7: =59.85+62.77-10.5+63 -> 175.12 | AJ7: 386.56 | AK7: 175 | AL7: 73 | AO7: =AD7+AE7+AF7+AG7+AH7+AI7+AN7+AJ7+AK7+AL7+AM7 -> 1599.58
A8: apakšuzņēmēji | B8: subcontractors | G8: 94.14 | I8: =C8+E8+G8 -> 94.14 | P8: =AA11/AA10 -> 0.27749302 | X8: =SUM(M8:W8) -> 0.27749302 | Z8: in fact | AA8: =AO7/AA13 -> 11.848741
A9: darba algas | B9: salaries | C9: =(164*16+316.5*15+164.5*14-C13)*1.42 -> 6850.79 | D9: =C9+C10+C11+C13+C12 -> 16455.093 | E9: =((232.15*16+226.88*15+227.67*14+67.52*15*2+667.5)-E13)*1.42 -> 10789.274 | F9: =E9+E10+E11+E13+E12 -> 23215.134 | G9: =(73*14-G13)*1.42 -> 1025.24 | H9: =G9+G10+G11+G13+G12 -> 1833.6616 | I9: =C9+E9+G9 -> 18665.304 | J9: =I9+I10+I11+I13+I12 -> 41503.889
A10: DD VSAOI | B10: tax for salaries | C10: =C9*0.2359 -> 1616.1014 | E10: =E9*0.2359 -> 2545.1896 | G10: =G9*0.2359 -> 241.85412 | I10: =C10+E10+G10 -> 4403.1451 | Z10: Contract amount EUR | AA10: 67542.6
A11: uzkrājums atvaļinājumam | B11: vacation allowance | C11: =(C9+C10)*0.08 -> 677.35131 | E11: =(E9+E10)*0.08 -> 1066.7571 | G11: =(G9+G10)*0.08 -> 101.36753 | I11: =C11+E11+G11 -> 1845.4759 | Z11: Additional works, EUR | AA11: =AA56+AA55 -> 18742.6
A12: administratīvie izdevumi 7% | B12: administrative costs 7% | C12: =(C4)*0.07 -> 2460.85 | E12: =(E4)*0.07 -> 3413.914 | G12: =(G4)*0.07 -> 165.2 | I12: =C12+E12+G12 -> 6039.964
A13: komandējuma dienas naudas | B13: travel allowance | C13: =97*50 -> 4850 | E13: =108*50 -> 5400 | G13: =6*50 -> 300 | I13: =C13+E13+G13 -> 10550 | Z13: square m2 | AA13: 135
A14: komandējuma izdevumi- naktsmītne | B14: travel expenses (hotels) | C14: =3685.24 -> 3685.24 | D14: =C14+C16+C15 -> 8963 | E14: =931.73+305.95+44.97+1033.59+232.02 -> 2548.26 | F14: =E14+E16+E15 -> 5022.01 | H14: =G14+G16+G15 -> 343.72 | I14: =C14+E14+G14 -> 6233.5 | J14: =I14+I16+I15 -> 14328.73 | Z14: object square | AA14: hours optimal/ m2
A15: komandējuma izdevumi- ceļš | B15: travel expenses ( tickets, road costs) | C15: =661.5+590.5+310.62+648.37+41.61+13.38+52.77 -> 2318.75 | E15: =213.99+294.73+139.6+450.8+285.99 -> 1385.11 | G15: =589.9/2 -> 294.95 | I15: =C15+E15+G15 -> 3998.81 | Z15: m2<50 | AA15: 13
A16: citi izdevumi | B16: other expenses | C16: =261.1+182.42+369.14+91.65+681.13+840+246.73+125+33.27+122.57+6 -> 2959.01 | E16: =70.48+26.04+24.81+46.85+46.16+26.16*2+26.24+47.45+26.23+26.29+26.7+26.72+95.98+26.62+6.53+6.55+6.58+30.04+30.31+12.58+10.85+12.44+49.82+12+30.75+140.69+11.09+6.57+152.95 -> 1088.64 | G16: 48.77 | I16: =C16+E16+G16 -> 4096.42 | Z16: 50<m2<100 | AA16: 12
A17: peļņa bruto | B17: profit/ loss | C17: =C4-C5 -> -1778.712 | D17: =C17/C4 -> -0.050596273 | E17: =E4-E5 -> 7624.2429 | F17: =E17/E4 -> 0.15632995 | G17: =G4-G5 -> -481.16356 | H17: =G17/G4 -> -0.20388286 | I17: =I4-I5 -> 5364.3674 | J17: =I17/I4 -> 0.062170191
L18: Object address | M18: materials and equipments costs | Z18: materials and equipment costs | AC18: Object address | AD18: travel and living costs
A19: Direct costs | B19: % | L19: Time shedule, weeks | M19: 02/10-08/10 | N19: 09/10-15/10 | O19: 16/10-22/10 | P19: 23/10-29/10 | Q19: 30/10-5/11 | X19: total | Z19: planned | AA19: 20657.84 | AC19: Time shedule, weeks | AD19: 02/10-08/10 | AE19: 09/10-15/10 | AF19: 16/10-22/10 | AG19: 23/10-29/10 | AH19: 30/10-5/11 | AI19: 06/11-12/11 | AJ19: 13/11-19/11 | AK19: 20/11-26/11 | AL19: 45261 | AO19: total
A20: Materials, incl.delivery, and subcontractors | B20: =J6/I5*100 -> 31.003406 | M20: 1 | N20: 2 | O20: 3 | P20: 4 | Q20: 5 | R20: 6 | Z20: in fact | AA20: =I6+I7 -> 24994.074 | AD20: 1 | AE20: 2 | AF20: 3 | AG20: 4 | AH20: 5 | AI20: 6 | AJ20: 7 | AK20: 8 | AL20: 9 | AM20: 10 | AN20: 11
A21: Salaries and taxes | B21: =J9/I5*100 -> 51.289498 | M21: =X21/4 -> 5164.46 | N21: =M21 -> 5164.46 | O21: =M21 -> 5164.46 | P21: =X21/4 -> 5164.46 | X21: =AA19 -> 20657.84 | Z21: travel and living costs | AD21: =AO21/4 -> 0 | AE21: =AD21 -> 0 | AF21: =AD21 -> 0 | AG21: =AO21/4 -> 0 | AO21: =AA22 -> 0
A22: Other costs | B22: =J14/I5*100 -> 17.707097 | X22: =M22+N22+O22+P22+Q22+R22+W22+S22+T22+U22+V22 -> 0 | Z22: planned | AD22: 3685.24 | AE22: =661.5+590.5+41.61 -> 1293.61 | AG22: =310.62+648.37 -> 958.99 | AH22: =931.73+305.57+44.97+213.99+1033.59+13.38+52.77+294.73+139.6+450.8+285.99+232 -> 3999.12 | AL22: 296 | AO22: =AD22+AE22+AF22+AG22+AH22+AI22+AN22+AJ22+AK22+AL22+AM22 -> 10232.96
Z23: in fact | AA23: =AO22 -> 10232.96
Z25: Subcontractors budget, EUR
Z26: Payments to subcontractor, EUR
Z30: date of report
Z31: 45300
A42: BuildUp invoices | Z42: Additonal costs | AA42: =SUM(AA43:AA50) -> 9930.2 | AD42: 45237
A43: Cramo | B43: 11322711 | C43: 1558 | D43: Ikea | E43: 13213.6 | Z43: Mdf arround pillar | AA43: 1015 | AB43: 1 | AD43: ok
Z44: Change floor lewel on rised floor | AA44: 2925 | AB44: 2
Z45: Change Ceiling treatment room | AA45: 1040 | AB45: 3 | AD45: ok
Z46: foldable table in BOH | AA46: 750 | AB46: 4 | AD46: ok
A47: optimera | B47: 63773618 | C47: 10106.5 | D47: 64563604 | E47: 2956.91 | Z47: Make cuts in floor for cable pipe | AA47: 445 | AB47: 5 | AD47: ok
B48: 63787733 | C48: 2539.21 | D48: 64587173 | E48: 8274.09 | Z48: Ventilation | AA48: 0 | AB48: 6 | AD48: ?
B49: 63946016 | C49: 424.86 | D49: 64630353 | E49: 3508.09 | Z49: additional work request for ventilation extract grills installation in Ceiling GF | AA49: 1890 | AB49: 7 | AD49: ok
B50: 63946008 | C50: 869.04 | D50: 64758576 | E50: 1045.95 | Z50: Ikea | AA50: 1865.2 | AB50: 8 | AD50: ok
B51: 64015100 | C51: 812.24 | D51: 64830938 | E51: 1512.28 | Z51: Change white tiles to make treatment room size | AA51: 1500 | AB51: 9 | AD51: ok
B52: 64116551 | C52: 1277.49 | D52: 64914518 | E52: 2434.23 | Z52: work acceleration on week 46 | AA52: 7042.4 | AB52: 10
B53: 64147721 | C53: 1436.36 | D53: 64845084 | E53: 1273.52 | AA53: 270 | AB53: 11
B54: 64163322 | C54: 2811.07 | D54: 65282923 | E54: 870.22 | AA54: =SUM(AA43:AA53) -> 18742.6
AA55: =AA44+AA48+AA52 -> 9967.4
A56: Circla | B56: 146391 | C56: 2190 | D56: 147027 | E56: 2354.75 | AA56: =AA54-AA55 -> 8775.2
B57: 146217 | C57: 1232 | D57: 147340 | E57: 1556
D58: 147516 | E58: 3326
D59: 147559 | E59: 4851
D60: 147730 | E60: 774
D61: 147803 | E61: 1309
D62: 147872 | E62: 1210
A63: Glasbolaget | D63: 3669 | E63: 2632.8
A64: Bigbag | F64: 140617291 | G64: 2568
B65: Total SEK | C65: =SUM(C43:C58) -> 25256.77 | E65: =SUM(E43:E63) -> 53102.44 | G65: =SUM(G43:G64) -> 2568
B66: Total EUR | C66: =C65*0.09 -> 2273.1093 | E66: =E65/11.43 -> 4645.8828 | G66: =G65/11.43 -> 224.67192

Sheet AMB
A1: AMB | B1: Postbank Amberg O0141_PB_KoMiMo_Amberg Kaiser-Ludwig-Ring 9 92224 Amberg, 09/10/2023-10/11/2023
A2: Object costs | J2: KPI
C3: Oktober | E3: November/ december | G3: Total | J3: Object address | K3: execution of contract | X3: execution of the contract | AA3: Object address | AB3: worked hours
A4: Objekta ieņēmumi kopā | B4: Budget total | C4: =Y10/5*4 -> 56240.104 | E4: =Y10/5 -> 14060.026 | G4: =Y10+Y11 -> 70300.13 | H4: =D4+F4 -> 0 | J4: Time shedule, weeks | K4: 09/10-15/10 | L4: 16/10-22/10 | M4: 23/10-29/10 | N4: 30/10-5/11 | O4: 6/11-10/11 | V4: total | X4: planned | Y4: 1 | AA4: Time shedule, weeks | AB4: 09/10-15/10 | AC4: 16/10-22/10 | AD4: 23/10-29/10 | AE4: 30/10-5/11 | AF4: 6/11-10/11 | AM4: total
A5: Objekta tiešie izdevumi | B5: Direct costs | C5: =C6+C7+C8+C9+C10+C11+C13+C14+C16+C15+C12 -> 32156.378 | E5: =E6+E7+E8+E9+E10+E11+E13+E14+E16+E15+E12 -> 6225.9318 | G5: =G6+G7+G8+G9+G10+G11+G13+G14+G16+G15+G12 -> 38382.31 | K5: 1 | L5: 2 | M5: 3 | N5: 4 | O5: 5 | P5: 6 | X5: in fact | Y5: =N7+V8 -> 0 | AB5: 1 | AC5: 2 | AD5: 3 | AE5: 4 | AF5: 5 | AG5: 6 | AH5: 7 | AI5: 8 | AJ5: 9 | AK5: 10 | AL5: 11
A6: materiālu un aprīkojuma iegāde | B6: materials and equipment | C6: =377.31+185.85+461+300.45+24.21+8.99+7.47+60.64+87.86+45+98.99+1892.94+2925.74+99.13+110.3+72.82+7.98+22.99+92.49+25.95+103.4+736.6+61.52+20.38+5.97+9.98+11.49+103.21+454.57 -> 8415.23 | D6: =C6+C7+C8 -> 10733.8 | E6: =29.77+3.19+23.98 -> 56.94 | F6: =E6+E7+E8 -> 1606.44 | G6: =C6+E6 -> 8472.17 | H6: =G6+G7+G8 -> 12340.24 | V6: =M6 -> 0 | X6: hours per m2 | AB6: =AM6/5 -> 38.4 | AC6: =AB6 -> 38.4 | AD6: =AB6 -> 38.4 | AE6: =AM6/5 -> 38.4 | AF6: =AE6 -> 38.4 | AM6: 192
A7: materiālu piegādes izdevumi | B7: delivery | C7: =350/2 -> 175 | G7: =C7+E7 -> 175 | V7: =P7 -> 0 | X7: planned | Y7: =AM6/Y13 -> 4.6829268 | AB7: 160.41 | AC7: 213.37 | AD7: 22.51 | AM7: =AB7+AC7+AD7+AE7+AF7+AG7+AL7+AH7+AI7+AJ7+AK7 -> 396.29
A8: apakšuzņēmēji | B8: subcontractors | C8: =14.42+372.7+1756.45 -> 2143.57 | E8: =415.5+1134 -> 1549.5 | G8: =C8+E8 -> 3693.07 | V8: =SUM(K8:U8) -> 0 | X8: in fact | Y8: =AM7/Y13 -> 9.6656098
A9: darba algas | B9: salaries | C9: =((3000/22*18+90.7*15+92*15+100.8*12+108.77*12)-C13)*1.42 -> 5765.0373 | D9: =C9+C10+C11+C13+C12 -> 15281.818 | F9: =E9+E10+E11+E13+E12 -> 984.20182 | G9: =C9+E9 -> 5765.0373 | H9: =G9+G10+G11+G13+G12 -> 16266.02
A10: DD VSAOI | B10: tax for salaries | C10: =C9*0.2359 -> 1359.9723 | E10: =E9*0.2359 -> 0 | G10: =C10+E10 -> 1359.9723 | X10: Contract amount EUR | Y10: 70300.13
A11: uzkrājums atvaļinājumam | B11: vacation allowance | C11: =(C9+C10)*0.08 -> 570.00077 | E11: =(E9+E10)*0.08 -> 0 | G11: =C11+E11 -> 570.00077 | X11: Additional works, EUR
A12: administratīvie izdevumi 7% | B12: administrative costs 7% | C12: =(C4)*0.07 -> 3936.8073 | E12: =(E4)*0.07 -> 984.20182 | G12: =C12+E12 -> 4921.0091
A13: komandējuma dienas naudas | B13: travel allowance | C13: =15*3*50+14*2*50 -> 3650 | G13: =C13+E13 -> 3650 | X13: square m2 | Y13: 41
A14: komandējuma izdevumi- naktsmītne | B14: travel expenses (hotels) | C14: =248.65+2485+106.2 -> 2839.85 | D14: =C14+C16+C15 -> 6140.76 | E14: =495.19+124+18.5+282.9+104+89 -> 1113.59 | F14: =E14+E16+E15 -> 3635.29 | G14: =C14+E14 -> 3953.44 | H14: =G14+G16+G15 -> 9776.05 | X14: object square | Y14: hours optimal/ m2
A15: komandējuma izdevumi- ceļš | B15: travel expenses ( tickets, road costs) | C15: =335.54+36+203.2*2+30*2+22.1+819.98+278.99+207.02 -> 2166.03 | E15: =255.4+236.19+438.98 -> 930.57 | G15: =C15+E15 -> 3096.6 | X15: m2<50 | Y15: 13
A16: citi izdevumi | B16: other expenses | C16: =195.23+125+6.5+194.67+74.41+12+3.6+56.22+367.25+100 -> 1134.88 | E16: =172.24+141.39+1030+101.22+6.5+3.5+88.18+41.6+6.5 -> 1591.13 | G16: =C16+E16 -> 2726.01 | X16: 50<m2<100 | Y16: 12
A17: peļņa bruto | B17: profit/ loss | C17: =C4-C5 -> 24083.726 | D17: =C17/C4 -> 0.42823047 | E17: =E4-E5 -> 7834.0942 | F17: =E17/E4 -> 0.55718917 | G17: =G4-G5 -> 31917.82 | H17: =G17/G4 -> 0.45402221
J18: Object address | K18: materials and equipments costs | X18: materials and equipment costs | AA18: Object address | AB18: travel and living costs
A19: Direct costs | B19: % | J19: Time shedule, weeks | K19: 09/10-15/10 | L19: 16/10-22/10 | M19: 23/10-29/10 | N19: 30/10-5/11 | O19: 6/11-10/11 | V19: total | X19: planned | Y19: 7999.61 | AA19: Time shedule, weeks | AB19: 09/10-15/10 | AC19: 16/10-22/10 | AD19: 23/10-29/10 | AE19: 30/10-5/11 | AF19: 6/11-12/12 | AM19: total
A20: Materials, incl.delivery, and subcontractors | B20: =H6/G5*100 -> 32.150853 | K20: 1 | L20: 2 | M20: 3 | N20: 4 | O20: 5 | P20: 6 | X20: in fact | Y20: =G6+G7 -> 8647.17 | AB20: 1 | AC20: 2 | AD20: 3 | AE20: 4 | AF20: 5 | AG20: 6 | AH20: 7 | AI20: 8 | AJ20: 9 | AK20: 10 | AL20: 11
A21: Salaries and taxes | B21: =H9/G5*100 -> 42.378949 | K21: =V21/4 -> 1999.9025 | L21: =K21 -> 1999.9025 | M21: =K21 -> 1999.9025 | N21: =V21/4 -> 1999.9025 | V21: =Y19 -> 7999.61 | X21: travel and living costs | AB21: =AM21/5 -> 0 | AC21: =AB21 -> 0 | AD21: =AB21 -> 0 | AE21: =AM21/5 -> 0 | AF21: =AE21 -> 0 | AM21: =Y22 -> 0
A22: Other costs | B22: =H14/G5*100 -> 25.470197 | V22: =K22+L22+M22+N22+O22+P22+U22+Q22+R22+S22+T22 -> 0 | X22: planned | AB22: =248.65+335.54+233.2*2+36+22.1+819.98+2485+106.2+207.02+320 -> 5046.89 | AF22: =495.19+124+18.5+282.9+104+438.98+89 -> 1552.57 | AM22: =AB22+AC22+AD22+AE22+AF22+AG22+AL22+AH22+AI22+AJ22+AK22 -> 6599.46
X23: in fact | Y23: =AM22 -> 6599.46
X25: Subcontractors budget, EUR
X26: Payments to subcontractor, EUR
X30: date of report
X31: 45330

Sheet SIE
A1: SIE | B1: Lewi's demolition works City - Galerie (City-Galerie Siegen) Am Bahnhof 40, 57072 Siegen, Vācija, 18/09/2023-24/09/2023
A2: Object costs | J2: KPI
C3: Septembris 2023 | G3: Total | J3: Object address | K3: execution of contract | X3: execution of the contract | AA3: Object address | AB3: worked hours
A4: Objekta ieņēmumi kopā | B4: Budget total | C4: =Y10 -> 14005.39 | E4: =Y10/4+Y11 -> 3501.3475 | G4: =Y10+Y11 -> 14005.39 | H4: =D4+F4 -> 0 | J4: Time shedule, weeks | V4: total | X4: planned | Y4: =N6 -> 0 | AA4: Time shedule, weeks | AM4: total
A5: Objekta tiešie izdevumi | B5: Direct costs | C5: =C6+C7+C8+C9+C10+C11+C13+C14+C16+C15+C12 -> 10148.254 | E5: =E6+E7+E8+E9+E10+E11+E13+E14+E16+E15+E12 -> 0 | G5: =G6+G7+G8+G9+G10+G11+G13+G14+G16+G15+G12 -> 10148.254 | K5: 1 | L5: 2 | M5: 3 | N5: 4 | O5: 5 | P5: 6 | X5: in fact | Y5: =N7+V8 -> 0 | AB5: 1 | AC5: 2 | AD5: 3 | AE5: 4 | AF5: 5 | AG5: 6 | AH5: 7 | AI5: 8 | AJ5: 9 | AK5: 10 | AL5: 11
A6: materiālu un aprīkojuma iegāde | B6: materials and equipment | C6: =133.2+286.17+190.54+137.47+15.17+12.99+50.76 -> 826.3 | D6: =C6+C7+C8 -> 1811.8 | F6: =E6+E7+E8 -> 0 | G6: =C6+E6 -> 826.3 | H6: =G6+G7+G8 -> 1811.8 | V6: =N6 -> 0 | X6: hours per m2 | AB6: =AM6/4 -> 0 | AC6: =AB6 -> 0 | AD6: =AB6 -> 0 | AE6: =AM6/4 -> 0
A7: materiālu piegādes izdevumi | B7: delivery | G7: =C7+E7 -> 0 | V7: =N7 -> 0 | X7: planned | Y7: =AM6/Y13 -> #DIV/0! | AB7: 143.7 | AM7: =AB7+AC7+AD7+AE7+AF7+AG7+AL7+AH7+AI7+AJ7+AK7 -> 143.7
A8: apakšuzņēmēji | B8: subcontractors | C8: =820.5+330/2 -> 985.5 | G8: =C8+E8 -> 985.5 | V8: =SUM(K8:U8) -> 0 | X8: in fact | Y8: =AM7/Y13 -> #DIV/0!
A9: darba algas | B9: salaries | C9: =(70+269.5+907.15/13*5+37.7*15+35.5*12-800+10*14+10*12)*1.42 -> 1618.6635 | D9: =C9+C10+C11+C13+C12 -> 4990.924 | F9: =E9+E10+E11+E13+E12 -> 0 | G9: =C9+E9 -> 1618.6635 | H9: =G9+G10+G11+G13+G12 -> 4990.924
A10: DD VSAOI | B10: tax for salaries | C10: =C9*0.2359 -> 381.84271 | E10: =E9*0.2359 -> 0 | G10: =C10+E10 -> 381.84271 | X10: Contract amount EUR | Y10: 14005.39
A11: uzkrājums atvaļinājumam | B11: vacation allowance | C11: =(C9+C10)*0.08 -> 160.04049 | E11: =(E9+E10)*0.08 -> 0 | G11: =C11+E11 -> 160.04049 | X11: Additional works, EUR
A12: administratīvie izdevumi 7% | B12: administrative costs 7% | C12: =(C4)*0.07 -> 980.3773 | E12: =(E13+E11+E10+E9)*0.07 -> 0 | G12: =C12+E12 -> 980.3773
A13: komandējuma dienas naudas | B13: travel allowance | C13: =7*5*50+100 -> 1850 | G13: =C13+E13 -> 1850 | X13: square m2
A14: komandējuma izdevumi- naktsmītne | B14: travel expenses (hotels) | C14: 1330 | D14: =C14+C16+C15 -> 3345.53 | F14: =E14+E16+E15 -> 0 | G14: =C14+E14 -> 1330 | H14: =G14+G16+G15 -> 3345.53 | X14: object square | Y14: hours optimal/ m2
A15: komandējuma izdevumi- ceļš | B15: travel expenses ( tickets, road costs) | C15: =229.06+289.64+75+12.8+282.56+4.6+313.99+367.17+42+30 -> 1646.82 | G15: =C15+E15 -> 1646.82 | X15: m2<50 | Y15: 13
A16: citi izdevumi | B16: other expenses | C16: =40+1.8+1.8+9+30+129.13+12+12+5+2.5+17.58+20+23.7+10+24.7+8+4+4+6+7.5 -> 368.71 | G16: =C16+E16 -> 368.71 | X16: 50<m2<100 | Y16: 12
A17: peļņa bruto | B17: profit/ loss | C17: =C4-C5 -> 3857.136 | D17: =C17/C4 -> 0.27540369 | E17: =E4-E5 -> 3501.3475 | F17: =E17/E4 -> 1 | G17: =G4-G5 -> 3857.136 | H17: =G17/G4 -> 0.27540369
J18: Object address | K18: materials and equipments costs | X18: materials and equipment costs | AA18: Object address | AB18: travel and living costs
A19: Direct costs | B19: % | J19: Time shedule, weeks | V19: total | X19: planned | AA19: Time shedule, weeks | AM19: total
A20: Materials, incl.delivery, and subcontractors | B20: =H6/G5*100 -> 17.853317 | K20: 1 | L20: 2 | M20: 3 | N20: 4 | O20: 5 | P20: 6 | X20: in fact | Y20: =V22 -> 0 | AB20: 1 | AC20: 2 | AD20: 3 | AE20: 4 | AF20: 5 | AG20: 6 | AH20: 7 | AI20: 8 | AJ20: 9 | AK20: 10 | AL20: 11
A21: Salaries and taxes | B21: =H9/G5*100 -> 49.180125 | K21: =V21/4 -> 0 | L21: =K21 -> 0 | M21: =K21 -> 0 | N21: =V21/4 -> 0 | V21: =Y19 -> 0 | X21: travel and living costs | AB21: =AM21/4 -> 0 | AC21: =AB21 -> 0 | AD21: =AB21 -> 0 | AE21: =AM21/4 -> 0 | AM21: =Y22 -> 0
A22: Other costs | B22: =H14/G5*100 -> 32.966558 | V22: =K22+L22+M22+N22+O22+P22+U22+Q22+R22+S22+T22 -> 0 | X22: planned | AB22: =G15+G14 -> 2976.82 | AM22: =AB22+AC22+AD22+AE22+AF22+AG22+AL22+AH22+AI22+AJ22+AK22 -> 2976.82
X23: in fact | Y23: =AM22 -> 2976.82
X25: Subcontractors budget, EUR
X26: Payments to subcontractor, EUR
X30: date of report
X31: 45211
A47: Māris/ Kristaps 17/10/2022
A48: ceļš uz (Māris, Kristaps) | B48: 361.48
A49: ceļš no (Kristaps) | B49: 116.95
A50: ceļš no (Māris, uz Zviedriju) | B50: 51.99
A51: auto noma | B51: 288.98
A52: viesnīca Best Western 17/10/2022 (Māris) | B52: 142
A53: darbs?
A54: materiāli?
B55: =SUM(B48:B54) -> 961.4

Sheet BOCH
A1: BOCH | C1: Levi's Bochum Ruhrpark GSS (28/08/2023-06/10/2023)
A2: Object costs | J2: KPI
C3: Septembris 2023 | E3: Oktobris 2023 | G3: Total | J3: Object address | K3: execution of contract | X3: execution of the contract | AA3: Object address | AB3: worked hours
A4: Objekta ieņēmumi kopā | B4: Budget total | C4: =G4/2 -> 125557.59 | E4: =G4/2 -> 125557.59 | G4: =Y10+Y11 -> 251115.18 | J4: Time shedule, weeks | V4: total | X4: planned | Y4: =N6 -> 0 | AA4: Time shedule, weeks | AB4: 28/08-03/09 | AC4: 04/09-10/09 | AD4: 11/09-17/09 | AE4: 18/09-24/09 | AF4: 25/09-01/10 | AG4: 02/10-06/10 | AM4: total
A5: Objekta tiešie izdevumi | B5: Direct costs | C5: =C6+C7+C8+C9+C10+C11+C13+C14+C16+C15+C12 -> 65105.857 | E5: =E6+E7+E8+E9+E10+E11+E13+E14+E16+E15+E12 -> 158126.69 | G5: =G6+G7+G8+G9+G10+G11+G13+G14+G16+G15+G12+G17 -> 223232.55 | K5: 1 | L5: 2 | M5: 3 | N5: 4 | O5: 5 | P5: 6 | X5: in fact | Y5: =N7+V8 -> 0.11293147 | AB5: 1 | AC5: 2 | AD5: 3 | AE5: 4 | AF5: 5 | AG5: 6 | AH5: 7 | AI5: 8 | AJ5: 9 | AK5: 10 | AL5: 11
A6: materiālu un aprīkojuma iegāde | B6: materials and equipment | C6: =6504.2+5124.83+6406.31+446.74+491.9+780.1 -> 19754.08 | D6: =C6+C7+C8 -> 46504.08 | E6: -728.15 | F6: =E6+E7+E8 -> 136679.26 | G6: =C6+E6 -> 19025.93 | H6: =G6+G7+G8 -> 183183.34 | K6: 0.33 | L6: 0.66 | M6: 1 | V6: =M6 -> 1 | X6: hours per m2 | AB6: =AM6/6 -> 0 | AC6: =AB6 -> 0 | AD6: =AB6 -> 0 | AE6: =AM6/4 -> 0 | AF6: =AB6 -> 0 | AG6: =AB6 -> 0
A7: materiālu piegādes izdevumi | B7: delivery | E7: =480+620+250 -> 1350 | G7: =C7+E7 -> 1350 | K7: 0.33 | L7: 0.66 | M7: 1 | V7: =M7 -> 1 | X7: planned | Y7: =AM6/Y13 -> #DIV/0! | AM7: =AB7+AC7+AD7+AE7+AF7+AG7+AL7+AH7+AI7+AJ7+AK7 -> 0
A8: apakšuzņēmēji | B8: subcontractors | C8: =24000+2750 -> 26750 | E8: =4033.78-2750+696.31+4378.05+18632.74+1200+3976.39+129890.14-24000 -> 136057.41 | G8: =C8+E8 -> 162807.41 | M8: =Y11/Y10 -> 0.11293147 | V8: =SUM(K8:U8) -> 0.11293147 | X8: in fact | Y8: =AM7/Y13 -> #DIV/0!
A9: darba algas | B9: salaries | C9: =2209*1.42 -> 3136.78 | D9: =C9+C10+C11+C13+C12 -> 14475.917 | E9: =1114.7 -> 1114.7 | F9: =E9+E10+E11+E13+E12 -> 10776.902 | G9: =C9+E9 -> 4251.48 | H9: =G9+G10+G11+G13+G12 -> 25252.819
A10: DD VSAOI | B10: tax for salaries | C10: =C9*0.2359 -> 739.9664 | E10: =E9*0.2359 -> 262.95773 | G10: =C10+E10 -> 1002.9241 | X10: Contract amount EUR | Y10: 225634
A11: uzkrājums atvaļinājumam | B11: vacation allowance | C11: =(C9+C10)*0.08 -> 310.13971 | E11: =(E9+E10)*0.08 -> 110.21262 | G11: =C11+E11 -> 420.35233 | X11: Additional works, EUR | Y11: =15000+6974.65+3506.53 -> 25481.18
A12: administratīvie izdevumi 7% | B12: administrative costs 7% | C12: =(C4)*0.07 -> 8789.0313 | E12: =(E4)*0.07 -> 8789.0313 | G12: =C12+E12 -> 17578.063
A13: komandējuma dienas naudas | B13: travel allowance | C13: =15*2*50 -> 1500 | E13: =300+200 -> 500 | G13: =C13+E13 -> 2000 | X13: square m2
A14: komandējuma izdevumi- naktsmītne | B14: travel expenses (hotels) | C14: =379.8+789.13+251.2 -> 1420.13 | D14: =C14+C16+C15 -> 4125.86 | F14: =E14+E16+E15 -> 10670.53 | G14: =C14+E14 -> 1420.13 | H14: =G14+G16+G15+G17 -> 14796.39 | X14: object square | Y14: hours optimal/ m2
A15: komandējuma izdevumi- ceļš | B15: travel expenses ( tickets, road costs) | C15: =102+578.98+258.99+167.99+387.98+222.55+60 -> 1778.49 | E15: =387.98+222.55+30+30 -> 670.53 | G15: =C15+E15 -> 2449.02 | X15: m2<50 | Y15: 13
A16: citi izdevumi | B16: other expenses | C16: =27.99+47.11+644.14+208 -> 927.24 | E16: 10000 | G16: =C16+E16 -> 10927.24 | X16: 50<m2<100 | Y16: 12
A18: peļņa bruto | B18: profit/ loss | C18: =C4-C5 -> 60451.733 | D18: =C18/C4 -> 0.48146617 | E18: =E4-E5 -> -32569.102 | F18: =E18/E4 -> -0.25939572 | G18: =G4-G5 -> 27882.631 | H18: =G18/G4 -> 0.11103523
J19: Object address | K19: materials and equipments costs | X19: materials and equipment costs | AA19: Object address | AB19: travel and living costs
A20: Direct costs | B20: % | J20: Time shedule, weeks | M20: =M4 -> 0 | N20: 44718 | V20: total | X20: planned | Y20: =V22 -> 0 | AA20: Time shedule, weeks | AB20: 28/08-03/09 | AC20: 04/09-10/09 | AD20: 11/09-17/09 | AE20: 18/09-24/09 | AF20: 25/09-01/10 | AG20: 02/10-06/10 | AM20: total
A21: Materials, incl.delivery, and subcontractors | B21: =H6/G5*100 -> 82.059422 | K21: 1 | L21: 2 | M21: 3 | N21: 4 | O21: 5 | P21: 6 | X21: in fact | Y21: =G6 -> 19025.93 | AB21: 1 | AC21: 2 | AD21: 3 | AE21: 4 | AF21: 5 | AG21: 6 | AH21: 7 | AI21: 8 | AJ21: 9 | AK21: 10 | AL21: 11
A22: Salaries and taxes | B22: =H9/G5*100 -> 11.312337 | K22: =V22/4 -> 0 | L22: =K22 -> 0 | M22: =K22 -> 0 | N22: =V22/4 -> 0 | V22: =Y20 -> 0 | X22: travel and living costs | AB22: =AM22/6 -> 0 | AC22: =AB22 -> 0 | AD22: =AB22 -> 0 | AE22: =AM22/4 -> 0 | AF22: =AB22 -> 0 | AG22: =AB22 -> 0 | AM22: =Y23 -> 0
A23: Other costs | B23: =H14/G5*100 -> 6.6282404 | V23: =K23+L23+M23+N23+O23+P23+U23+Q23+R23+S23+T23 -> 0 | X23: planned | AM23: =AB23+AC23+AD23+AE23+AF23+AG23+AL23+AH23+AI23+AJ23+AK23 -> 0
X24: in fact | Y24: =G14+G15 -> 3869.15
X26: Subcontractors budget, EUR | Y26: =199924.87+10973.5 -> 210898.37
X27: Payments to subcontractor, EUR | Y27: =24000+48000+27000+10973.5+19916.64 -> 129890.14
X31: date of report
X32: 45349
A36: Apakšuzņēmēji | B36: kopā | C36: =C39+C43+C45+C47+C53+C57+C61 -> 162807.65
A37: ELEKTROMEISTER PETER SEYRING | B37: 2023 092591 25/09/2023 | C37: 2750
B38: 2023 100606 06/10/2023 | C38: 1283.78
C39: =C37+C38 -> 4033.78
A41: ELEKTRO LAT SIA | B41: LE49/10-2023, 03/10/2023 | C41: 15651.51
B42: LE52/10-2023 23/10/2023 | C42: 2981.23
C43: =C41+C42 -> 18632.74
A45: R82 SIA | B45: 1908 16/10/2023 | C45: 1200
A47: Systeex Brandschutzsysteme Gmbh | B47: 1023830759 13/10/2023 | C47: 3976.59
A49: GSS SIA | B49: GS23075 02/10/2023 | C49: 10973.5
B50: GS23076 16/10/2023 | C50: 48000
B51: GS23079 06/11/2023 | C51: 27000
B52: GS23086 15/12/2023 | C52: 43916.64
C53: =C52+C51+C50+C49 -> 129890.14
A55: Redooo GMBH | B55: 10003245 24/10/2023 | C55: 428.15
B56: 10003422 15/11/2023 | C56: 267.95
C57: =C55+C56 -> 696.1
A59: EL Support | B59: 86/2023 26/10/2023 | C59: 2008.8
B60: 82/2023 16/10/2023 | C60: 2369.5
C61: =C59+C60 -> 4378.3
A62: Transports | B62: kopā | C62: =C66 -> 1350
A63: SPARTA LOGISTISCS | B63: 40777 04/10/2023 | C63: 480
B64: 40834 06/10/2023 | C64: 620
B65: 40950 13/10/2023 | C65: 250
C66: =C63+C64+C65 -> 1350
A68: Materiāli | B68: kopā | C68: =C71+C73+C77+C81 -> 19026.01
A69: B+M BAUSTOFF METAL | B69: 2-2699107 28/09/2023 | C69: 6406.31
B70: 2-2699106 28/09/2023 | C70: 446.74
C71: =C69+C70 -> 6853.05
A73: ELEKTRO GM SIA | B73: 04898 13/09/2023 | C73: 5124.83
A75: Boels Rental | B75: 3422144661 21/09/2023 | C75: 491.9
B76: 3422144641 21/09/2023 | C76: 780.18
C77: =C75+C76 -> 1272.08
A79: Falcon | B79: 2031177 23/08/2023 | C79: 6504.2
C80: -728.15
C81: =C79+C80 -> 5776.05

Sheet AUH
A1: AUH | B1: Intimissimi and Calzedonia Auhof Center Albert-Schweitzer-Gasse 6, 1140 Wien Austria 22/08/2023-05/09/2023
A2: Object costs | J2: KPI
C3: augusts | E3: septembris | G3: Total | J3: Object address | K3: execution of contract | X3: execution of the contract | AA3: Object address | AB3: worked hours
A4: Objekta ieņēmumi kopā | B4: Budget total | C4: =G4/4*3 -> 65700 | E4: =G4/4 -> 21900 | G4: =Y10+Y11 -> 87600 | J4: Time shedule, weeks | K4: 22/08-28/08 | L4: 29/08-04/09 | M4: 05/09-07/09 | N4: 05/09-07/09 | V4: total | X4: planned | Y4: =N6 -> 1 | AA4: Time shedule, weeks | AB4: 22/08-28/08 | AC4: 29/08-04/09 | AD4: 05/09-07/09 | AM4: total
A5: Objekta tiešie izdevumi | B5: Direct costs | C5: =C6+C7+C8+C9+C10+C11+C13+C14+C16+C15+C12 -> 45139.08 | E5: =E6+E7+E8+E9+E10+E11+E13+E14+E16+E15+E12 -> 15676.537 | G5: =G6+G7+G8+G9+G10+G11+G13+G14+G16+G15+G12 -> 60815.616 | K5: 1 | L5: 2 | M5: 3 | N5: 4 | O5: 5 | P5: 6 | X5: in fact | Y5: =N7+V8 -> 0.018604651 | AB5: 1 | AC5: 2 | AD5: 3 | AE5: 4 | AF5: 5 | AG5: 6 | AH5: 7 | AI5: 8 | AJ5: 9 | AK5: 10 | AL5: 11
A6: materiālu un aprīkojuma iegāde | B6: materials and equipment | C6: =10972.19+495.8 -> 11467.99 | D6: =C6+C7+C8 -> 13329.69 | E6: 437.59 | F6: =E6+E7+E8 -> 9577.19 | G6: =C6+E6 -> 11905.58 | H6: =G6+G7+G8 -> 22906.88 | K6: 0.33 | L6: 0.66 | M6: 1 | N6: 1 | V6: =M6 -> 1 | X6: hours per m2 | AB6: =AM6/3 -> 336.66667 | AC6: =AB6 -> 336.66667 | AD6: =AB6 -> 336.66667 | AE6: =AM6/4 -> 252.5 | AM6: =558+452 -> 1010
A7: materiālu piegādes izdevumi | B7: delivery | E7: =550+175 -> 725 | G7: =C7+E7 -> 725 | V7: =M7 -> 0 | X7: planned | Y7: =AM6/Y13 -> 8.2401893 | AB7: 453.5 | AC7: 317 | AD7: 169.5 | AM7: =AB7+AC7+AD7+AE7+AF7+AG7+AL7+AH7+AI7+AJ7+AK7 -> 940
A8: apakšuzņēmēji | B8: subcontractors | C8: 1861.7 | E8: =880+933.6+5969+632 -> 8414.6 | G8: =C8+E8 -> 10276.3 | M8: =Y11/Y10 -> 0.018604651 | V8: =SUM(K8:U8) -> 0.018604651 | X8: in fact | Y8: =AM7/Y13 -> 7.6690871
A9: darba algas | B9: salaries | C9: =((3000/4.5*2*2)+281.5*15+183.5*13.5+99*12+104*14+102.5*13.5-C13)*1.42 -> 9789.7167 | D9: =C9+C10+C11+C13+C12 -> 24166.04 | E9: =(9*15+20.3*14+20*15+26.1*15+24.5*12+278.1+253.5*2+907.15/13*3-E13)*1.42 -> 1063.7821 | F9: =E9+E10+E11+E13+E12 -> 4602.9065 | G9: =C9+E9 -> 10853.499 | H9: =G9+G10+G11+G13+G12 -> 28768.946
A10: DD VSAOI | B10: tax for salaries | C10: =C9*0.2359 -> 2309.3942 | E10: =E9*0.2359 -> 250.94619 | G10: =C10+E10 -> 2560.3404 | X10: Contract amount EUR | Y10: =45500+40500 -> 86000
A11: uzkrājums atvaļinājumam | B11: vacation allowance | C11: =(C9+C10)*0.08 -> 967.92887 | E11: =(E9+E10)*0.08 -> 105.17826 | G11: =C11+E11 -> 1073.1071 | X11: Additional works, EUR | Y11: 1600
A12: administratīvie izdevumi 7% | B12: administrative costs 7% | C12: =(C4)*0.07 -> 4599 | E12: =(E4)*0.07 -> 1533 | G12: =C12+E12 -> 6132
A13: komandējuma dienas naudas | B13: travel allowance | C13: =130*50 -> 6500 | E13: =33*50 -> 1650 | G13: =C13+E13 -> 8150 | X13: square m2 | Y13: =70.79+51.78 -> 122.57
A14: komandējuma izdevumi- naktsmītne | B14: travel expenses (hotels) | C14: =3410+198+188+83.72+1126.83 -> 5006.55 | D14: =C14+C16+C15 -> 7643.35 | F14: =E14+E16+E15 -> 1496.44 | G14: =C14+E14 -> 5006.55 | H14: =G14+G16+G15 -> 9139.79 | X14: object square | Y14: hours optimal/ m2
A15: komandējuma izdevumi- ceļš | B15: travel expenses ( tickets, road costs) | C15: =206.18+29+176.48+38.71+461.57+100.54+231.98+81.1+163.13+115.51+233.99+126.86+81.1 -> 2046.15 | G15: =C15+E15 -> 2046.15 | X15: m2<50 | Y15: 13
A16: citi izdevumi | B16: other expenses | C16: =465.65+125 -> 590.65 | E16: =6.6+496.6+253.23+450+104.01+42+144 -> 1496.44 | G16: =C16+E16 -> 2087.09 | X16: 50<m2<100 | Y16: 12
A17: peļņa bruto | B17: profit/ loss | C17: =C4-C5 -> 20560.92 | D17: =C17/C4 -> 0.3129516 | E17: =E4-E5 -> 6223.4635 | F17: =E17/E4 -> 0.28417641 | G17: =G4-G5 -> 26784.384 | H17: =G17/G4 -> 0.30575781
J18: Object address | K18: materials and equipments costs | X18: materials and equipment costs | AA18: Object address | AB18: travel and living costs
A19: Direct costs | B19: % | J19: Time shedule, weeks | K19: 22/08-28/08 | L19: 29/08-04/09 | M19: 05/09-07/09 | V19: total | X19: planned | Y19: =5797.47+4303 -> 10100.47 | AA19: Time shedule, weeks | AB19: 22/08-28/08 | AC19: 29/08-04/09 | AD19: 05/09-07/09 | AM19: total
A20: Materials, incl.delivery, and subcontractors | B20: =H6/G5*100 -> 37.666115 | K20: 1 | L20: 2 | M20: 3 | N20: 4 | O20: 5 | P20: 6 | X20: in fact | Y20: =G6+G7 -> 12630.58 | AB20: 1 | AC20: 2 | AD20: 3 | AE20: 4 | AF20: 5 | AG20: 6 | AH20: 7 | AI20: 8 | AJ20: 9 | AK20: 10 | AL20: 11
A21: Salaries and taxes | B21: =H9/G5*100 -> 47.305196 | K21: =V21/4 -> 2525.1175 | L21: =K21 -> 2525.1175 | M21: =K21 -> 2525.1175 | N21: =V21/4 -> 2525.1175 | V21: =Y19 -> 10100.47 | X21: travel and living costs | AB21: =AM21/4 -> 2171.5 | AC21: =AB21 -> 2171.5 | AD21: =AB21 -> 2171.5 | AE21: =AM21/4 -> 2171.5 | AM21: =Y22 -> 8686
A22: Other costs | B22: =H14/G5*100 -> 15.028689 | V22: =K22+L22+M22+N22+O22+P22+U22+Q22+R22+S22+T22 -> 0 | X22: planned | Y22: =4936+3750 -> 8686 | AB22: =4207.66+461.57+100.54 -> 4769.77 | AC22: =231.98+842+1126+82.7 -> 2282.68 | AM22: =AD22+AC22+AB22 -> 7052.45
X23: in fact | Y23: =AM22 -> 7052.45
X25: Subcontractors budget, EUR | Y25: 4794
X26: Payments to subcontractor, EUR | Y26: =6178.48+880 -> 7058.48
X30: date of report
X31: 45197

Sheet FAL
A1: FAL | B1: Falconeri, Sturegatan 4, 114 35 Stockholm, Sweden 04/09/2023-02/10/2023, 29/11/2023-30/11/2023
A2: Object costs | L2: KPI
C3: Septembris | E3: Oktobris | G3: Novembris | I3: Total | L3: Object address | M3: execution of contract | Z3: execution of the contract | AC3: Object address | AD3: worked hours
A4: Objekta ieņēmumi kopā | B4: Budget total | C4: =AA10 -> 75100.2 | E4: =AA11 -> 5153.47 | I4: =AA10+AA11+G4 -> 80253.67 | J4: =D4+F4 -> 0 | L4: Time shedule, weeks | X4: total | Z4: planned | AA4: =X6 -> 1 | AC4: Time shedule, weeks | AD4: 04/09-10/09 | AE4: 11/09-17/09 | AF4: 18/09-24/09 | AG4: 25/09-01/10 | AH4: 02/10-06/10 | AI4: 45231 | AO4: total
A5: Objekta tiešie izdevumi | B5: Direct costs | C5: =C6+C7+C8+C9+C10+C11+C13+C14+C16+C15+C12 -> 45339.042 | E5: =E6+E7+E8+E9+E10+E11+E13+E14+E16+E15+E12 -> 6080.5123 | G5: =G6+G7+G8+G9+G10+G11+G13+G14+G16+G15+G12 -> 0 | I5: =C5+E5+G5 -> 51419.554 | M5: 1 | N5: 2 | O5: 3 | P5: 4 | Q5: 5 | R5: 6 | Z5: in fact | AA5: =P7+X8 -> 0.068621255 | AD5: 1 | AE5: 2 | AF5: 3 | AG5: 4 | AH5: 5 | AI5: 6 | AJ5: 7 | AK5: 8 | AL5: 9 | AM5: 10 | AN5: 11
A6: materiālu un aprīkojuma iegāde | B6: materials and equipment | C6: =1145.67+837.22+449.79+67.33+347.82+472.54+39.36+154.09+320.72+15.92+121.47+119.16+573.24+299.75+116.76+750+C69+66.07+311.92 -> 10854.474 | D6: =C6+C7+C8 -> 11409.474 | E6: =145+135.39+70.99+22.95+69.66+191.76+51.09+485.32 -> 1172.16 | F6: =E6+E7+E8 -> 1842.16 | H6: =G6+G7+G8 -> 0 | I6: =C6+E6+G6 -> 12026.634 | J6: =I6+I7+I8 -> 13251.634 | M6: 0.25 | N6: 0.5 | O6: 0.75 | P6: 1 | X6: =P6 -> 1 | Z6: hours per m2 | AD6: =AO6/4 -> 200.25 | AE6: =AD6 -> 200.25 | AF6: =AD6 -> 200.25 | AG6: =AD6 -> 200.25 | AO6: 801
A7: materiālu piegādes izdevumi | B7: delivery | C7: =175+230 -> 405 | E7: 270 | I7: =C7+E7+G7 -> 675 | X7: =R7 -> 0 | Z7: planned | AA7: =AO6/AA13 -> 9.5676063 | AD7: 209 | AE7: 209 | AF7: 209 | AG7: 216 | AH7: 146 | AO7: =AD7+AE7+AF7+AG7+AH7+AI7+AN7+AJ7+AK7+AL7+AM7 -> 989
A8: apakšuzņēmēji | B8: subcontractors | C8: 150 | E8: 400 | I8: =C8+E8+G8 -> 550 | R8: =AA11/AA10 -> 0.068621255 | X8: =SUM(M8:W8) -> 0.068621255 | Z8: in fact | AA8: =AO7/AA13 -> 11.813187
A9: darba algas | B9: salaries | C9: =(4742.95+1614.5+907.15/13*5)*1.42 -> 9523.0225 | D9: =C9+C10+C11+C13+C12 -> 23368.078 | E9: =(((53.8+45.7)*15+(45.7+13)*14)-E13)*1.42 -> 2079.306 | F9: =E9+E10+E11+E13+E12 -> 3986.1423 | H9: =G9+G10+G11+G13+G12 -> 0 | I9: =C9+E9+G9 -> 11602.328 | J9: =I9+I10+I11+I13+I12 -> 27354.22
A10: DD VSAOI | B10: tax for salaries | C10: =C9*0.2359 -> 2246.481 | E10: =E9*0.2359 -> 490.50829 | I10: =C10+E10+G10 -> 2736.9893 | Z10: Contract amount EUR | AA10: 75100.2
A11: uzkrājums atvaļinājumam | B11: vacation allowance | C11: =(C9+C10)*0.08 -> 941.56028 | E11: =(E9+E10)*0.08 -> 205.58514 | I11: =C11+E11+G11 -> 1147.1454 | Z11: Additional works, EUR | AA11: =1700+C57-C64+G4 -> 5153.47
A12: administratīvie izdevumi 7% | B12: administrative costs 7% | C12: =(C4)*0.07 -> 5257.014 | E12: =(E4)*0.07 -> 360.7429 | I12: =C12+E12+G12 -> 5617.7569
A13: komandējuma dienas naudas | B13: travel allowance | C13: =108*50 -> 5400 | E13: =17*50 -> 850 | I13: =C13+E13+G13 -> 6250 | Z13: square m2 | AA13: 83.72
A14: komandējuma izdevumi- naktsmītne | B14: travel expenses (hotels) | C14: =3419.74-300+436.92+70+404.4+263.01+474.42+255.35 -> 5023.84 | D14: =C14+C16+C15 -> 10561.49 | F14: =E14+E16+E15 -> 252.21 | H14: =G14+G16+G15 -> 0 | I14: =C14+E14+G14 -> 5023.84 | J14: =I14+I16+I15 -> 10813.7 | Z14: object square | AA14: hours optimal/ m2
A15: komandējuma izdevumi- ceļš | B15: travel expenses ( tickets, road costs) | C15: =106.99+727.5+77.99+26.94+40-158.63-143+164.37+190.33+125.63+238+165.99+141.99+328.98+196.61+333.81-1252.88+27.53+389.98+147.5+32.68+95.84+53.58+27.75 -> 2085.48 | E15: 204.29 | I15: =C15+E15+G15 -> 2289.77 | Z15: m2<50 | AA15: 13
A16: citi izdevumi | B16: other expenses | C16: =207.68+125+1172.17+467.38+30+126.64+7.76+15.14+29.68+109.4+15.98+26.92+26.96+17.92+50.4+15.14+36.29+23.66+58.1+455.89+314+120.06 -> 3452.17 | E16: =17.39+17.62+12.91 -> 47.92 | I16: =C16+E16+G16 -> 3500.09 | Z16: 50<m2<100 | AA16: 12
A17: peļņa bruto | B17: profit/ loss | C17: =C4-C5 -> 29761.158 | D17: =C17/C4 -> 0.396286 | E17: =E4-E5 -> -927.04233 | F17: =E17/E4 -> -0.17988701 | G17: =G4-G5 -> 0 | H17: =G17/G4 -> #DIV/0! | I17: =I4-I5 -> 28834.116 | J17: =I17/I4 -> 0.35928719
L18: Object address | M18: materials and equipments costs | Z18: materials and equipment costs | AC18: Object address | AD18: travel and living costs
A19: Direct costs | B19: % | L19: Time shedule, weeks | X19: total | Z19: planned | AA19: 7530 | AC19: Time shedule, weeks | AD19: 04/09-10/09 | AE19: 11/09-17/09 | AF19: 18/09-24/09 | AG19: 25/09-02/10 | AH19: 02/10-06/10 | AI19: 45231 | AO19: total
A20: Materials, incl.delivery, and subcontractors | B20: =J6/I5*100 -> 25.771585 | M20: 1 | N20: 2 | O20: 3 | P20: 4 | Q20: 5 | R20: 6 | Z20: in fact | AA20: =I6 -> 12026.634 | AD20: 1 | AE20: 2 | AF20: 3 | AG20: 4 | AH20: 5 | AI20: 6 | AJ20: 7 | AK20: 8 | AL20: 9 | AM20: 10 | AN20: 11
A21: Salaries and taxes | B21: =J9/I5*100 -> 53.198089 | M21: =X21/4 -> 1882.5 | N21: =M21 -> 1882.5 | O21: =M21 -> 1882.5 | P21: =M21 -> 1882.5 | X21: =AA19 -> 7530 | Z21: travel and living costs | AD21: =AO21/5 -> 1190 | AE21: =AD21 -> 1190 | AF21: =AD21 -> 1190 | AG21: =AD21 -> 1190 | AO21: =AA22 -> 5950
A22: Other costs | B22: =J14/I5*100 -> 21.030326 | X22: =Q22+P22+O22+N22+M22 -> 0 | Z22: planned | AA22: 5950 | AD22: =3119.74+106.99+727.5+77.99+26.94+164.37+190.33+125.63 -> 4539.49 | AE22: =436.92+238 -> 674.92 | AF22: =165.99+141.99+328.98+196.61+333.81+212.77-1252.88+95.84 -> 223.11 | AG22: =263.01+27.53+389.98+147.5+474.72+32.68+27.75+53+255.35 -> 1671.52 | AH22: =204.29 -> 204.29 | AO22: =AD22+AE22+AF22+AG22+AH22+AI22+AN22+AJ22+AK22+AL22+AM22 -> 7313.33
Z23: in fact | AA23: =AO22 -> 7313.33 | AE23: ]
Z25: Subcontractors budget, EUR
Z26: Payments to subcontractor, EUR
Z30: date of report
Z31: 45258
A36: Līgums | B36: 0.3 | C36: 0.6 | D36: 0.1 | E36: kontrole
A37: 723835.79 | B37: =ROUND($A$37*0.3,2) -> 217150.74 | C37: =ROUND($A$37*0.6,2) -> 434301.47 | D37: =ROUND($A$37*0.1,2) -> 72383.58 | E37: =D37+C37+B37 -> 723835.79 | I37: =D37+C37+B37 -> 723835.79
A38: 11.476 | B38: kurss 20/07 | C38: https://sdw.ecb.europa.eu/curConverter.do?sourceAmount=1.0&sourceCurrency=SEK&targetCurrency=EUR&inputDate=20-07-2023&submitConvert.x=73&submitConvert.y=6
A39: =ROUND(A37/$A$38,2) -> 63073.88 | B39: =ROUND(B37/$A$38,2) -> 18922.16 | C39: =ROUND(C37/$A$38,2) -> 37844.32 | D39: =ROUND(D37/$A$38,2)+0.01 -> 6307.4 | E39: =SUM(B39:D39) -> 63073.88 | I39: =D39+C39+B39 -> 63073.88
A41: Kurss Māra aprēķinos
A42: 11.62
A43: =ROUND(A37/A42,2) -> 62292.24
A44: =A39-A43 -> 781.64
A45: Līgums- atjaunots piedāvājums 17/08/23
A46: 774406.35
A48: Līgums- atjaunots piedāvājums 18/09/2023
A49: 862112.72 | B49: =ROUND(A49/11.4795,2) -> 75100.2 | C49: =C39 -> 37844.32 | D49: =A49-B37-C37 -> 210660.51
A50: =ROUND(A49/11.4795,2) -> 75100.2 | C50: =B39 -> 18922.16 | Z50: =20/12*3 -> 5
C51: =B49-C49-C50 -> 18333.72 | D51: pēdējais maksājums | Z51: =1.6*3 -> 4.8
A52: =A49/11.926 -> 72288.506 | B52: ECB kurss | D52: =D39-C51 -> -12026.32
A54: Līgums- atjaunots piedāvājums 17/10/2023
A55: 938132.26 | B55: =ROUND(A55/11.4795,2) -> 81722.4 | C55: =C50+C49+C51 -> 75100.2 | D55: =A55-B43-C43 -> 938132.26
A56: =ROUND(A55/11.4795,2) -> 81722.4 | C56: 1700 | D56: radiatoru restes
C57: =B55-C55-C56 -> 4922.2 | D57: pēdējais maksājums par papilddarbiem
A58: =A55/11.5643 -> 81123.134 | B58: ECB Kurss | D58: =D45-C57 -> -4922.2
A60: Līgums- atjaunots piedāvājums 24/10/2023
A61: 921271.96 | B61: =ROUND(A61/11.4795,2) -> 80253.67 | C61: =C55 -> 75100.2 | D61: =A61-B49-C49 -> 808327.44 | Z61: Agreement amount
A62: =ROUND(A61/11.4795,2) -> 80253.67 | C62: 1700 | D62: radiatoru restes | Z62: =A61 -> 921271.96 | AA62: EUR 80253.67
C63: =B61-C61-C62 -> 3453.47 | D63: pēdējais maksājums par papilddarbiem
A64: =A61/11.707 -> 78694.111 | B64: ECB Kurss | C64: =C57-C63 -> 1468.73 | D64: kredītrēķins
Z65: Invoices | AA65: amount EUR | AB65: payment term | AD65: payment recieved EUR
Z66: 2023 1/FAL | AA66: 18922.16 | AB66: 45054 | AD66: 18/08/2023 | AE66: =AA66 -> 18922.16
Z67: 2023 2/FAL | AA67: 37844.32 | AB67: 18/10/2023 | AD67: 13/10/2023 | AE67: =AA67 -> 37844.32
A68: Buildup rēķini | B68: =SUM(B69:B87) -> 53575.89 | C68: 11.5325 | Z68: 2023 3/FAL | AA68: 18333.72 | AB68: 45027
C69: =B68/C68 -> 4645.644 | Z69: 2023 4/FAL | AA69: 1700 | AB69: 20/10/2023
A70: Optimera, 63628846 | B70: 2279.17
A71: Optimera, 63548770 | B71: 2308.37 | Z71: 2023 5/FAL | AA71: 4922.2 | AB71: 18/11/2023
A72: Optimera, 63548788 | B72: 193.42 | Z72: 2023 6/FAL | AA72: -1468.73 | AB72: 18/11/2023
A73: Optimera, 63231930 | B73: 2793.31 | Z73: Total invocies amount EUR | AA73: =SUM(AA66:AA72) -> 80253.67 | AB73: Total paid amount EUR26/10/203 | AE73: =SUM(AE66:AE72) -> 56766.48
A74: Optimera, 62851019 | B74: 5350.58
A75: Optimera, 62984349 | B75: 3480.5
A76: Optimera, 62865639 | B76: 1572.64
A77: Optimera, 62939905 | B77: 1752.26
A78: Optimera, 62954821 | B78: 5653.97
A79: Optimera, 62970108 | B79: 1950.67
A80: Circla, 144440 | B80: 2852
A81: Circla, 144403 | B81: 5564
A82: Circla, 144352 | B82: 4553
A83: Circla, 144311 | B83: 944
A84: Circla , 145490 | B84: 671
A85: Circla, 144968 | B85: 5140
... A87: Circla, 144676 | B87: 3629

Sheet DOR
A1: DOR | B1: Calzedonia DORTMUND WESTENHELLWEG 24, 13/08-28/08
A2: Object costs | L2: KPI | AP2: =J9-I12-I11 -> 16730.374
C3: Augusts | I3: Total | L3: Object address | M3: execution of contract | Z3: execution of the contract | AC3: Object address | AD3: worked hours | AP3: =AP2/AO7 -> 20.084483
A4: Objekta ieņēmumi kopā | B4: Budget total | C4: =AA10+AA11 -> 80805.52 | G4: =I4*0.7 -> 56563.864 | I4: =AA10+AA11 -> 80805.52 | J4: =D4+F4 -> 0 | L4: Time shedule, weeks | M4: 13/08-20/08 | N4: 01/08-07/08 | O4: 08/08-14/08 | P4: 15/08-21/08 | Q4: 22/08-28/08 | R4: 21/08-28/08 | X4: total | Z4: planned | AA4: 1 | AC4: Time shedule, weeks | AD4: 13/08-20/08 | AE4: 01/08-07/08 | AF4: 08/08-14/08 | AG4: 15/08-21/08 | AH4: 22/08-28/08 | AI4: 21/08-28/08 | AO4: total
A5: Objekta tiešie izdevumi | B5: Direct costs | C5: =C6+C7+C8+C9+C10+C11+C13+C14+C16+C15+C12 -> 43134.151 | E5: =E6+E7+E8+E9+E10+E11+E13+E14+E16+E15+E12 -> 0 | G5: =G6+G7+G8+G9+G10+G11+G13+G14+G16+G15+G12 -> 0 | I5: =I6+I7+I8+I9+I10+I11+I13+I14+I16+I15+I12 -> 43134.151 | M5: 1 | N5: 2 | O5: 3 | P5: 4 | Q5: 5 | R5: 3 | S5: 4 | T5: 5 | Z5: in fact | AA5: =X7+X8 -> 1.066935 | AD5: 1 | AE5: 2 | AF5: 3 | AG5: 4 | AH5: 5 | AI5: 3 | AJ5: 4 | AK5: 5 | AL5: 9 | AM5: 10 | AN5: 11
A6: materiālu un aprīkojuma iegāde | B6: materials and equipment | C6: =6544.22+423.12/2-579.05 -> 6176.73 | D6: =C6+C7+C8 -> 13352.68 | F6: =E6+E7+E8 -> 0 | H6: =G6+G7+G8 -> 0 | I6: =C6+E6+G6 -> 6176.73 | J6: =I6+I7+I8 -> 13352.68 | M6: 0.05 | R6: 0.35 | S6: 0.65 | T6: 1 | X6: =T6 -> 1 | Z6: hours per m2 | AD6: =AO6/2 -> 483 | AI6: =AD6 -> 483 | AJ6: =AD6 -> 483 | AK6: =AD6 -> 483 | AO6: 966
A7: materiālu piegādes izdevumi | B7: delivery | C7: =750+720 -> 1470 | I7: =C7+E7+G7 -> 1470 | X7: 1 | Z7: planned | AA7: =AO6/AA13 -> 11.2 | AD7: 415 | AI7: =400+18 -> 418 | AO7: =AD7+AE7+AF7+AG7+AH7+AI7+AN7+AJ7+AK7+AL7+AM7 -> 833
A8: apakšuzņēmēji | B8: subcontractors | C8: =422+3376.16+475.41+1432.38 -> 5705.95 | I8: =C8+E8+G8 -> 5705.95 | X8: =AA11/AA10 -> 0.066935037 | Z8: in fact | AA8: =AO7/AA13 -> 9.657971
A9: darba algas | B9: salaries | C9: =((276*15+129.5*16+149.5*14+130*13+130*12)-C13)*1.42 -> 9734.1 | D9: =C9+C10+C11+C13+C12 -> 23349.191 | F9: =E9+E10+E11+E13+E12 -> 0 | H9: =G9+G10+G11+G13+G12 -> 0 | I9: =C9+E9+G9 -> 9734.1 | J9: =I9+I10+I11+I13+I12 -> 23349.191
A10: DD VSAOI | B10: tax for salaries | C10: =C9*0.2359 -> 2296.2742 | E10: =E9*0.2359 -> 0 | G10: =G9*0.2359 -> 0 | I10: =C10+E10+G10 -> 2296.2742 | Z10: Contract amount EUR | AA10: 75736.12
A11: uzkrājums atvaļinājumam | B11: vacation allowance | C11: =(C9+C10)*0.08 -> 962.42994 | E11: =(E9+E10)*0.08 -> 0 | G11: =(G9+G10)*0.08 -> 0 | I11: =C11+E11+G11 -> 962.42994 | Z11: Additional works, EUR | AA11: 5069.4
A12: administratīvie izdevumi 7% | B12: administrative costs 7% | C12: =(C4)*0.07 -> 5656.3864 | E12: =(E13+E11+E10+E9)*0.07 -> 0 | G12: =(G13+G11+G10+G9)*0.07 -> 0 | I12: =C12+E12+G12 -> 5656.3864
A13: komandējuma dienas naudas | B13: travel allowance | C13: =94*50 -> 4700 | I13: =C13+E13+G13 -> 4700 | Z13: square m2 | AA13: 86.25
A14: komandējuma izdevumi- naktsmītne | B14: travel expenses (hotels) | C14: =4084+84.15 -> 4168.15 | D14: =C14+C16+C15 -> 6432.28 | F14: =E14+E16+E15 -> 0 | H14: =G14+G16+G15 -> 0 | I14: =C14+E14+G14 -> 4168.15 | J14: =I14+I16+I15 -> 6432.28 | Z14: object square | AA14: hours optimal/ m2
A15: komandējuma izdevumi- ceļš | B15: travel expenses ( tickets, road costs) | C15: =363.99+31.8+604.5+656.94 -> 1657.23 | I15: =C15+E15+G15 -> 1657.23 | Z15: m2<50 | AA15: 13
A16: citi izdevumi | B16: other expenses | C16: =481.9+125 -> 606.9 | I16: =C16+E16+G16 -> 606.9 | Z16: 50<m2<100 | AA16: 12
A17: peļņa bruto | B17: profit/ loss | C17: =C4-C5 -> 37671.369 | D17: =C17/C4 -> 0.46619797 | E17: =E4-E5 -> 0 | F17: =E17/E4 -> #DIV/0! | G17: =G4-G5 -> 56563.864 | H17: =G17/G4 -> 1 | I17: =I4-I5 -> 37671.369 | J17: =I17/I4 -> 0.46619797
L18: Object address | M18: materials and equipments costs | Z18: materials and equipment costs | AC18: Object address | AD18: travel and living costs
A19: Direct costs | B19: % | L19: Time shedule, weeks | M19: 13/08-20/08 | N19: 01/08-07/08 | O19: 08/08-14/08 | P19: 15/08-21/08 | Q19: 22/08-28/08 | R19: 21/08-28/08 | S19: 05/09-11/09 | T19: 12/09-18/09 | U19: 19/09-21/09 | X19: total | Z19: planned | AA19: 10520 | AC19: Time shedule, weeks | AD19: 13/08-20/08 | AE19: 01/08-07/08 | AF19: 08/08-14/08 | AG19: 15/08-21/08 | AH19: 22/08-28/08 | AI19: 21/08-28/08 | AO19: total
A20: Materials, incl.delivery, and subcontractors | B20: =J6/I5*100 -> 30.956168 | M20: 1 | N20: 2 | O20: 3 | P20: 4 | Q20: 5 | R20: 3 | S20: 4 | T20: 5 | Z20: in fact | AA20: =I6+I7 -> 7646.73 | AD20: 1 | AE20: 2 | AF20: 3 | AG20: 4 | AH20: 5 | AI20: 3 | AJ20: 4 | AK20: 5 | AL20: 9 | AM20: 10 | AN20: 11
A21: Salaries and taxes | B21: =J9/I5*100 -> 54.131565 | M21: =X21/4 -> 2630 | R21: =M21 -> 2630 | S21: =M21 -> 2630 | T21: =M21 -> 2630 | X21: =AA19 -> 10520 | Z21: travel and living costs | AD21: =AO21/2 -> 4800 | AI21: =AD21 -> 4800 | AJ21: =AD21 -> 4800 | AK21: =AD21 -> 4800 | AO21: =AA22 -> 9600
A22: Other costs | B22: =J14/I5*100 -> 14.912268 | X22: =T22+S22+R22+M22+U22 -> 0 | Z22: planned | AA22: 9600 | AD22: =4084+363.99 -> 4447.99 | AI22: =1293.23+84.15 -> 1377.38 | AO22: =AD22+AE22+AF22+AG22+AH22+AI22+AN22+AJ22+AK22+AL22+AM22 -> 5825.37
Z23: in fact | AA23: =AO22 -> 5825.37
Z25: Subcontractors budget, EUR | AA25: 9555
Z26: Payments to subcontractor, EUR | AA26: =I8 -> 5705.95
Z30: date of report
Z31: 45184

Sheet OLD
A1: OLD | B1: Calzedonia, Lange Strasse 70, Oldenburg, Germany, 30/07-11/08
A2: Object costs | L2: KPI | AP2: =J9-I12-I11 -> 17897.772
C3: Jūlijs 2022 | E3: Augusts | G3: Septembris 2022 | I3: Total | L3: Object address | M3: execution of contract | Z3: execution of the contract | AC3: Object address | AD3: worked hours | AP3: =AP2/AO7 -> 30.232723
A4: Objekta ieņēmumi kopā | B4: Budget total | C4: 0 | E4: =I4 -> 40953.42 | I4: =AA10+G4+AA11 -> 40953.42 | L4: Time shedule, weeks | M4: 30/07-06/08 | N4: 07/08-11/08 | X4: total | Z4: planned | AA4: 1 | AC4: Time shedule, weeks | AD4: 30/07-06/08 | AE4: 07/08-11/08 | AF4: =O4 -> 0 | AG4: =P4 -> 0 | AO4: total
A5: Objekta tiešie izdevumi | B5: Direct costs | C5: =C6+C7+C8+C9+C10+C11+C13+C14+C16+C15+C12 -> 8272.9202 | E5: =E6+E7+E8+E9+E10+E11+E13+E14+E16+E15+E12 -> 28217.033 | G5: =G6+G7+G8+G9+G10+G11+G13+G14+G16+G15+G12 -> 0 | I5: =I6+I7+I8+I9+I10+I11+I13+I14+I16+I15+I12 -> 36489.953 | M5: 1 | N5: 2 | O5: 3 | P5: 4 | Q5: 5 | R5: 6 | Z5: in fact | AA5: =X7+X8 -> 1.0631183 | AD5: 1 | AE5: 2 | AF5: 3 | AG5: 4 | AH5: 5 | AI5: 6 | AJ5: 7 | AK5: 8 | AL5: 9 | AM5: 10 | AN5: 11
A6: materiālu un aprīkojuma iegāde | B6: materials and equipment | C6: =458+1826.7+205+71.9+89.4 -> 2651 | D6: =C6+C7+C8 -> 2651 | E6: =3737.53+423.18/2 -> 3949.12 | F6: =E6+E7+E8 -> 8087.05 | H6: =G6+G7+G8 -> 0 | I6: =C6+E6+G6 -> 6600.12 | J6: =I6+I7+I8 -> 10738.05 | M6: 0.25 | N6: 0.75 | O6: 1 | X6: =O6 -> 1 | Z6: hours per m2 | AD6: =AO6/2 -> 233 | AE6: =AO6/2 -> 233 | AO6: 466
A7: materiālu piegādes izdevumi | B7: delivery | E7: =175+425 -> 600 | I7: =C7+E7+G7 -> 600 | X7: 1 | Z7: planned | AA7: =AO6/AA13 -> 8.041415 | AD7: =45+245.5 -> 290.5 | AE7: 301.5 | AO7: =AD7+AE7+AF7+AG7+AH7+AI7+AN7+AJ7+AK7+AL7+AM7 -> 592
A8: apakšuzņēmēji | B8: subcontractors | E8: =7.14+45.22+2396.32+560+529.25 -> 3537.93 | I8: =C8+E8+G8 -> 3537.93 | X8: =AA11/AA10 -> 0.063118251 | Z8: in fact | AA8: =AO7/AA13 -> 10.215703
A9: darba algas | B9: salaries | C9: 1142.39 | D9: =C9+C10+C11+C13+C12 -> 2174.8302 | E9: =((108*16+240.5*15+106*14+93*12)-C13)*1.42 -> 10345.41 | F9: =E9+E10+E11+E13+E12 -> 19725.503 | H9: =G9+G10+G11+G13+G12 -> 0 | I9: =C9+E9+G9 -> 11487.8 | J9: =I9+I10+I11+I13+I12 -> 21900.333
A10: DD VSAOI | B10: tax for salaries | C10: =C9*0.2359 -> 269.4898 | E10: =E9*0.2359 -> 2440.4822 | G10: =G9*0.2359 -> 0 | I10: =C10+E10+G10 -> 2709.972 | Z10: Contract amount EUR | AA10: 38521.98
A11: uzkrājums atvaļinājumam | B11: vacation allowance | C11: =(C9+C10)*0.08 -> 112.95038 | E11: =(E9+E10)*0.08 -> 1022.8714 | G11: =(G9+G10)*0.08 -> 0 | I11: =C11+E11+G11 -> 1135.8218 | Z11: Additional works, EUR | AA11: 2431.44
A12: administratīvie izdevumi 7% | B12: administrative costs 7% | C12: =(C4)*0.07 -> 0 | E12: =(E4)*0.07 -> 2866.7394 | G12: =(G13+G11+G10+G9)*0.07 -> 0 | I12: =C12+E12+G12 -> 2866.7394
A13: komandējuma dienas naudas | B13: travel allowance | C13: 650 | E13: =61*50 -> 3050 | I13: =C13+E13+G13 -> 3700 | Z13: square m2 | AA13: 57.95
A14: komandējuma izdevumi- naktsmītne | B14: travel expenses (hotels) | C14: 2016 | D14: =C14+C16+C15 -> 3447.09 | F14: =E14+E16+E15 -> 404.48 | H14: =G14+G16+G15 -> 0 | I14: =C14+E14+G14 -> 2016 | J14: =I14+I16+I15 -> 3851.57 | Z14: object square | AA14: hours optimal/ m2
A15: komandējuma izdevumi- ceļš | B15: travel expenses ( tickets, road costs) | C15: =1103.18+163.98+25 -> 1292.16 | E15: 161.98 | I15: =C15+E15+G15 -> 1454.14 | Z15: m2<50 | AA15: 13
A16: citi izdevumi | B16: other expenses | C16: 138.93 | E16: =150.4+72.1+20 -> 242.5 | I16: =C16+E16+G16 -> 381.43 | Z16: 50<m2<100 | AA16: 12
A17: peļņa bruto | B17: profit/ loss | C17: =C4-C5 -> -8272.9202 | D17: =C17/C4 -> #DIV/0! | E17: =E4-E5 -> 12736.387 | F17: =E17/E4 -> 0.31099691 | G17: =G4-G5 -> 0 | H17: =G17/G4 -> #DIV/0! | I17: =I4-I5 -> 4463.4668 | J17: =I17/I4 -> 0.10898887
L18: Object address | M18: materials and equipments costs | Z18: materials and equipment costs | AC18: Object address | AD18: travel and living costs
A19: Direct costs | B19: % | L19: Time shedule, weeks | M19: 30/07-06/08 | N19: 07/08-11/08 | O19: =O4 -> 0 | P19: =P4 -> 0 | X19: total | Z19: planned | AA19: 5385 | AC19: Time shedule, weeks | AD19: 30/07-06/08 | AE19: 07/08-11/08 | AF19: =O4 -> 0 | AG19: =P4 -> 0 | AO19: total
A20: Materials, incl.delivery, and subcontractors | B20: =J6/I5*100 -> 29.427415 | M20: 1 | N20: 2 | O20: 3 | P20: 4 | Q20: 5 | R20: 6 | Z20: in fact | AA20: =I6+I7 -> 7200.12 | AD20: 1 | AE20: 2 | AF20: 3 | AG20: 4 | AH20: 5 | AI20: 6 | AJ20: 7 | AK20: 8 | AL20: 9 | AM20: 10 | AN20: 11
A21: Salaries and taxes | B21: =J9/I5*100 -> 60.017433 | M21: =X21/2/2 -> 1346.25 | N21: =X21/2 -> 2692.5 | O21: =M21 -> 1346.25 | X21: =AA19 -> 5385 | Z21: travel and living costs | AD21: =AO21/2 -> 1762.5 | AE21: =AO21/2 -> 1762.5 | AF21: =AD21 -> 1762.5 | AO21: =AA22 -> 3525
A22: Other costs | B22: =J14/I5*100 -> 10.555152 | X22: =O22+N22+M22 -> 0 | Z22: planned | AA22: 3525 | AD22: =2016+722.94+163.98+25+161.98 -> 3089.9 | AE22: 380.24 | AO22: =AD22+AE22+AF22+AG22+AH22+AI22+AN22+AJ22+AK22+AL22+AM22 -> 3470.14
Z23: in fact | AA23: =AO22 -> 3470.14
Z25: Subcontractors budget, EUR | AA25: 5865.47
Z26: Payments to subcontractor, EUR | AA26: =I8 -> 3537.93
Z30: date of report
Z31: 45184

Sheet HAL
A1: HAL | B1: Intimissimi , Leipziger Strasse,11 Halle - Saal , 19/07/2023-22/08/2023
A2: Object costs | J2: KPI | AN2: =H9-G12-G11 -> 27680.796
C3: July | E3: August | G3: Total | J3: Object address | K3: execution of contract | X3: execution of the contract | AA3: Object address | AB3: worked hours | AN3: =AN2/AM7 -> 29.773901
A4: Objekta ieņēmumi kopā | B4: Budget total | C4: =G4/5*2 -> 29318.956 | E4: =G4/5*3+Y11 -> 54275.824 | G4: =Y10+Y11 -> 73297.39 | J4: Time shedule, weeks | K4: 18/07-24/07 | L4: 25/07-31/07 | M4: 01/08-06/08 | N4: 07/08-13/08 | O4: 14/08-20/08 | P4: 21/08-22/08 | V4: total | X4: planned | Y4: =V6 -> 1 | AA4: Time shedule, weeks | AB4: 18/07-23/07 | AC4: 24/07-30/07 | AD4: 31/07-06/08 | AE4: 07/08-13/08 | AF4: 14/08-20/08 | AG4: 21/08-22/08 | AM4: total
A5: Objekta tiešie izdevumi | B5: Direct costs | C5: =C6+C7+C8+C9+C10+C11+C13+C14+C16+C15+C12 -> 30059.072 | E5: =E6+E7+E8+E9+E10+E11+E13+E14+E16+E15+E12 -> 32212.672 | G5: =G6+G7+G8+G9+G10+G11+G13+G14+G16+G15+G12+G17 -> 62271.744 | K5: 1 | L5: 2 | M5: 3 | N5: 4 | O5: 5 | P5: 6 | X5: in fact | Y5: =V7+V8 -> 1.1634506 | AB5: 1 | AC5: 2 | AD5: 3 | AE5: 4 | AF5: 5 | AG5: 6 | AH5: 7 | AI5: 8 | AJ5: 9 | AK5: 10 | AL5: 11
A6: materiālu un aprīkojuma iegāde | B6: materials and equipment | C6: =7295.71+825.11 -> 8120.82 | D6: =C6+C7+C8 -> 8281.9 | E6: =4058.76+921.09 -> 4979.85 | F6: =E6+E7+E8 -> 9237.2 | G6: =C6+E6 -> 13100.67 | H6: =G6+G7+G8 -> 17519.1 | K6: 0.2 | L6: 0.4 | M6: 0.6 | N6: 0.8 | O6: 0.9 | P6: 1 | V6: =P6 -> 1 | X6: hours per m2 | AB6: =AM6/5 -> 199.2 | AC6: =AB6 -> 199.2 | AD6: =AB6 -> 199.2 | AE6: =AD6 -> 199.2 | AF6: =AE6 -> 199.2 | AM6: 996
A7: materiālu piegādes izdevumi | B7: delivery | E7: =225+1240+310+100 -> 1875 | G7: =C7+E7 -> 1875 | P7: 1 | V7: =P7 -> 1 | X7: planned | Y7: =AM6/Y13 -> 6.4970646 | AB7: 145 | AC7: =154+36 -> 190 | AD7: =133.5 -> 133.5 | AE7: 201.7 | AF7: 259.5 | AM7: =AB7+AC7+AD7+AE7+AF7+AG7+AL7+AH7+AI7+AJ7+AK7 -> 929.7
A8: apakšuzņēmēji | B8: subcontractors | C8: =161.08 -> 161.08 | E8: =107.39*2+131.99+156.6+1700+178.98 -> 2382.35 | G8: =C8+E8 -> 2543.43 | P8: =Y11/Y10 -> 0.16345063 | V8: =SUM(K8:U8) -> 0.16345063 | X8: in fact | Y8: =AM7/Y13 -> 6.0645793
A9: darba algas | B9: salaries | C9: =3044*1.42+675*1.42+(18*14+18*15-200)*1.42 -> 5738.22 | D9: =C9+C10+C11+C13+C12 -> 13611.542 | E9: =((3000/4.5*3+390*15+148*12+27*13.5+28.5*14)-C13)*1.42 -> 9215.09 | F9: =E9+E10+E11+E13+E12 -> 21399.352 | G9: =C9+E9 -> 14953.31 | H9: =G9+G10+G11+G13+G12 -> 35010.894
A10: DD VSAOI | B10: tax for salaries | C10: =C9*0.2359 -> 1353.6461 | E10: =E9*0.2359 -> 2173.8397 | G10: =C10+E10 -> 3527.4858 | X10: Contract amount EUR | Y10: 63000
A11: uzkrājums atvaļinājumam | B11: vacation allowance | C11: =(C9+C10)*0.08 -> 567.34929 | E11: =(E9+E10)*0.08 -> 911.11438 | G11: =C11+E11 -> 1478.4637 | X11: Additional works, EUR | Y11: 10297.39
A12: administratīvie izdevumi 7% | B12: administrative costs 7% | C12: =(C4)*0.07 -> 2052.3269 | E12: =(E4)*0.07 -> 3799.3077 | G12: =C12+E12 -> 5851.6346
A13: komandējuma dienas naudas | B13: travel allowance | C13: =2950+650+2*2*50+100 -> 3900 | E13: =106*50 -> 5300 | G13: =C13+E13 -> 9200 | X13: square m2 | Y13: 153.3
A14: komandējuma izdevumi- naktsmītne | B14: travel expenses (hotels) | C14: =2165+58.9+3300+245+67.35 -> 5836.25 | D14: =C14+C16+C15 -> 8165.63 | E14: =588+188.06 -> 776.06 | F14: =E14+E16+E15 -> 1576.12 | G14: =C14+E14 -> 6612.31 | H14: =G14+G16+G15+G17 -> 9741.75 | X14: object square | Y14: hours optimal/ m2
A15: komandējuma izdevumi- ceļš | B15: travel expenses ( tickets, road costs) | C15: =357.98+458.5+34.9+202.16+62+103.6+63+20+252.98+52.7+189.99+121+16.04 -> 1934.85 | E15: =385.17+14.6+54.5+52.1+20+57.7+33.2 -> 617.27 | G15: =C15+E15 -> 2552.12 | X15: m2<50 | Y15: 13
A16: citi izdevumi | B16: other expenses | C16: 394.53 | E16: =125+19.8+37.99 -> 182.79 | G16: =C16+E16 -> 577.32 | X16: 50<m2<100 | Y16: 12
A18: peļņa bruto | B18: profit/ loss | C18: =C4-C5 -> -740.11631 | D18: =C18/C4 -> -0.025243611 | E18: =E4-E5 -> 22063.152 | F18: =E18/E4 -> 0.40650055 | G18: =G4-G5 -> 11025.646 | H18: =G18/G4 -> 0.15042344
J19: Object address | K19: materials and equipments costs | X19: materials and equipment costs | AA19: Object address | AB19: travel and living costs
A20: Direct costs | B20: % | J20: Time shedule, weeks | K20: 18/07-24/07 | L20: 25/07-31/07 | M20: 01/08-06/08 | N20: 07/08-13/08 | O20: 14/08-20/08 | P20: 21/08-22/08 | V20: total | X20: planned | Y20: 13034 | AA20: Time shedule, weeks | AB20: 18/07-23/07 | AC20: 24/07-30/07 | AD20: 31/07-06/08 | AE20: 07/08-13/08 | AF20: 14/08-20/08 | AG20: 21/08-22/08 | AM20: total
A21: Materials, incl.delivery, and subcontractors | B21: =H6/G5*100 -> 28.133305 | K21: 1 | L21: 2 | M21: 3 | N21: 4 | O21: 5 | P21: 6 | X21: in fact | Y21: =G6+G7 -> 14975.67 | AB21: 1 | AC21: 2 | AD21: 3 | AE21: 4 | AF21: 5 | AG21: 6 | AH21: 7 | AI21: 8 | AJ21: 9 | AK21: 10 | AL21: 11
A22: Salaries and taxes | B22: =H9/G5*100 -> 56.222761 | K22: =V22/4 -> 3258.5 | L22: =K22 -> 3258.5 | M22: =K22 -> 3258.5 | N22: =V22/4 -> 3258.5 | V22: =Y20 -> 13034 | X22: travel and living costs | AB22: =AM22/5 -> 1080 | AC22: =AB22 -> 1080 | AD22: =AB22 -> 1080 | AE22: =AM22/4 -> 1350 | AF22: =AE22 -> 1350 | AM22: =Y23 -> 5400
A23: Other costs | B23: =H14/G5*100 -> 15.643933 | V23: =K23+L23+M23+N23+O23+P23+U23+Q23+R23+S23+T23 -> 0 | X23: planned | Y23: =3500+1900 -> 5400 | AB23: =2165+357.98+58.9+202.16+62+103.6+1064+121 -> 4134.64 | AC23: =3300+252.98+83 -> 3635.98 | AD23: =385.17+54.5+52.1+20+14.6 -> 526.37 | AE23: =57.7+3 -> 60.7 | AF23: =588+59+160.21 -> 807.21 | AM23: =AB23+AC23+AD23+AE23+AF23+AG23+AL23+AH23+AI23+AJ23+AK23 -> 9164.9
X24: in fact | Y24: =AM23 -> 9164.9
X26: Subcontractors budget, EUR
X27: Payments to subcontractor, EUR
X31: date of report
X32: 45184

Sheet MEM
A1: MEM | B1: Calzedonia and Intimissimi Weinmarkt 1, 87700 Memmingen, Germany, 09/07-18/07
A2: Object costs | J2: KPI
C3: Jūlijs | G3: Total | J3: Object address | K3: execution of contract | X3: execution of the contract | AA3: Object address | AB3: worked hours
A4: Objekta ieņēmumi kopā | B4: Budget total | C4: =G4 -> 7000 | E4: =G4*0.25 -> 1750 | G4: =Y10+Y11 -> 7000 | J4: Time shedule, weeks | K4: 08/07-12/07 | V4: total | X4: planned | Y4: 1 | AA4: Time shedule, weeks | AB4: 08/07-12/07 | AM4: total
A5: Objekta tiešie izdevumi | B5: Direct costs | C5: =C6+C7+C8+C9+C10+C11+C13+C14+C16+C15+C12 -> 8950.9127 | E5: =E6+E7+E8+E9+E10+E11+E13+E14+E16+E15+E12 -> 0 | G5: =G6+G7+G8+G9+G10+G11+G13+G14+G16+G15+G12+G17 -> 8950.9127 | K5: 1 | L5: 2 | M5: 3 | N5: 4 | O5: 5 | P5: 6 | X5: in fact | Y5: =N7+V8 -> 0 | AB5: 1 | AC5: 2 | AD5: 3 | AE5: 4 | AF5: 5 | AG5: 6 | AH5: 7 | AI5: 8 | AJ5: 9 | AK5: 10 | AL5: 11
A6: materiālu un aprīkojuma iegāde | B6: materials and equipment | C6: =135.1+4.4+28.45+27.45+64.29+49.72+27.9+55.8+37.98+27.55+122.6 -> 581.24 | D6: =C6+C7+C8 -> 2361.4 | F6: =E6+E7+E8 -> 0 | G6: =C6+E6 -> 581.24 | H6: =G6+G7+G8 -> 2361.4 | K6: 1 | V6: 1 | X6: hours per m2 | AB6: =AM6/4 -> 0
A7: materiālu piegādes izdevumi | B7: delivery | G7: =C7+E7 -> 0 | V7: =N7 -> 0 | X7: planned | Y7: =AM6 -> 0 | AB7: =49+26+51 -> 126 | AM7: =AB7+AC7+AD7+AE7+AF7+AG7+AL7+AH7+AI7+AJ7+AK7 -> 126
A8: apakšuzņēmēji | B8: subcontractors | C8: =49+13.8*2+47.54+1597.95+34.27+23.8 -> 1780.16 | G8: =C8+E8 -> 1780.16 | V8: =SUM(K8:U8) -> 0 | X8: in fact | Y8: =AM7 -> 126
A9: darba algas | B9: salaries | C9: =((49*13.5+26*15+51*14+3000/20*6)-C13)*1.42 -> 2152.01 | D9: =C9+C10+C11+C13+C12 -> 4512.4427 | F9: =E9+E10+E11+E13+E12 -> 0 | G9: =C9+E9 -> 2152.01 | H9: =G9+G10+G11+G13+G12 -> 4512.4427
A10: DD VSAOI | B10: tax for salaries | C10: =C9*0.2359 -> 507.65916 | E10: =E9*0.2359 -> 0 | G10: =C10+E10 -> 507.65916 | X10: Contract amount EUR | Y10: 7000
A11: uzkrājums atvaļinājumam | B11: vacation allowance | C11: =(C9+C10)*0.08 -> 212.77353 | E11: =(E9+E10)*0.08 -> 0 | G11: =C11+E11 -> 212.77353 | X11: Additional works, EUR
A12: administratīvie izdevumi 7% | B12: administrative costs 7% | C12: =(C4)*0.07 -> 490 | E12: =(E13+E11+E10+E9)*0.07 -> 0 | G12: =C12+E12 -> 490
A13: komandējuma dienas naudas | B13: travel allowance | C13: =23*50 -> 1150 | G13: =C13+E13 -> 1150 | X13: square m2 | Y13: =53.3+85.65 -> 138.95
A14: komandējuma izdevumi- naktsmītne | B14: travel expenses (hotels) | C14: =707.18+500+143+165.09 -> 1515.27 | D14: =C14+C16+C15 -> 2077.07 | F14: =E14+E16+E15 -> 0 | G14: =C14+E14 -> 1515.27 | H14: =G14+G16+G15+G17 -> 2077.07 | X14: object square | Y14: hours optimal/ m2
A15: komandējuma izdevumi- ceļš | B15: travel expenses ( tickets, road costs) | C15: =23.4+640.8/3 -> 237 | G15: =C15+E15 -> 237 | X15: m2<50 | Y15: 13
A16: citi izdevumi | B16: other expenses | C16: =125+117.84/2+115.52/2+83.12 -> 324.8 | G16: =C16+E16 -> 324.8 | X16: 50<m2<100 | Y16: 12
A18: peļņa bruto | B18: profit/ loss | C18: =C4-C5 -> -1950.9127 | D18: =C18/C4 -> -0.27870181 | E18: =E4-E5 -> 1750 | F18: =E18/E4 -> 1 | G18: =G4-G5 -> -1950.9127 | H18: =G18/G4 -> -0.27870181
J19: Object address | K19: materials and equipments costs | X19: materials and equipment costs | AA19: Object address | AB19: travel and living costs
A20: Direct costs | B20: % | J20: Time shedule, weeks | K20: 04/07-10/07 | L20: 11/07-17/07 | M20: 18/07-24/07 | N20: =N4 -> 0 | V20: total | X20: planned | AA20: Time shedule, weeks | AB20: =AB4 -> 08/07-12/07 | AM20: total
A21: Materials, incl.delivery, and subcontractors | B21: =H6/G5*100 -> 26.381667 | K21: 1 | L21: 2 | M21: 3 | N21: 4 | O21: 5 | P21: 6 | X21: in fact | Y21: =G6+G7 -> 581.24 | AB21: 1 | AC21: 2 | AD21: 3 | AE21: 4 | AF21: 5 | AG21: 6 | AH21: 7 | AI21: 8 | AJ21: 9 | AK21: 10 | AL21: 11
A22: Salaries and taxes | B22: =H9/G5*100 -> 50.413213 | K22: =V22/4 -> 0 | L22: =K22 -> 0 | M22: =K22 -> 0 | N22: =V22/4 -> 0 | V22: =Y20 -> 0 | X22: travel and living costs | AB22: =AM22/4 -> 0 | AM22: =Y23 -> 0
A23: Other costs | B23: =H14/G5*100 -> 23.20512 | V23: =K23+L23+M23+N23+O23+P23+U23+Q23+R23+S23+T23 -> 0 | X23: planned | AB23: =G14+G15+165.09+640.8/3 -> 2130.96 | AM23: =AE23+AD23+AC23+AB23 -> 2130.96
X24: in fact | Y24: =AM23 -> 2130.96
X26: Subcontractors budget, EUR
X27: Payments to subcontractor, EUR
X31: date of report
X32: 45142
A43: NL | B43: =SUM(B43:B47) -> 1498.044 | C43: 5988.55
A44: materiāli | B44: =-13.58+52.41+15+22.28 -> 76.11
A45: algas | B45: =((3000/20*1+10*15)-B46)*1.42*1.2359 -> -315.89604
A46: komandējuma nauda | B46: =60*8 -> 480
A47: dzīvošana | B47: 1342.22
A48: ceļš | B48: =640.8/3+16.44+111.63 -> 341.67

Sheet ARN
A1: ARN | C1: Calzedonia, Vijzelstraat 1C, 6811 ES Arnhem, Netherlands 01/07/2023-25/07/2023
A2: Object costs | J2: KPI
C3: Jūlijs | G3: Total | J3: Object address | K3: execution of contract | X3: execution of the contract | AA3: Object address | AB3: worked hours
A4: Objekta ieņēmumi kopā | B4: Budget total | C4: =Y10 -> 60000 | G4: =Y10+Y11 -> 65603.51 | H4: =D4+F4 -> 0 | J4: Time shedule, weeks | K4: 30/06-09/07 | L4: 10/07-16/07 | M4: 17/07-23/07 | N4: 24/07-30/07 | V4: total | X4: planned | Y4: =N6 -> 1 | AA4: Time shedule, weeks | AB4: 30/06-09/07 | AC4: 10/07-16/07 | AD4: 17/07-23/07 | AE4: 24/07-30/07 | AM4: total
A5: Objekta tiešie izdevumi | B5: Direct costs | C5: =C6+C7+C8+C9+C10+C11+C13+C14+C16+C15+C12 -> 44727.51 | E5: =E6+E7+E8+E9+E10+E11+E13+E14+E16+E15+E12 -> 0 | G5: =G6+G7+G8+G9+G10+G11+G13+G14+G16+G15+G12+G17 -> 44727.51 | K5: 1 | L5: 2 | M5: 3 | N5: 4 | O5: 5 | P5: 6 | X5: in fact | Y5: =V7+V8 -> 1.0933918 | AB5: 1 | AC5: 2 | AD5: 3 | AE5: 4 | AF5: 5 | AG5: 6 | AH5: 7 | AI5: 8 | AJ5: 9 | AK5: 10 | AL5: 11
A6: materiālu un aprīkojuma iegāde | B6: materials and equipment | C6: =1058.07+359.55+206.92+50.15+142.14+65.85+16.09+90.05+52.48+167.05+235.55+88.83+216.26+279.4+5.95+48+127.45+26.75+34.4+141.4+32.21+168.83+74.97+79.99+169.99+23.01+340.79+1190.85+11.85+997.98+30.76+23.97+48.28+11.85 -> 6617.67 | D6: =C6+C7+C8 -> 20985.67 | F6: =E6+E7+E8 -> 0 | G6: =C6+E6 -> 6617.67 | H6: =G6+G7+G8 -> 20985.67 | K6: 0.25 | L6: 0.5 | M6: 0.75 | N6: 1 | V6: =N6 -> 1 | X6: hours per m2 | AB6: =AM6/4 -> 135.75 | AC6: =AB6 -> 135.75 | AD6: =AB6 -> 135.75 | AE6: =AM6/4 -> 135.75 | AM6: 543
A7: materiālu piegādes izdevumi | B7: delivery | C7: =120+475+175 -> 770 | G7: =C7+E7 -> 770 | V7: 1 | X7: planned | Y7: =AM6/Y13 -> 6.122449 | AB7: =50+50+50 -> 150 | AC7: =56+56+56 -> 168 | AD7: =47+47+56+56 -> 206 | AE7: =14*2 -> 28 | AM7: =AB7+AC7+AD7+AE7+AF7+AG7+AL7+AH7+AI7+AJ7+AK7 -> 552
A8: apakšuzņēmēji | B8: subcontractors | C8: =64.49+138.91+257.97+89.3+74.42+34.73+64.49+34.2+59.53+24.5+34.5+44.65+34.5+12493.25+54.53+34.5+59.53 -> 13598 | G8: =C8+E8 -> 13598 | V8: =Y11/Y10 -> 0.093391833 | X8: in fact | Y8: =AM7/Y13 -> 6.223926
A9: darba algas | B9: salaries | C9: =((153*16+50*13.5+129*14+222*15)-C13)*1.42 -> 3037.38 | D9: =C9+C10+C11+C13+C12 -> 14374.21 | F9: =E9+E10+E11+E13+E12 -> 0 | G9: =C9+E9 -> 3037.38 | H9: =G9+G10+G11+G13+G12 -> 14374.21
A10: DD VSAOI | B10: tax for salaries | C10: =C9*0.2359 -> 716.51794 | E10: =E9*0.2359 -> 0 | G10: =C10+E10 -> 716.51794 | X10: Contract amount EUR | Y10: 60000
A11: uzkrājums atvaļinājumam | B11: vacation allowance | C11: =(C9+C10)*0.08 -> 300.31184 | E11: =(E9+E10)*0.08 -> 0 | G11: =C11+E11 -> 300.31184 | X11: Additional works, EUR | Y11: 5603.51
A12: administratīvie izdevumi 7% | B12: administrative costs 7% | C12: =(C4)*0.07 -> 4200 | E12: =(E13+E11+E10+E9)*0.07 -> 0 | G12: =C12+E12 -> 4200
A13: komandējuma dienas naudas | B13: travel allowance | C13: =102*60 -> 6120 | G13: =C13+E13 -> 6120 | X13: square m2 | Y13: 88.69
A14: komandējuma izdevumi- naktsmītne | B14: travel expenses (hotels) | C14: =1768.53+1006.74+2688.13+284.8+216+114+135.45+150 -> 6363.65 | D14: =C14+C16+C15 -> 9367.63 | F14: =E14+E16+E15 -> 0 | G14: =C14+E14 -> 6363.65 | H14: =G14+G16+G15+G17 -> 9367.63 | X14: object square | Y14: hours optimal/ m2
A15: komandējuma izdevumi- ceļš | B15: travel expenses ( tickets, road costs) | C15: =6.38+18.98+189+98.9+99+1022.94+6.34+6.34+10.42+8+200.98/2 -> 1566.79 | G15: =C15+E15 -> 1566.79 | X15: m2<50 | Y15: 13
A16: citi izdevumi | B16: other expenses | C16: =125+15.9+2.52+19.53+6.8+106.32+24.48+20.67+24.69+14.46+5.92+25.26+46.36+12+118.73+347.25+34.13+19.88+13.43+19.25+112.46+24.29+38+15+11.25+24.09+34.05+75.19+100.28 -> 1437.19 | G16: =C16+E16 -> 1437.19 | X16: 50<m2<100 | Y16: 12
A18: peļņa bruto | B18: profit/ loss | C18: =C4-C5 -> 15272.49 | D18: =C18/C4 -> 0.2545415 | E18: =E4-E5 -> 0 | F18: =E18/E4 -> #DIV/0! | G18: =G4-G5 -> 20876 | H18: =G18/G4 -> 0.31821468
J19: Object address | K19: materials and equipments costs | X19: materials and equipment costs | AA19: Object address | AB19: travel and living costs
A20: Direct costs | B20: % | J20: Time shedule, weeks | K20: 30/06-09/07 | L20: 10/07-16/07 | M20: 17/07-23/07 | N20: 24/07-30/07 | V20: total | X20: planned | Y20: 6400 | AA20: Time shedule, weeks | AB20: 30/06-09/07 | AC20: 10/07-16/07 | AD20: 17/07-23/07 | AE20: 24/07-30/07 | AM20: total
A21: Materials, incl.delivery, and subcontractors | B21: =H6/G5*100 -> 46.918932 | K21: 1 | L21: 2 | M21: 3 | N21: 4 | O21: 5 | P21: 6 | X21: in fact | Y21: =G6+G7 -> 7387.67 | AB21: 1 | AC21: 2 | AD21: 3 | AE21: 4 | AF21: 5 | AG21: 6 | AH21: 7 | AI21: 8 | AJ21: 9 | AK21: 10 | AL21: 11
A22: Salaries and taxes | B22: =H9/G5*100 -> 32.137291 | K22: =V22/4 -> 1600 | L22: =K22 -> 1600 | M22: =K22 -> 1600 | N22: =V22/4 -> 1600 | V22: =Y20 -> 6400 | X22: travel and living costs | AB22: =AM22/4 -> 1500 | AC22: =AB22 -> 1500 | AD22: =AB22 -> 1500 | AE22: =AM22/4 -> 1500 | AM22: =Y23 -> 6000
A23: Other costs | B23: =H14/G5*100 -> 20.943777 | V23: =K23+L23+M23+N23+O23+P23+U23+Q23+R23+S23+T23 -> 0 | X23: planned | Y23: =3500+700+1800 -> 6000 | AB23: =1982.89+2688.13+284.8 -> 4955.82 | AC23: =1006.74 -> 1006.74 | AD23: 1022.94 | AE23: =99+98.9 -> 197.9 | AM23: =AB23+AC23+AD23+AE23+AF23+AG23+AL23+AH23+AI23+AJ23+AK23 -> 7183.4
X24: in fact | Y24: =AM23 -> 7183.4
X26: Subcontractors budget, EUR | Y26: 15394.08
X27: Payments to subcontractor, EUR | Y27: 12493.28
X31: date of report
X32: 45141

Sheet NEU
A1: NEU | B1: Postbank Neumarkt, 30/05-5/07/2023
A2: Object costs | L2: KPI
C3: Maijs | E3: Jūnijs | G3: Jūlijs | I3: Total | L3: Object address | M3: execution of contract | Z3: execution of the contract | AC3: Object address | AD3: worked hours
A4: Objekta ieņēmumi kopā | B4: Budget total | C4: =I4*0.05 -> 3563.6865 | E4: =I4*0.85 -> 60582.671 | G4: =AA10*0.1 -> 7127.373 | I4: =AA10 -> 71273.73 | J4: =D4+F4 -> 0 | L4: Time shedule, weeks | M4: 30/05-04/06 | N4: 05/06-11/06 | O4: 12/06-18/06 | P4: 19/06-25/06 | X4: total | Z4: planned | AA4: =P6 -> 1 | AC4: Time shedule, weeks | AD4: 30/05-04/06 | AE4: 05/06-11/06 | AF4: 12/06-18/06 | AG4: 19/06-25/06 | AO4: total
A5: Objekta tiešie izdevumi | B5: Direct costs | C5: =C6+C7+C8+C9+C10+C11+C13+C14+C16+C15+C12 -> 3645.2914 | E5: =E6+E7+E8+E9+E10+E11+E13+E14+E16+E15+E12 -> 24136.752 | G5: =G6+G7+G8+G9+G10+G11+G13+G14+G16+G15+G12 -> 22946.716 | I5: =I6+I7+I8+I9+I10+I11+I13+I14+I16+I15+I12+I17 -> 50728.76 | M5: 1 | N5: 2 | O5: 3 | P5: 4 | Q5: 5 | R5: 6 | Z5: in fact | AA5: =P7+X8 -> 0 | AD5: 1 | AE5: 2 | AF5: 3 | AG5: 4 | AH5: 5 | AI5: 6 | AJ5: 7 | AK5: 8 | AL5: 9 | AM5: 10 | AN5: 11
A6: materiālu un aprīkojuma iegāde | B6: materials and equipment | C6: 910.27 | D6: =C6+C7+C8 -> 910.27 | E6: =233.26+25.98+241.78+69.98+130.09+83.55+1213.6+23.43+16.29+39.47+13.92+89.64+20.99+177.56+1636.76-84+18.32+18.26+62.31+109.78+10+186.28+44.98+17.28+73.17 -> 4472.68 | F6: =E6+E7+E8 -> 4847.28 | G6: =456.71+1030.62+30.99+872.76+143.43+40.04+83.95+13.77+155.5+62.89+74.92+44.84+20.65+9.82+83.03+12.58+52.09+9.58+29.91+32.57+39.95+28.38+353.6 -> 3682.58 | H6: =G6+G7+G8 -> 8968.49 | I6: =C6+E6+G6 -> 9065.53 | J6: =I6+I7+I8 -> 14726.04 | M6: 0.25 | N6: 0.5 | O6: 0.75 | P6: 1 | X6: =P6 -> 1 | Z6: hours per m2 | AD6: =AO6/5 -> 139 | AE6: =AD6 -> 139 | AF6: =AD6 -> 139 | AG6: =AF6 -> 139 | AH6: =AG6 -> 139 | AO6: 695
A7: materiālu piegādes izdevumi | B7: delivery | I7: =C7+E7+G7 -> 0 | X7: =Q7 -> 0 | Z7: planned | AA7: =AO6/AA13 -> 8.3034648 | AD7: 57 | AE7: 157 | AF7: 247 | AG7: 45 | AH7: 195 | AO7: =AD7+AE7+AF7+AG7+AH7+AI7+AN7+AJ7+AK7+AL7+AM7 -> 701
A8: apakšuzņēmēji | B8: subcontractors | E8: =165.51+20+92.11+69.55+27.43 -> 374.6 | G8: =6.96+5+3350+9.52+1762.65+26.78+125 -> 5285.91 | I8: =C8+E8+G8 -> 5660.51 | X8: =SUM(M8:W8) -> 0 | Z8: in fact | AA8: =AO7/AA13 -> 8.3751493
A9: darba algas | B9: salaries | C9: =(2500/20*2-100+191)*1.42 -> 484.22 | D9: =C9+C10+C11+C13+C12 -> 1195.7814 | E9: =((339*13.5+26*14.5+2400/21*12)-E13)*1.42 -> 3869.3986 | F9: =E9+E10+E11+E13+E12 -> 13005.552 | G9: =((66*13.5+35*15+94*15+3000/20*15)-G13)*1.42 -> 3586.92 | H9: =G9+G10+G11+G13+G12 -> 7836.6365 | I9: =C9+E9+G9 -> 7940.5386 | J9: =I9+I10+I11+I13+I12 -> 22037.97
A10: DD VSAOI | B10: tax for salaries | C10: =C9*0.2359 -> 114.2275 | E10: =E9*0.2359 -> 912.79112 | G10: =G9*0.2359 -> 846.15443 | I10: =C10+E10+G10 -> 1873.173 | Z10: Contract amount EUR | AA10: =92312.1-21038.37 -> 71273.73
A11: uzkrājums atvaļinājumam | B11: vacation allowance | C11: =(C9+C10)*0.08 -> 47.8758 | E11: =(E9+E10)*0.08 -> 382.57518 | G11: =(G9+G10)*0.08 -> 354.64595 | I11: =C11+E11+G11 -> 785.09693 | Z11: Additional works, EUR | AA11: 800
A12: administratīvie izdevumi 7% | B12: administrative costs 7% | C12: =(C4)*0.07 -> 249.45806 | E12: =(E4)*0.07 -> 4240.7869 | G12: =(G4)*0.07 -> 498.91611 | I12: =C12+E12+G12 -> 4989.1611
A13: komandējuma dienas naudas | B13: travel allowance | C13: =3*50*2 -> 300 | E13: 3600 | G13: =2550 -> 2550 | I13: =C13+E13+G13 -> 6450 | Z13: square m2 | AA13: =25.68+23.63+24.39+10 -> 83.7
A14: komandējuma izdevumi- naktsmītne | B14: travel expenses (hotels) | C14: 887.85 | D14: =C14+C16+C15 -> 1539.24 | E14: =2430+355.14+194.4 -> 2979.54 | F14: =E14+E16+E15 -> 6283.92 | G14: =362.95+573.08+340.3+1782 -> 3058.33 | H14: =G14+G16+G15 -> 6141.59 | I14: =C14+E14+G14 -> 6925.72 | J14: =I14+I16+I15+I17 -> 13964.75 | Z14: object square | AA14: hours optimal/ m2
A15: komandējuma izdevumi- ceļš | B15: travel expenses ( tickets, road costs) | C15: =108.63+6.23+6.23+10.23+13.51+8 -> 152.83 | E15: =409.98+240.99+47.9+332.99+24+286.43+47.9+60+38.9+495.72+165.24+192.76+137.26+45.75*2+139.65+105.95+131.42+59 -> 3007.59 | G15: =185.46+167.99+166.96+69+296.98+50+31.8+509.31+200.98/2+640.8/3 -> 1791.59 | I15: =C15+E15+G15 -> 4952.01 | Z15: m2<50 | AA15: 13
A16: citi izdevumi | B16: other expenses | C16: =202.58+130.11+13.51+27.36+125 -> 498.56 | E16: =4.96+154.99+126.84+10 -> 296.79 | G16: =78.4+117.84/2+17.18+115.52/2+24.3+50+33.65+16.87+46.4+32.2+37+32.2+18.87+86.18+641.46+60.28 -> 1291.67 | I16: =C16+E16+G16 -> 2087.02 | Z16: 50<m2<100 | AA16: 12
I17: =C17+E17+G17 -> 0
A18: peļņa bruto | B18: profit/ loss | C18: =C4-C5 -> -81.604853 | D18: =C18/C4 -> -0.022898999 | E18: =E4-E5 -> 36445.919 | F18: =E18/E4 -> 0.60158983 | G18: =G4-G5 -> -15819.343 | H18: =G18/G4 -> -2.2195195 | I18: =I4-I5 -> 20544.97 | J18: =I18/I4 -> 0.28825446
L19: Object address | M19: materials and equipments costs | Z19: materials and equipment costs | AC19: Object address | AD19: travel and living costs
A20: Direct costs | B20: % | L20: Time shedule, weeks | M20: 30/05-04/06 | N20: 05/06-11/06 | O20: 12/06-18/06 | P20: 19/06-25/06 | Q20: 11/07-14/07 | X20: total | Z20: planned | AA20: =32080-21038.37 -> 11041.63 | AC20: Time shedule, weeks | AD20: 30/05-04/06 | AE20: 05/06-11/06 | AF20: 12/06-18/06 | AG20: 19/06-25/06 | AO20: total
A21: Materials, incl.delivery, and subcontractors | B21: =J6/I5*100 -> 29.028977 | M21: 1 | N21: 2 | O21: 3 | P21: 4 | Q21: 5 | R21: 6 | Z21: in fact | AA21: =I6+I7 -> 9065.53 | AD21: 1 | AE21: 2 | AF21: 3 | AG21: 4 | AH21: 5 | AI21: 6 | AJ21: 7 | AK21: 8 | AL21: 9 | AM21: 10 | AN21: 11
A22: Salaries and taxes | B22: =J9/I5*100 -> 43.442753 | M22: =X22/5 -> 2208.326 | N22: =M22 -> 2208.326 | O22: =M22 -> 2208.326 | P22: =O22 -> 2208.326 | Q22: =P22 -> 2208.326 | X22: =AA20 -> 11041.63 | Z22: travel and living costs | AD22: =AO22/5 -> 0 | AE22: =AD22 -> 0 | AF22: =AD22 -> 0 | AG22: =AF22 -> 0 | AH22: =AG22 -> 0 | AO22: =AA23 -> 0
A23: Other costs | B23: =J14/I5*100 -> 27.52827 | X23: =M23+N23+O23+P23+Q23+R23+W23+S23+T23+U23+V23 -> 0 | Z23: planned | AD23: =2430+887.85+355.14+152.83 -> 3825.82 | AE23: =409.98+240.99+47.9+194.4 -> 893.27 | AF23: =332.99+24+286.43+24+25+47.9+60+38.9+495.72+165.24+137.26+45.75*2+192.76+139.65+105.95+131.42 -> 2298.72 | AG23: =10+362.95+185.46 -> 558.41 | AH23: =G15+G14-548+31.8+509.31+640.8/3 -> 5056.63 | AO23: =AD23+AE23+AF23+AG23+AH23+AI23+AN23+AJ23+AK23+AL23+AM23 -> 12632.85
Z24: in fact | AA24: =AO23 -> 12632.85
Z26: Subcontractors budget, EUR | AA26: =20970-5662.76 -> 15307.24
Z27: Payments to subcontractor, EUR | AA27: =I8+1030.62+185.46+139.65/2+105.95-374.6 -> 6677.765
Z31: date of report
Z32: 45184

Sheet TAL
A1: TAL | C1: SC Viru Keskus Viru valjak 406 10111 Tallinn, Intimissimi, 06/05-12/05
A2: Object costs | J2: KPI
C3: 45047 | G3: Total | J3: Object address | K3: execution of contract | X3: execution of the contract | AA3: Object address | AB3: worked hours
A4: Objekta ieņēmumi kopā | B4: Budget total | C4: =Y10 -> 16500 | G4: =C4 -> 16500 | J4: Time shedule, weeks | K4: 09/05-15/05 | L4: 16/05-22/05 | M4: 23/05-29/05 | N4: 30/05-05/06 | O4: 06/06-12/06 | P4: 13/06-21/06 | V4: total | X4: planned | Y4: =V6 -> 1 | AA4: Time shedule, weeks | AB4: 09/05-15/05 | AC4: 16/05-22/05 | AD4: 23/05-29/05 | AE4: 30/05-05/06 | AF4: 06/06-12/06 | AG4: =P4 -> 13/06-21/06 | AM4: total
A5: Objekta tiešie izdevumi | B5: Direct costs | C5: =C6+C7+C8+C9+C10+C11+C13+C14+C16+C15+C12 -> 10810.341 | E5: =E6+E7+E8+E9+E10+E11+E13+E14+E16+E15+E12 -> 0 | G5: =G6+G7+G8+G9+G10+G11+G13+G14+G16+G15+G12 -> 10810.341 | K5: 1 | L5: 2 | M5: 3 | N5: 4 | O5: 5 | P5: 6 | X5: in fact | Y5: =V7+V8 -> 1 | AB5: 1 | AC5: 2 | AD5: 3 | AE5: 4 | AF5: 5 | AG5: 6 | AH5: 7 | AI5: 8 | AJ5: 9 | AK5: 10 | AL5: 11
A6: materiālu un aprīkojuma iegāde | B6: materials and equipment | C6: =446.12+40.12+15.08+4+88.12+114.32+300.9+147.17 -> 1155.83 | D6: =C6+C7+C8 -> 2775.83 | F6: =E6+E7+E8 -> 0 | G6: =C6+E6 -> 1155.83 | H6: =G6+G7+G8 -> 2775.83 | K6: 0.2 | L6: 0.4 | M6: 0.6 | N6: 0.8 | O6: 1 | V6: =O6 -> 1 | X6: hours per m2 | AB6: =AM6/5 -> 0 | AC6: =AB6 -> 0 | AD6: =AB6 -> 0 | AE6: =AD6 -> 0 | AF6: =AE6 -> 0
A7: materiālu piegādes izdevumi | B7: delivery | G7: =C7+E7 -> 0 | K7: 0.2 | L7: 0.4 | M7: 0.6 | N7: 0.8 | O7: 1 | V7: =O7 -> 1 | X7: planned | Y7: =AM6/Y13 -> 0 | AB7: =240.5-49 -> 191.5 | AM7: =AB7+AC7+AD7+AE7+AF7+AG7+AL7+AH7+AI7+AJ7+AK7 -> 191.5
A8: apakšuzņēmēji | B8: subcontractors | C8: =1100+520 -> 1620 | G8: =C8+E8 -> 1620 | P8: =Y11/Y10 -> 0 | V8: =P8 -> 0 | X8: in fact | Y8: =AM7/Y13 -> 2.9461538
A9: darba algas | B9: salaries | C9: =((2500/20*6+49*2*12+39*12+54.5*12.5)-C13)*1.42 -> 3216.655 | D9: =C9+C10+C11+C13+C12 -> 6258.501 | F9: =E9+E10+E11+E13+E12 -> 0 | G9: =C9+E9 -> 3216.655 | H9: =G9+G10+G11+G13+G12 -> 6258.501
A10: DD VSAOI | B10: tax for salaries | C10: =C9*0.2359 -> 758.80891 | E10: =E9*0.2359 -> 0 | G10: =C10+E10 -> 758.80891 | X10: Contract amount EUR | Y10: 16500
A11: uzkrājums atvaļinājumam | B11: vacation allowance | C11: =(C9+C10)*0.08 -> 318.03711 | E11: =(E9+E10)*0.08 -> 0 | G11: =C11+E11 -> 318.03711 | X11: Additional works, EUR
A12: administratīvie izdevumi 7% | B12: administrative costs 7% | C12: =(C4)*0.07 -> 1155 | E12: =(E13+E11+E10+E9)*0.07 -> 0 | G12: =C12+E12 -> 1155
A13: komandējuma dienas naudas | B13: travel allowance | C13: =7*2*30+8*30+5*30 -> 810 | G13: =C13+E13 -> 810 | X13: square m2 | Y13: 65
A14: komandējuma izdevumi- naktsmītne | B14: travel expenses (hotels) | C14: =1267.2+40.62+39.6 -> 1347.42 | D14: =C14+C16+C15 -> 1776.01 | F14: =E14+E16+E15 -> 0 | G14: =C14+E14 -> 1347.42 | H14: =G14+G16+G15 -> 1776.01 | X14: object square | Y14: hours optimal/ m2
A15: komandējuma izdevumi- ceļš | B15: travel expenses ( tickets, road costs) | C15: =89.67+163.57 -> 253.24 | G15: =C15+E15 -> 253.24 | X15: m2<50 | Y15: 13
A16: citi izdevumi | B16: other expenses | C16: =50.35+125 -> 175.35 | G16: =C16+E16 -> 175.35 | X16: 50<m2<100 | Y16: 12
A17: peļņa bruto | B17: profit/ loss | C17: =C4-C5 -> 5689.659 | D17: =C17/C4 -> 0.34482782 | E17: =E4-E5 -> 0 | F17: =E17/E4 -> #DIV/0! | G17: =G4-G5 -> 5689.659 | H17: =G17/G4 -> 0.34482782
J18: Object address | K18: materials and equipments costs | X18: materials and equipment costs | AA18: Object address | AB18: travel and living costs
A19: Direct costs | B19: % | J19: Time shedule, weeks | K19: 09/05-15/05 | L19: 16/05-22/05 | M19: 23/05-29/05 | N19: 30/05-05/06 | O19: 06/06-12/06 | P19: =P4 -> 13/06-21/06 | V19: total | X19: planned | AA19: Time shedule, weeks | AB19: 09/05-15/05 | AC19: 16/05-22/05 | AD19: 23/05-29/05 | AE19: 30/05-05/06 | AF19: 06/06-12/06 | AG19: =P4 -> 13/06-21/06 | AM19: total
A20: Materials, incl.delivery, and subcontractors | B20: =H6/G5*100 -> 25.677543 | K20: 1 | L20: 2 | M20: 3 | N20: 4 | O20: 5 | P20: 6 | X20: in fact | Y20: =G6+G7 -> 1155.83 | AB20: 1 | AC20: 2 | AD20: 3 | AE20: 4 | AF20: 5 | AG20: 6 | AH20: 7 | AI20: 8 | AJ20: 9 | AK20: 10 | AL20: 11
A21: Salaries and taxes | B21: =H9/G5*100 -> 57.89365 | K21: =V21/5 -> 0 | L21: =K21 -> 0 | M21: =K21 -> 0 | N21: =M21 -> 0 | O21: =N21 -> 0 | V21: =Y19 -> 0 | X21: travel and living costs
A22: Other costs | B22: =H14/G5*100 -> 16.428806 | V22: =K22+L22+M22+N22+O22+P22+U22+Q22+R22+S22+T22 -> 0 | X22: planned | Y22: =AM21 -> 0 | AB22: =1267.2+40.62+39.6 -> 1347.42 | AM22: =AB22+AC22+AD22+AE22+AF22+AG22+AL22+AH22+AI22+AJ22+AK22 -> 1347.42
X23: in fact | Y23: =AM22 -> 1347.42
X25: Subcontractors budget, EUR
X26: Payments to subcontractor, EUR | Y26: =G8 -> 1620
X30: date of report
X31: 45082

Sheet MAL
A1: MAL | B1: Calzedonia / Intimissimi SC Emporia, Hyllie Boulevard 19, 215 32 Malmö, Sweden 17/04/2023-09/05/2023
A2: Object costs | J2: KPI
C3: Aprīlis | E3: Maijs | G3: Total | J3: Object address | K3: execution of contract | X3: execution of the contract | AA3: Object address | AB3: worked hours
A4: Objekta ieņēmumi kopā | B4: Budget total | C4: =(G4+Y11)/2 -> 40197.325 | D4: =AB7 -> 216.5 | E4: =C4 -> 40197.325 | G4: =Y10+Y11 -> 75865.89 | J4: Time shedule, weeks | K4: 17/04-23/04 | L4: 24/04-30/04 | M4: 01/05-07/05 | N4: 08/05-09/05 | V4: total | X4: planned | Y4: =V6 -> 1 | AA4: Time shedule, weeks | AB4: 17/04-23/04 | AC4: 24/04-30/04 | AD4: 01/05-07/05 | AE4: 08/05-14/05 | AF4: 15/05-21/05 | AM4: total
A5: Objekta tiešie izdevumi | B5: Direct costs | C5: =C6+C7+C8+C9+C10+C11+C13+C14+C16+C15+C12 -> 27147.64 | E5: =E6+E7+E8+E9+E10+E11+E13+E14+E16+E15+E12 -> 19855.087 | G5: =G6+G7+G8+G9+G10+G11+G13+G14+G16+G15+G12+G17 -> 47002.726 | K5: 1 | L5: 2 | M5: 3 | N5: 4 | O5: 5 | P5: 6 | X5: in fact | Y5: =V7+V8 -> 1.0634839 | AB5: 1 | AC5: 2 | AD5: 3 | AE5: 4 | AF5: 5 | AG5: 6 | AH5: 7 | AI5: 8 | AJ5: 9 | AK5: 10 | AL5: 11
A6: materiālu un aprīkojuma iegāde | B6: materials and equipment | C6: =526.15+2859.92-1205.15+1152+149.34+194.99+22.38+430.17+109.01+24.74+165.97+36.24+227.14+186.29+241.17+171.82+225.36+34.53+118.83+61.9+79.72+33.27+232.35+24.75+381.3 -> 6484.19 | D6: =C6+C7+C8 -> 6954.19 | E6: =660.53+163.37+88.48+32.88+207.39+66.45+412.38+62.32+81.19+32.95+100.91+176.91+136.27+161.23+109.4+50.02+26.81+191.59+22.76+27.66+11.51+460.92+127.15+64.55+7.95+59.28+23.35+40.74+338.83 -> 3945.78 | F6: =E6+E7+E8 -> 4525.78 | G6: =C6+E6 -> 10429.97 | H6: =G6+G7+G8 -> 11479.97 | K6: 0.25 | L6: 0.5 | M6: 0.75 | N6: 1 | V6: =N6 -> 1 | X6: hours per m2 | AB6: =AM6/4 -> 225.205 | AC6: =AB6 -> 225.205 | AD6: =AB6 -> 225.205 | AE6: =AD6 -> 225.205 | AM6: 900.82
A7: materiālu piegādes izdevumi | B7: delivery | C7: =350+120 -> 470 | E7: =110+100+190+180 -> 580 | G7: =C7+E7 -> 1050 | V7: 1 | X7: planned | Y7: =AM6/Y13 -> 4.7753393 | AB7: 216.5 | AC7: 334.5 | AD7: 277.5 | AE7: 109.5 | AM7: =AB7+AC7+AD7+AE7+AF7+AG7+AL7+AH7+AI7+AJ7+AK7 -> 938
A8: apakšuzņēmēji | B8: subcontractors | G8: =C8+E8 -> 0 | N8: =Y11/Y10 -> 0.063483911 | V8: =SUM(K8:U8) -> 0.063483911 | X8: in fact | Y8: =AM7/Y13 -> 4.9724343
A9: darba algas | B9: salaries | C9: =((112.5*15.5+107.5*14.5+99.5*13+100*13.5+107.5*13.6+666.67)-C13)*1.42 -> 6254.6314 | D9: =C9+C10+C11+C13+C12 -> 14832.32 | E9: =((87.5*15.5+3*7.75+75*13+2*6.5+14.5*73.5+2*7.25+76*13.5+2*6.75+74*13.5+2*6.75)-E13+65.7+234)*1.42 -> 4401.219 | F9: =E9+E10+E11+E13+E12 -> 11388.437 | G9: =C9+E9 -> 10655.85 | H9: =G9+G10+G11+G13+G12 -> 26220.756
A10: DD VSAOI | B10: tax for salaries | C10: =C9*0.2359 -> 1475.4675 | E10: =E9*0.2359 -> 1038.2476 | G10: =C10+E10 -> 2513.7151 | X10: Contract amount EUR | Y10: =D40 -> 71337.13
A11: uzkrājums atvaļinājumam | B11: vacation allowance | C11: =(C9+C10)*0.08 -> 618.40792 | E11: =(E9+E10)*0.08 -> 435.15732 | G11: =C11+E11 -> 1053.5652 | X11: Additional works, EUR | Y11: =3100+2028.76-600 -> 4528.76
A12: administratīvie izdevumi 7% | B12: administrative costs 7% | C12: =(C4)*0.07 -> 2813.8128 | E12: =(E4)*0.07 -> 2813.8128 | G12: =C12+E12 -> 5627.6255
A13: komandējuma dienas naudas | B13: travel allowance | C13: 3670 | E13: =6*9*50 -> 2700 | G13: =C13+E13 -> 6370 | X13: square m2 | Y13: =79.61+109.03 -> 188.64
A14: komandējuma izdevumi- naktsmītne | B14: travel expenses (hotels) | C14: 3373.28 | D14: =C14+C16+C15 -> 5361.13 | E14: =662+310.1 -> 972.1 | F14: =E14+E16+E15 -> 3940.87 | G14: =C14+E14 -> 4345.38 | H14: =G14+G16+G15+G17 -> 9302 | X14: object square | Y14: hours optimal/ m2
A15: komandējuma izdevumi- ceļš | B15: travel expenses ( tickets, road costs) | C15: =365.97+471.6+12.88+25.77+191.18+139.42+121.75+118.12+138.84+5 -> 1590.53 | E15: =456.8+400.37+451.38+19.3+19.36+690.5+536.8 -> 2574.51 | G15: =C15+E15 -> 4165.04 | X15: m2<50 | Y15: 13
A16: citi izdevumi | B16: other expenses | C16: =205+115.03+21.27+39.33+10.07+6.62 -> 397.32 | E16: =125+57.99+22.61+0.8+99.82+55.6+28.54+3.9 -> 394.26 | G16: =C16+E16 -> 791.58 | X16: 50<m2<100 | Y16: 12
A18: peļņa bruto | B18: profit/ loss | C18: =C4-C5 -> 13049.685 | D18: =C18/C4 -> 0.32464064 | E18: =E4-E5 -> 20342.238 | F18: =E18/E4 -> 0.5060595 | G18: =G4-G5 -> 28863.164 | H18: =G18/G4 -> 0.38044981
J19: Object address | K19: materials and equipments costs | X19: materials and equipment costs | AA19: Object address | AB19: travel and living costs
A20: Direct costs | B20: % | J20: Time shedule, weeks | K20: 17/04-23/04 | L20: 24/04-30/04 | M20: 01/05-07/05 | N20: 08/05-09/05 | V20: total | X20: planned | Y20: 8527 | AA20: Time shedule, weeks | AB20: 17/04-23/04 | AC20: 24/04-30/04 | AD20: 01/05-07/05 | AE20: 08/05-09/05 | AF20: =AF4 -> 15/05-21/05 | AM20: total
A21: Materials, incl.delivery, and subcontractors | B21: =H6/G5*100 -> 24.424051 | K21: 1 | L21: 2 | M21: 3 | N21: 4 | O21: 5 | P21: 6 | X21: in fact | Y21: =G6 -> 10429.97 | AB21: 1 | AC21: 2 | AD21: 3 | AE21: 4 | AF21: 5 | AG21: 6 | AH21: 7 | AI21: 8 | AJ21: 9 | AK21: 10 | AL21: 11
A22: Salaries and taxes | B22: =H9/G5*100 -> 55.785607 | K22: =V22/4 -> 2131.75 | L22: =K22 -> 2131.75 | M22: =K22 -> 2131.75 | N22: =M22 -> 2131.75 | V22: =Y20 -> 8527 | X22: travel and living costs | AB22: =AM22/4 -> 2750 | AC22: =AB22 -> 2750 | AD22: =AB22 -> 2750 | AE22: =AD22 -> 2750 | AM22: =Y23 -> 11000
A23: Other costs | B23: =H14/G5*100 -> 19.790341 | V23: =K23+L23+M23+N23+O23+P23+U23+Q23+R23+S23+T23 -> 0 | X23: planned | Y23: 11000 | AB23: =3373.28+365.97+471.6+191.18+121.75+118.12+138.84+5 -> 4785.74 | AC23: 139.42 | AE23: =310.1+662+456.8+400.37+451.38 -> 2280.65 | AM23: =AB23+AC23+AD23+AE23+AF23+AG23+AL23+AH23+AI23+AJ23+AK23 -> 7205.81
X24: in fact | Y24: =AM23 -> 7205.81
X26: Subcontractors budget, EUR
X27: Payments to subcontractor, EUR | Y27: =G8 -> 0
X31: date of report
X32: 45082
C37: SEK | D37: EUR | E37: 30% SEK | F37: 30%EUR | G37: 60% SEK | H37: 60% EUR | K37: 10% SEK | L37: 10% EUR
B38: Calzedonia | C38: 345000 | D38: =ROUND(C38/11.3265,2) -> 30459.54 | E38: =C38*0.3 -> 103500 | F38: =ROUND(E38/11.3265,2) -> 9137.86 | G38: =C38*0.6 -> 207000 | H38: =ROUND(G38/11.3265,2) -> 18275.73 | K38: =C38*0.1 -> 34500 | L38: =ROUND(K38/11.3265,2) -> 3045.95 | M38: =E38+G38+K38 -> 345000 | N38: =F38+H38+L38 -> 30459.54
B39: Intimissimi | C39: 463000 | D39: =ROUND(C39/11.3265,2) -> 40877.59 | E39: =C39*0.3 -> 138900 | F39: =ROUND(E39/11.3265,2) -> 12263.28 | G39: =C39*0.6 -> 277800 | H39: =ROUND(G39/11.3265,2) -> 24526.55 | K39: =C39*0.1 -> 46300 | L39: =ROUND(K39/11.3265,2) -> 4087.76 | M39: =E39+G39+K39 -> 463000 | N39: =F39+H39+L39 -> 40877.59
C40: =C39+C38 -> 808000 | D40: =D39+D38 -> 71337.13 | E40: =E39+E38 -> 242400 | F40: =F39+F38 -> 21401.14 | G40: =G39+G38 -> 484800 | H40: =H39+H38 -> 42802.28 | J40: =J39+J38 -> 0 | K40: =K39+K38 -> 80800 | L40: =L39+L38 -> 7133.71 | M40: =M39+M38 -> 808000 | N40: =N39+N38 -> 71337.13
B44: Invoices according agreement | C44: Calzedonia | D44: Intimissimi | E44: invoice amount total EUR | F44: payment received
B45: 2023 1/MAL | C45: 9137.86 | D45: 12263.28 | E45: =D45+C45 -> 21401.14 | F45: 26/04/2023
B46: 2023 2/MAL | C46: 18275.73 | D46: 24526.55 | E46: =D46+C46 -> 42802.28 | F46: 30/05/2023
B47: 2023 3/MAL | C47: =12183.81-C45 -> 3045.95 | D47: =16351.04-D45 -> 4087.76 | E47: =D47+C47 -> 7133.71 | F47: 13/06/2023
B48: Total | C48: =SUM(C45:C47) -> 30459.54 | D48: =SUM(D45:D47) -> 40877.59 | E48: =SUM(E45:E47) -> 71337.13
B49: Additonally works | C49: Calzedonia | D49: Intimissimi | E49: invoice amount total EUR
B50: 2023 4/MAL | C50: 3100 | D50: 1428.76 | E50: =D50+C50 -> 4528.76 | F50: 44963
B54: agreement amount | C54: advance received, invoice Nr. 2023 1/MAL | D54: 2023 2/MAL | E54: 2023 3/MAL | F54: invoice 2023 3/MAL to pay
A55: Calzedonia | B55: 30459.54 | C55: 9137.86 | D55: 18275.73 | E55: =B55-D55 -> 12183.81 | F55: =E55-C55 -> 3045.95
A56: Intimissimi | B56: 40877.59 | C56: 12263.28 | D56: 24526.55 | E56: =B56-D56 -> 16351.04 | F56: =E56-C56 -> 4087.76
B57: =SUM(B55:B56) -> 71337.13 | C57: =SUM(C55:C56) -> 21401.14 | D57: =SUM(D55:D56) -> 42802.28 | E57: =SUM(E55:E56) -> 28534.85 | F57: =SUM(F55:F56) -> 7133.71

Sheet BER
A1: BER | B1: Willy-Brandt-Platz 2, 12529 Schönefeld, Germany, 29/05/2023-16/06/2023
A2: Object costs | J2: KPI
C3: Maijs 23 | E3: Jūnijs 23 | G3: Total | J3: Object address | K3: execution of contract | X3: execution of the contract | AA3: Object address | AB3: worked hours
A4: Objekta ieņēmumi kopā | B4: Budget total | C4: =G4/3 -> 29004.477 | D4: =AM7 -> 412.5 | E4: =C4*2 -> 58008.953 | G4: =Y10+Y11 -> 87013.43 | H4: =D4+F4 -> 412.5 | J4: Time shedule, weeks | M4: 25/04-01/05 | N4: 02/05-08/05 | V4: total | X4: planned | Y4: =V6 -> 1 | AA4: Time shedule, weeks | AB4: 29/05-04/06 | AC4: 05/06-11/06 | AD4: 12/06-16/06 | AM4: total
A5: Objekta tiešie izdevumi | B5: Direct costs | C5: =C6+C7+C8+C9+C10+C11+C13+C14+C16+C15+C12 -> 14153.448 | E5: =E6+E7+E8+E9+E10+E11+E13+E14+E16+E15+E12 -> 31416.379 | G5: =G6+G7+G8+G9+G10+G11+G13+G14+G16+G15+G12 -> 45569.827 | K5: 1 | L5: 2 | M5: 3 | N5: 4 | O5: 5 | P5: 6 | X5: in fact | Y5: =V8+V7 -> 1.1542014 | AB5: 1 | AC5: 2 | AD5: 3 | AE5: 4 | AF5: 5 | AG5: 6 | AH5: 7 | AI5: 8 | AJ5: 9 | AK5: 10 | AL5: 11
A6: materiālu un aprīkojuma iegāde | B6: materials and equipment | C6: =1528.88+799.91+348.42+1389.44+362.98+3.64+28.78+507.61 -> 4969.66 | D6: =C6+C7+C8 -> 6604.6 | E6: =45.48+106.73+224.15+14.94+73.3+93.3+126.25+82.85+555.14+67.07+19.99+72.91 -> 1482.11 | F6: =E6+E7+E8 -> 17168.43 | G6: =C6+E6 -> 6451.77 | H6: =G6+G7+G8 -> 23773.03 | K6: 1 | V6: =K6 -> 1 | X6: hours | AB6: =AM6/3 -> 159.33333 | AC6: =AB6 -> 159.33333 | AD6: =AC6 -> 159.33333 | AM6: 478
A7: materiālu piegādes izdevumi | B7: delivery | C7: 929.94 | E7: =1350 -> 1350 | G7: =C7+E7 -> 2279.94 | K7: 1 | V7: =K7 -> 1 | X7: planned | Y7: =AM6 -> 478 | AB7: =70.5+75 -> 145.5 | AC7: 155 | AD7: 112 | AM7: =AB7+AC7+AD7+AE7+AF7+AG7+AL7+AH7+AI7+AJ7+AK7 -> 412.5
A8: apakšuzņēmēji | B8: subcontractors | C8: 705 | E8: =2426+143.99+12.5+157.08+10036.75+1560 -> 14336.32 | G8: =C8+E8 -> 15041.32 | V8: =Y11/Y10 -> 0.15420138 | X8: in fact | Y8: =AM7 -> 412.5
A9: darba algas | B9: salaries | C9: =((34.5*15.5+5*7.75+26.5*14.5+9.5*14)-C13)*1.42 -> 1051.865 | D9: =C9+C10+C11+C13+C12 -> 3784.3133 | E9: =((341*14.5)-E13)*1.42 -> 3187.19 | F9: =E9+E10+E11+E13+E12 -> 11014.799 | G9: =C9+E9 -> 4239.055 | H9: =G9+G10+G11+G13+G12 -> 14799.112
A10: DD VSAOI | B10: tax for salaries | C10: =C9*0.2359 -> 248.13495 | E10: =E9*0.2359 -> 751.85812 | G10: =C10+E10 -> 999.99307 | X10: Contract amount EUR | Y10: 75388.43
A11: uzkrājums atvaļinājumam | B11: vacation allowance | C11: =(C9+C10)*0.08 -> 104 | E11: =(E9+E10)*0.08 -> 315.12385 | G11: =C11+E11 -> 419.12385 | X11: Additional works, EUR | Y11: =7000+4625 -> 11625
A12: administratīvie izdevumi 7% | B12: administrative costs 7% | C12: =(C4)*0.07 -> 2030.3134 | E12: =(E4)*0.07 -> 4060.6267 | G12: =C12+E12 -> 6090.9401
A13: komandējuma dienas naudas | B13: travel allowance | C13: =7*50 -> 350 | E13: 2700 | G13: =C13+E13 -> 3050 | X13: square m2 | Y13: 80.54
A14: komandējuma izdevumi- naktsmītne | B14: travel expenses (hotels) | C14: =2261.68 -> 2261.68 | D14: =C14+C16+C15 -> 3764.535 | F14: =E14+E16+E15 -> 3233.15 | G14: =C14+E14 -> 2261.68 | H14: =G14+G16+G15 -> 6997.685 | X14: object square | Y14: hours optimal/ m2
A15: komandējuma izdevumi- ceļš | B15: travel expenses ( tickets, road costs) | C15: =122.54+347.97+247.98+159.3+280.99/2 -> 1018.285 | E15: =305.98 -> 305.98 | G15: =C15+E15 -> 1324.265 | X15: m2<50 | Y15: 13
A16: citi izdevumi | B16: other expenses | C16: =125+214.87+89+20+5+8+10.24+6.23+6.23 -> 484.57 | E16: =12+6+20+24.38+30+10+8+12+10+16+18+128.34+8+12+6+8+6+12+6+4+4+57.95+483.5+25+2000 -> 2927.17 | G16: =C16+E16 -> 3411.74 | X16: 50<m2<100 | Y16: 12
A17: peļņa bruto | B17: profit/ loss | C17: =C4-C5 -> 14851.028 | D17: =C17/C4 -> 0.51202539 | E17: =E4-E5 -> 26592.575 | F17: =E17/E4 -> 0.4584219 | G17: =G4-G5 -> 41443.603 | H17: =G17/G4 -> 0.47628973
J18: Object address | K18: materials and equipments costs | X18: materials and equipment costs | AA18: Object address | AB18: travel and living costs
A19: Direct costs | B19: % | J19: Time shedule, weeks | K19: =K4 -> 0 | M19: 25/04-01/05 | N19: 02/05-08/05 | V19: total | X19: planned | Y19: 10832.59 | AA19: Time shedule, weeks | AB19: 29/05-04/06 | AC19: 05/06-11/06 | AD19: 12/06-16/06 | AM19: total
A20: Materials, incl.delivery, and subcontractors | B20: =H6/G5*100 -> 52.168357 | K20: 1 | L20: 2 | M20: 3 | N20: 4 | O20: 5 | P20: 6 | X20: in fact | Y20: =G6+G7 -> 8731.71 | AB20: 1 | AC20: 2 | AD20: 3 | AE20: 4 | AF20: 5 | AG20: 6 | AH20: 7 | AI20: 8 | AJ20: 9 | AK20: 10 | AL20: 11
A21: Salaries and taxes | B21: =H9/G5*100 -> 32.475682 | V21: =Y19 -> 10832.59 | X21: travel and living costs | AB21: =AM21/3 -> 933.33333 | AC21: =AB21 -> 933.33333 | AD21: =AC21 -> 933.33333 | AM21: =Y22 -> 2800
A22: Other costs | B22: =H14/G5*100 -> 15.355961 | V22: =K22+L22+M22+N22+O22+P22+U22+Q22+R22+S22+T22 -> 0 | X22: planned | Y22: 2800 | AB22: =2261.68+247.98+159.3+280.99/2+324.8+122.54 -> 3256.795 | AC22: =305.98 -> 305.98 | AM22: =AB22+AC22+AD22+AE22+AF22+AG22+AL22+AH22+AI22+AJ22+AK22 -> 3562.775
X23: in fact | Y23: =AM22 -> 3562.775
X25: Subcontractors budget, EUR
X26: Payments to subcontractor, EUR
X30: date of report
X31: 45114

Sheet OFF
A1: OFF | B1: Calzedonia and Intimissimi Offenburg, Hauptstrasse 80, Germany, 01/03/2023- 06/04/2023 (20/05/2023!)
A2: Object costs | N2: KPI
C3: Marts | E3: Aprīlis | G3: Maijs | I3: Jūnijs | K3: Total | N3: Object address | O3: execution of contract | Z3: =AB3 -> execution of the contract | AB3: execution of the contract | AE3: Object address | AF3: worked hours
A4: Objekta ieņēmumi kopā | B4: Budget total | C4: 79000 | E4: =C4 -> 79000 | G4: =AC11 -> 24166.3 | I4: =AE11 -> 0 | K4: =AC10+AC11 -> 182166.3 | N4: Time shedule, weeks | O4: 01/03-05/03 | P4: 06/03-12/03 | Q4: 13/03-19/03 | R4: 20/03-26/03 | S4: 27/03-02/04 | Z4: total | AB4: planned | AC4: 1 | AE4: Time shedule, weeks | AF4: 01/03-05/03 | AG4: 06/03-12/03 | AH4: 13/03-19/03 | AI4: 20/03-26/03 | AJ4: 27/03-02/04 | AK4: 03/04-09/04 | AL4: 10/04-12/04 | AM4: 23/04-30/04 | AN4: 01/05-04/05 | AO4: 15/05-20/05 | AP4: jūnijs | AQ4: total
A5: Objekta tiešie izdevumi | B5: Direct costs | C5: =C6+C7+C8+C9+C10+C11+C13+C14+C16+C15+C12 -> 70826.617 | E5: =E6+E7+E8+E9+E10+E11+E13+E14+E16+E15+E12 -> 49110.313 | G5: =G6+G7+G8+G9+G10+G11+G13+G14+G16+G15+G12 -> 12161.915 | I5: =I6+I7+I8+I9+I10+I11+I13+I14+I16+I15+I12 -> 1647.9392 | K5: =K6+K7+K8+K9+K10+K11+K13+K14+K16+K15+K12 -> 133746.78 | O5: 1 | P5: 2 | Q5: 3 | R5: 4 | S5: 5 | T5: 6 | AB5: in fact | AC5: =1+AC11/AC10 -> 1.1529513 | AF5: 1 | AG5: 2 | AH5: 3 | AI5: 4 | AJ5: 5 | AK5: 6 | AL5: 7 | AM5: 8 | AN5: 9 | AO5: 10 | AP5: 11
A6: mtr. un aprīkojuma iegāde | B6: materials and equipment | C6: =140.3+51.34+235.59+9.29+162.1+22.98+43.87+864.89+296.32+733.98+2093.78+4288.67+162.7+79.65+3417.65+210.04+185.37+137.37+7.95+887.5+160.5+39.99+24.18+30.48+33.76+184.87+106.9+420.5+323.88+70.4+23.95+47.88+61.55+31.9+450.63+8.98+56.96+88.21+441.25+63.45+471.18+662.64+58.4+144.26+57 -> 18095.04 | D6: =C6+C7+C8 -> 27366.04 | E6: =211.03+95.38+39.99+43.24+81.84+219.24+145.77+25.3+29.81+9.99+100+171.38+27.98+43.96+56.94+69.12+73.14+93.5+110.75+38.97+111.36+27.99 -> 1826.68 | F6: =E6+E7+E8 -> 30886.62 | G6: =82.7+110.3+79.97+141.88+41.74+17.97+18.94+18.14+9.08+10.66+84.39+9.47+27.05+268.9 -> 921.19 | H6: =G6+G7+G8 -> 5092.78 | I6: =60.35+6.83 -> 67.18 | J6: =I6+I7+I8 -> 67.18 | K6: =C6+E6+G6+I6 -> 20910.09 | L6: =K6+K7+K8 -> 63412.62 | O6: 0.2 | P6: 0.4 | Q6: 0.6 | R6: 0.8 | S6: 1 | Z6: =O6 -> 0.2 | AB6: hours per m2 | AF6: 336 | AG6: 336 | AH6: 336 | AI6: 336 | AJ6: 336 | AQ6: 1681
A7: mtr. piegādes izdevumi | B7: delivery | C7: =1100+670 -> 1770 | E7: 98.9 | K7: =C7+E7+G7+I7 -> 1868.9 | Z7: =O7 -> 0 | AB7: planned | AC7: =AQ6/AC13 -> 10.89295 | AF7: =76+116-16 -> 176 | AG7: =80-13 -> 67 | AH7: =402.5-57.5 -> 345 | AI7: =388.5-55.5 -> 333 | AJ7: =345.5-49.5+60 -> 356 | AK7: =285-57 -> 228 | AL7: =49.5-16.5 -> 33 | AM7: 73.5 | AN7: 50.5 | AO7: =36.5*2 -> 73 | AQ7: =AF7+AG7+AH7+AI7+AJ7+AK7+AP7+AL7+AM7+AN7+AO7 -> 1735
A8: apakšuzņēmēji | B8: subcontractors | C8: =7501 -> 7501 | E8: =4550+3475.62+286.8+11500+8373.57+775.05 -> 28961.04 | G8: =705+1678.48+1788.11 -> 4171.59 | K8: =C8+E8+G8+I8 -> 40633.63 | Z8: =AC11/AC10 -> 0.15295127 | AB8: in fact | AC8: =AQ7/AC13 -> 11.242872
A9: darba algas | B9: salaries | C9: =((602.5*13+327*14.5+213.5*14+17*50+2746.04)-C13)*1.42 -> 10591.837 | D9: =C9+C10+C11+C13+C12 -> 31367.687 | E9: =3187.49*1.42 -> 4526.2358 | F9: =E9+E10+E11+E13+E12 -> 15271.493 | G9: =((38.5+36.5)*13.5+36.5*14.5+2500/31*9-G13)*1.42 -> 1373.9302 | H9: =G9+G10+G11+G13+G12 -> 4825.5245 | I9: =((2400/21*2+40*13.5)-I13)*1.42 -> 665.37143 | J9: =I9+I10+I11+I13+I12 -> 1188.1192 | K9: =C9+E9+G9+I9 -> 17157.374 | L9: =K9+K10+K11+K13+K12 -> 52652.824
A10: DD VSAOI | B10: tax for salaries | C10: =C9*0.2359 -> 2498.6143 | E10: =E9*0.2359 -> 1067.739 | G10: =G9*0.2359 -> 324.11013 | I10: =I9*0.2359 -> 156.96112 | K10: =C10+E10+G10+I10 -> 4047.4246 | AB10: Contract amount EUR | AC10: =90500+67500 -> 158000
A11: uzkrājums atvaļinājumam | B11: vacation allowance | C11: =(C9+C10)*0.08 -> 1047.2361 | E11: =(E9+E10)*0.08 -> 447.51799 | G11: =(G9+G10)*0.08 -> 135.84322 | I11: =(I9+I10)*0.08 -> 65.786604 | K11: =C11+E11+G11+I11 -> 1696.3839 | AB11: Additional works, EUR | AC11: =9574.05+4592.25+10000 -> 24166.3
A12: administratīvie izdevumi 7% | B12: administrative costs 7% | C12: =(C4)*0.07 -> 5530 | E12: =(E4)*0.07 -> 5530 | G12: =(G4)*0.07 -> 1691.641 | I12: =(I4)*0.07 -> 0 | K12: =C12+E12+G12+I12 -> 12751.641
A13: kom. dienas naudas | B13: travel allowance | C13: =234*50 -> 11700 | E13: 3700 | G13: =4*2*50+3*6*50 -> 1300 | I13: =6*50 -> 300 | K13: =C13+E13+G13+I13 -> 17000 | AB13: square m2 | AC13: =86.6+12.49+42.74+12.49 -> 154.32
A14: kom. izdevumi- naktsmītne | B14: travel expenses (hotels) | C14: =6000+59.36+2569.54+85+414.15 -> 9128.05 | D14: =C14+C16+C15 -> 12092.89 | E14: =455.44 -> 455.44 | F14: =E14+E16+E15 -> 2952.2 | G14: =540+258+441 -> 1239 | H14: =G14+G16+G15 -> 2243.61 | I14: 289 | J14: =I14+I16+I15 -> 392.64 | K14: =C14+E14+G14+I14 -> 11111.49 | L14: =K14+K16+K15 -> 17681.34 | AB14: object square | AC14: hours optimal/ m2
A15: kom. izdevumi- ceļš | B15: travel expenses ( tickets, road costs) | C15: =395.98+680.11+175.99+125+86.7+16.98+32+227.92+577.18 -> 2317.86 | E15: =246.99+493.98-246.99+268.99+178.39*3+178.39*2 -> 1654.92 | G15: 503.95 | I15: =103.64 -> 103.64 | K15: =C15+E15+G15+I15 -> 4580.37 | AB15: m2<50 | AC15: 13
A16: citi izdevumi | B16: other expenses | C16: =5.99+189.5+3.5+422+1.61+3.68+8.46+12.24 -> 646.98 | E16: =15+25+274+66.5+36.47+152.99+6.63+6.62+11.44+5.78+2.64+135.69+25+26.38+11.1+11.1+14.5+15 -> 841.84 | G16: =37.47+11.1+11.1+31.5+6.2+130+31.5+19.82+28.3+46.4+51+96.27 -> 500.66 | K16: =C16+E16+G16+I16 -> 1989.48 | AB16: 50<m2<100 | AC16: 12
A17: peļņa bruto | B17: profit/ loss | C17: =C4-C5 -> 8173.3828 | D17: =C17/C4 -> 0.10346054 | E17: =E4-E5 -> 29889.687 | F17: =E17/E4 -> 0.37835047 | G17: =G4-G5 -> 12004.385 | H17: =G17/G4 -> 0.49674073 | I17: =I4-I5 -> -1647.9392 | J17: =I17/I4 -> #DIV/0! | K17: =K4-K5 -> 48419.516 | L17: =K17/K4 -> 0.26579843
N18: Object address | O18: materials and equipments costs | AB18: materials and equipment costs | AE18: Object address | AF18: travel and living costs
A19: Direct costs | B19: % | N19: Time shedule, weeks | O19: 01/03-05/03 | P19: 06/03-12/03 | Q19: 13/03-19/03 | R19: 20/03-26/03 | S19: 27/03-02/04 | Z19: total | AB19: planned | AC19: =11203.95+11903.9 -> 23107.85 | AE19: Time shedule, weeks | AF19: 01/03-05/03 | AG19: 06/03-12/03 | AH19: 13/03-19/03 | AI19: 20/03-26/03 | AJ19: 27/03-02/04 | AK19: 03/04-09/04 | AL19: 10/04-12/04 | AM19: 23/04-30/04 | AN19: 01/05-04/05 | AO19: =AO4 -> 15/05-20/05 | AP19: =AP4 -> jūnijs | AQ19: total
A20: Materials, incl.delivery, and subcontractors | B20: =L6/K5*100 -> 47.412445 | O20: 1 | P20: 2 | Q20: 3 | R20: 4 | S20: 5 | T20: 6 | AB20: in fact | AC20: =K6+K7 -> 22778.99 | AF20: 1 | AG20: 2 | AH20: 3 | AI20: 4 | AJ20: 5 | AK20: 6 | AL20: 7 | AM20: 8 | AN20: 9 | AO20: 10 | AP20: 11
A21: Salaries and taxes | B21: =L9/K5*100 -> 39.367544 | O21: =Z21/5 -> 4621.57 | P21: =O21 -> 4621.57 | Q21: =O21 -> 4621.57 | R21: =Q21 -> 4621.57 | S21: =R21 -> 4621.57 | Z21: =AC19 -> 23107.85 | AB21: travel and living costs | AF21: =AQ21/5 -> 2780 | AG21: =AF21 -> 2780 | AH21: =AF21 -> 2780 | AI21: =AH21 -> 2780 | AJ21: =AI21 -> 2780 | AQ21: =AC22 -> 13900
A22: Other costs | B22: =L14/K5*100 -> 13.220011 | O22: =3988.97+4288.67 -> 8277.64 | Z22: =O22+P22+Q22+R22+S22+T22+Y22+U22+V22+W22+X22 -> 8277.64 | AB22: planned | AC22: =5850+8050 -> 13900 | AF22: =6000+59.36+395.98+680.11+175.99+86.7+2569.54+16.98 -> 9984.66 | AG22: 125 | AI22: 85 | AJ22: 1251.25 | AK22: =178.39*3 -> 535.17 | AL22: =246.99+493.98+268.99-246.99+455.44 -> 1218.41 | AM22: =540+178.39*2+441 -> 1337.78 | AO22: =503.95+258 -> 761.95 | AP22: 289 | AQ22: =AF22+AG22+AH22+AI22+AJ22+AK22+AP22+AL22+AM22+AN22+AO22 -> 15588.22
AB23: in fact | AC23: =AQ22 -> 15588.22
AB25: Subcontractors budget, EUR | AC25: 42998.72
AB26: Payments to subcontractor, EUR | AC26: =B36 -> 21273.59
AB30: date of report
AB31: 45114
A36: ELEKTRIĶU IZMAKSAS | B36: =SUM(B37:B42) -> 21273.59 | C36: =11438.4+19456 -> 30894.4
A37: CEĻŠ+DZĪVOŠANA
A38: ALGA+TAX
A39: KOMANDĒJUMA DIENAS NAUDAS
A40: MATERIĀLI | B40: =3417.65+210.04 -> 3627.69
A41: APAKŠUZŅĒMĒJI- EI Support | B41: =11500+705+1678.48 -> 13883.48
A42: APAKŠUZŅĒMĒJI- PETER SEYRING | B42: =3475.62+286.8 -> 3762.42

Sheet ANT
A1: ANT | B1: Intimissimi Antverpen Korte Gasthuisstraat, Belgium, 20/02/2023-08/03/2023
A2: Object costs | L2: KPI
C3: Februāris | E3: Marts | I3: Total | L3: Object address | M3: execution of contract | Z3: execution of the contract | AC3: Object address | AD3: worked hours
A4: Objekta ieņēmumi kopā | B4: Budget total | C4: =I4/3*2 -> 37259.973 | E4: =AA10/3 -> 18629.987 | I4: =AA10+AA11+G4 -> 55889.96 | L4: Time shedule, weeks | M4: 20/02-26/02 | N4: 27/02-05/03 | O4: 06/03-08/23 | P4: 11/04/-17/04 | Q4: 18/04-21/04 | R4: maijs | X4: total | Z4: planned | AA4: =P6 -> 1 | AC4: Time shedule, weeks | AD4: 20/02-26/02 | AE4: 27/02-05/03 | AF4: 06/03-08/23 | AG4: 11/04/-15/04 | AH4: =Q4 -> 18/04-21/04 | AI4: maijs | AO4: total
A5: Objekta tiešie izdevumi | B5: Direct costs | C5: =C6+C7+C8+C9+C10+C11+C13+C14+C16+C15+C12 -> 20611.501 | E5: =E6+E7+E8+E9+E10+E11+E13+E14+E16+E15+E12 -> 11696.263 | G5: =G6+G7+G8+G9+G10+G11+G13+G14+G16+G15+G12 -> 0 | I5: =I6+I7+I8+I9+I10+I11+I13+I14+I16+I15+I12+I17 -> 32307.764 | M5: 1 | N5: 2 | O5: 3 | P5: 4 | Q5: 5 | R5: 6 | Z5: in fact | AA5: 1 | AD5: 1 | AE5: 2 | AF5: 3 | AG5: 4 | AH5: 5 | AI5: 6 | AJ5: 7 | AK5: 8 | AL5: 9 | AM5: 10 | AN5: 11
A6: materiālu un aprīkojuma iegāde | B6: materials and equipment | C6: =842.59+198.19+51.97+16.36+109.71+821.28+142.92+49.99+121.11+85.96+137.47+9.79+97.99+58.48+8.05+29.35+109.98+82.72 -> 2973.91 | D6: =C6+C7+C8 -> 4073.18 | E6: =78.58+118.12+11.17+7.99+90.95+97.55+56.6+485 -> 945.96 | F6: =E6+E7+E8 -> 1938.13 | H6: =G6+G7+G8 -> 0 | I6: =C6+E6+G6 -> 3919.87 | J6: =I6+I7+I8 -> 6011.31 | M6: 0.3 | N6: 0.6 | O6: 1 | P6: 1 | X6: =P6 -> 1 | Z6: hours per m2 | AD6: =AO6/3 -> 237.28333 | AE6: =AD6 -> 237.28333 | AF6: =AD6 -> 237.28333 | AG6: =AO6/4 -> 177.9625 | AO6: 711.85
A7: materiālu piegādes izdevumi | B7: delivery | E7: =380+159 -> 539 | I7: =C7+E7+G7 -> 539 | X7: =R7 -> 0 | Z7: planned | AA7: =AO6/AA13 -> 8.5589756 | AD7: =369+36 -> 405 | AE7: =158+270.5 -> 428.5 | AF7: 69 | AO7: =AD7+AE7+AF7+AG7+AH7+AI7+AN7+AJ7+AK7+AL7+AM7 -> 902.5
A8: apakšuzņēmēji | B8: subcontractors | C8: =208.39+197.84+316.54+70.6+181.78+64.76+59.36 -> 1099.27 | E8: =75.55+145.71+59.36+76.5+81.77+14.28 -> 453.17 | I8: =C8+E8+G8 -> 1552.44 | X8: =P8 -> 0 | Z8: in fact | AA8: =AO7/AA13 -> 10.851268
A9: darba algas | B9: salaries | C9: =((14*96.5+14.5*82.5+71*12+80.5*13+80.5*14.5*2)-C13)*1.42 -> 4260.355 | D9: =C9+C10+C11+C13+C12 -> 12074.801 | E9: =(1592-120)*1.42 -> 2090.24 | F9: =E9+E10+E11+E13+E12 -> 7394.0929 | H9: =G9+G10+G11+G13+G12 -> 0 | I9: =C9+E9+G9 -> 6350.595 | J9: =I9+I10+I11+I13+I12 -> 19468.894
A10: DD VSAOI | B10: tax for salaries | C10: =C9*0.2359 -> 1005.0177 | E10: =E9*0.2359 -> 493.08762 | G10: =G9*0.2359 -> 0 | I10: =C10+E10+G10 -> 1498.1054 | Z10: Contract amount EUR | AA10: 55889.96
A11: uzkrājums atvaļinājumam | B11: vacation allowance | C11: =(C9+C10)*0.08 -> 421.22982 | E11: =(E9+E10)*0.08 -> 206.66621 | G11: =(G9+G10)*0.08 -> 0 | I11: =C11+E11+G11 -> 627.89603 | Z11: Additional works, EUR
A12: administratīvie izdevumi 7% | B12: administrative costs 7% | C12: =(C4)*0.07 -> 2608.1981 | E12: =(E4)*0.07 -> 1304.0991 | G12: =(G13+G11+G10+G9)*0.07 -> 0 | I12: =C12+E12+G12 -> 3912.2972
A13: komandējuma dienas naudas | B13: travel allowance | C13: =(40+18+5)*60 -> 3780 | E13: 3300 | I13: =C13+E13+G13 -> 7080 | Z13: square m2 | AA13: 83.17
A14: komandējuma izdevumi- naktsmītne | B14: travel expenses (hotels) | C14: =2826.77+333.88 -> 3160.65 | D14: =C14+C16+C15 -> 4463.52 | E14: =348.88+158.83+207.06 -> 714.77 | F14: =E14+E16+E15 -> 2364.04 | H14: =G14+G16+G15 -> 0 | I14: =C14+E14+G14 -> 3875.42 | J14: =I14+I16+I15+I17 -> 6827.56 | Z14: object square | AA14: hours optimal/ m2
A15: komandējuma izdevumi- ceļš | B15: travel expenses ( tickets, road costs) | C15: =16.6+94.96+179.29+8.4+560.98 -> 860.23 | E15: =199.98+560.5+13.3*2+3.8+100+49.98 -> 940.86 | I15: =C15+E15+G15 -> 1801.09 | Z15: m2<50 | AA15: 13
A16: citi izdevumi | B16: other expenses | C16: =147+4.4+108.23+123.01+60 -> 442.64 | E16: =125+3.9+93.49+26.54+86.11+373.37 -> 708.41 | I16: =C16+E16+G16 -> 1151.05 | Z16: 50<m2<100 | AA16: 12
A18: peļņa bruto | B18: profit/ loss | C18: =C4-C5 -> 16648.473 | D18: =C18/C4 -> 0.44681923 | E18: =E4-E5 -> 6933.7238 | F18: =E18/E4 -> 0.37218082 | G18: =G4-G5 -> 0 | H18: =G18/G4 -> #DIV/0! | I18: =I4-I5 -> 23582.196 | J18: =I18/I4 -> 0.42193976
L19: Object address | M19: materials and equipments costs | Z19: materials and equipment costs | AC19: Object address | AD19: travel and living costs
A20: Direct costs | B20: % | L20: Time shedule, weeks | M20: 20/02-26/02 | N20: 27/02-05/03 | O20: 06/03-08/23 | P20: 11/04/-17/04 | Q20: 18/04-21/04 | R20: =R4 -> maijs | X20: total | Z20: planned | AA20: 6517.26 | AC20: Time shedule, weeks | AD20: 20/02-26/02 | AE20: 27/02-05/03 | AF20: 06/03-08/23 | AG20: 11/04/-15/04 | AH20: =AH4 -> 18/04-21/04 | AO20: total
A21: Materials, incl.delivery, and subcontractors | B21: =J6/I5*100 -> 18.606395 | M21: 1 | N21: 2 | O21: 3 | P21: 4 | Q21: 5 | R21: 6 | Z21: in fact | AA21: =I6+I7 -> 4458.87 | AD21: 1 | AE21: 2 | AF21: 3 | AG21: 4 | AH21: 5 | AI21: 6 | AJ21: 7 | AK21: 8 | AL21: 9 | AM21: 10 | AN21: 11
A22: Salaries and taxes | B22: =J9/I5*100 -> 60.260728 | M22: =X22/3 -> 2172.42 | N22: =M22 -> 2172.42 | O22: =M22 -> 2172.42 | P22: =X22/4 -> 1629.315 | X22: =AA20 -> 6517.26 | Z22: travel and living costs | AD22: =AO22/3 -> 2533.3333 | AE22: =AD22 -> 2533.3333 | AF22: =AD22 -> 2533.3333 | AG22: =AO22/4 -> 1900 | AO22: =AA23 -> 7600
A23: Other costs | B23: =J14/I5*100 -> 21.132877 | X23: =M23+N23+O23+P23+Q23+R23+W23+S23+T23+U23+V23 -> 0 | Z23: planned | AA23: 7600 | AD23: =2826.77+333.88+16.6+8.4+560.98 -> 3746.63 | AE23: =199.98+13.3*2+560.5 -> 787.08 | AF23: =158.83+103.8+560.8+62+49.98+207.06 -> 1142.47 | AO23: =AD23+AE23+AF23+AG23+AH23+AI23+AN23+AJ23+AK23+AL23+AM23 -> 5676.18
Z24: in fact | AA24: =AO23 -> 5676.18
Z26: Subcontractors budget, EUR
Z27: Payments to subcontractor, EUR
Z29: date of report
Z30: 27/04/2023
A35: ELEKTRIĶU IZMAKSAS | B35: =B36+B37+B38+B39+B40+B41 -> 2493.761
A36: CEĻŠ+DZĪVOŠANA | B36: =179.29+16.6+333.88+8.4+560.98 -> 1099.15
A37: ALGA+TAX | B37: =(16*31.5-300)*1.42*1.2359+204*1.42*1.2359 -> 716.03102
A38: KOMANDĒJUMA DIENAS NAUDAS | B38: =300+300 -> 600
A39: MATERIĀLI | B39: =78.58 -> 78.58
A40: APAKŠUZŅĒMĒJI- ELEKTRO LAT
A41: APAKŠUZŅĒMĒJI- PETER SEYRING

Sheet SW
A1: SW | B1: Zviedrija, 06/02/2023-09/02/2023
A2: Object costs | J2: KPI
E3: Marts 22 | G3: Total | J3: Object address | K3: execution of contract | X3: execution of the contract | AA3: Object address | AB3: worked hours
A4: Objekta ieņēmumi kopā | B4: Budget total | C4: =G4 -> 5650 | G4: =Y10+Y11 -> 5650 | H4: =D4+F4 -> 0 | J4: Time shedule, weeks | K4: 06/02-09/02 | V4: total | X4: planned | Y4: =V6 -> 1 | AA4: Time shedule, weeks | AB4: =K4 -> 06/02-09/02 | AM4: total
A5: Objekta tiešie izdevumi | B5: Direct costs | C5: =C6+C7+C8+C9+C10+C11+C13+C14+C16+C15+C12 -> 5819.744 | E5: =E6+E7+E8+E9+E10+E11+E13+E14+E16+E15+E12 -> 0 | G5: =G6+G7+G8+G9+G10+G11+G13+G14+G16+G15+G12 -> 5819.744 | K5: 1 | L5: 2 | M5: 3 | N5: 4 | O5: 5 | P5: 6 | X5: in fact | Y5: =V7 -> 1 | AB5: 1 | AC5: 2 | AD5: 3 | AE5: 4 | AF5: 5 | AG5: 6 | AH5: 7 | AI5: 8 | AJ5: 9 | AK5: 10 | AL5: 11
A6: materiālu un aprīkojuma iegāde | B6: materials and equipment | C6: =45.99+113.73+55.67+395.53 -> 610.92 | D6: =C6+C7+C8 -> 610.92 | F6: =E6+E7+E8 -> 0 | G6: =C6+E6 -> 610.92 | H6: =G6+G7+G8 -> 610.92 | K6: 1 | V6: =K6 -> 1 | X6: hours per m2 | AB6: =AM6/4 -> 0 | AC6: =AB6 -> 0 | AD6: =AB6 -> 0 | AE6: =AM6/4 -> 0
A7: materiālu piegādes izdevumi | B7: delivery | G7: =C7+E7 -> 0 | K7: 1 | V7: =K7 -> 1 | X7: planned | Y7: =AM6/Y13 -> #DIV/0! | AM7: =AB7+AC7+AD7+AE7+AF7+AG7+AL7+AH7+AI7+AJ7+AK7 -> 0
A8: apakšuzņēmēji | B8: subcontractors | G8: =C8+E8 -> 0 | K8: =Y11/Y10 -> 0 | V8: =K8 -> 0 | X8: in fact | Y8: =AM7/Y13 -> #DIV/0!
A9: darba algas | B9: salaries | C9: =((41.5*15.5+16*7.75+36*14.5+15*7.25+36*13+15*6.5)-C13)*1.42+180 -> 1548.17 | D9: =C9+C10+C11+C13+C12 -> 3461.954 | F9: =E9+E10+E11+E13+E12 -> 0 | G9: =C9+E9 -> 1548.17 | H9: =G9+G10+G11+G13+G12 -> 3461.954
A10: DD VSAOI | B10: tax for salaries | C10: =C9*0.2359 -> 365.2133 | E10: =E9*0.2359 -> 0 | G10: =C10+E10 -> 365.2133 | X10: Contract amount EUR | Y10: 5650
A11: uzkrājums atvaļinājumam | B11: vacation allowance | C11: =(C9+C10)*0.08 -> 153.07066 | E11: =(E9+E10)*0.08 -> 0 | G11: =C11+E11 -> 153.07066 | X11: Additional works, EUR
A12: administratīvie izdevumi 7% | B12: administrative costs 7% | C12: =(C4)*0.07 -> 395.5 | E12: =(E13+E11+E10+E9)*0.07 -> 0 | G12: =C12+E12 -> 395.5
A13: komandējuma dienas naudas | B13: travel allowance | C13: =4*5*50 -> 1000 | G13: =C13+E13 -> 1000 | X13: square m2
A14: komandējuma izdevumi- naktsmītne | B14: travel expenses (hotels) | C14: =406.31+229.82+10 -> 646.13 | D14: =C14+C16+C15 -> 1746.87 | F14: =E14+E16+E15 -> 0 | G14: =C14+E14 -> 646.13 | H14: =G14+G16+G15 -> 1746.87 | X14: object square | Y14: hours optimal/ m2
A15: komandējuma izdevumi- ceļš | B15: travel expenses ( tickets, road costs) | C15: =1089.9+5.97+4.87 -> 1100.74 | G15: =C15+E15 -> 1100.74 | X15: m2<50 | Y15: 13
A16: citi izdevumi | B16: other expenses | G16: =C16+E16 -> 0 | X16: 50<m2<100 | Y16: 12
A17: peļņa bruto | B17: profit/ loss | C17: =C4-C5 -> -169.74397 | D17: =C17/C4 -> -0.03004318 | E17: =E4-E5 -> 0 | F17: =E17/E4 -> #DIV/0! | G17: =G4-G5 -> -169.74397 | H17: =G17/G4 -> -0.03004318
J18: Object address | K18: materials and equipments costs | X18: materials and equipment costs | AA18: Object address | AB18: travel and living costs
A19: Direct costs | B19: % | J19: Time shedule, weeks | K19: =K4 -> 06/02-09/02 | V19: total | X19: planned | Y19: =V21 -> 0 | AA19: Time shedule, weeks | AB19: =K19 -> 06/02-09/02 | AM19: total
A20: Materials, incl.delivery, and subcontractors | B20: =H6/G5*100 -> 10.497369 | K20: 1 | L20: 2 | M20: 3 | N20: 4 | O20: 5 | P20: 6 | X20: in fact | Y20: =V22 -> 610.92 | AB20: 1 | AC20: 2 | AD20: 3 | AE20: 4 | AF20: 5 | AG20: 6 | AH20: 7 | AI20: 8 | AJ20: 9 | AK20: 10 | AL20: 11
A21: Salaries and taxes | B21: =H9/G5*100 -> 59.486362 | K21: =V21/4 -> 0 | L21: =K21 -> 0 | M21: =K21 -> 0 | N21: =V21/4 -> 0 | X21: travel and living costs | AM21: =Y22 -> 0
A22: Other costs | B22: =H14/G5*100 -> 30.016269 | K22: =D6 -> 610.92 | V22: =K22+L22+M22+N22+O22+P22+U22+Q22+R22+S22+T22 -> 610.92 | X22: planned | AB22: =406.81+1089.9+5.97+229.82+10 -> 1742.5 | AM22: =AB22+AC22+AD22+AE22+AF22+AG22+AL22+AH22+AI22+AJ22+AK22 -> 1742.5
X23: in fact | Y23: =AM22 -> 1742.5
X25: Subcontractors budget, EUR
X26: Payments to subcontractor, EUR
X30: date of report
X31: 44988

Sheet SAR2
A1: SAR2 | B1: SAARBRUESKEN, Bahnhofstrasse 1 , Germany, 11/02/2023-20/02/2023
A2: Object costs | J2: KPI
C3: 44614 | G3: Total | J3: Object address | K3: execution of contract | X3: execution of the contract | AA3: Object address | AB3: worked hours
A4: Objekta ieņēmumi kopā | B4: Budget total | C4: =Y10+Y11 -> 30549.81 | D4: =H4 -> 377.5 | G4: =C4+E4 -> 30549.81 | H4: =AB7 -> 377.5 | J4: Time shedule, weeks | K4: 10/02-20/02 | V4: total | X4: planned | Y4: =K6 -> 1 | AA4: Time shedule, weeks | AB4: =K4 -> 10/02-20/02 | AM4: total | AO4: =G4+SAR!G4 -> 112171.55
A5: Objekta tiešie izdevumi | B5: Direct costs | C5: =C6+C7+C8+C9+C10+C11+C13+C14+C16+C15+C12 -> 14628.401 | E5: =E6+E7+E8+E9+E10+E11+E13+E14+E16+E15+E12 -> 0 | G5: =G6+G7+G8+G9+G10+G11+G13+G14+G16+G15+G12 -> 14628.401 | K5: 1 | L5: 2 | M5: 3 | N5: 4 | O5: 5 | P5: 6 | X5: in fact | Y5: =K7+V8 -> 1.3800488 | AB5: 1 | AC5: 2 | AD5: 3 | AE5: 4 | AF5: 5 | AG5: 6 | AH5: 7 | AI5: 8 | AJ5: 9 | AK5: 10 | AL5: 11
A6: materiālu un aprīkojuma iegāde | B6: materials and equipment | C6: 225.09 | D6: =C6+C7+C8 -> 1964.66 | F6: =E6+E7+E8 -> 0 | G6: =C6+E6 -> 225.09 | H6: =G6+G7+G8 -> 1964.66 | K6: 1 | V6: =K6 -> 1 | X6: hours per m2 | AB6: =161+152 -> 313 | AM6: =AB6 -> 313
A7: materiālu piegādes izdevumi | B7: delivery | C7: =1950/4 -> 487.5 | G7: =C7+E7 -> 487.5 | K7: 1 | V7: =K7 -> 1 | X7: planned | Y7: =AM6/Y13 -> 2.2005062 | AB7: =8+369.5 -> 377.5 | AM7: =AB7 -> 377.5
A8: apakšuzņēmēji | B8: subcontractors | C8: =1004.48+101.99+85.4+10+50.2 -> 1252.07 | G8: =C8+E8 -> 1252.07 | K8: =Y11/Y10 -> 0.38004884 | V8: =K8 -> 0.38004884 | X8: in fact | Y8: =AM7/Y13 -> 2.6539651
A9: darba algas | B9: salaries | C9: =((13*75.5*2+14*75.5+14.5*71.5*2+12*4+15*4)-C13)*1.42 -> 4191.13 | D9: =C9+C10+C11+C13+C12 -> 9982.6897 | F9: =E9+E10+E11+E13+E12 -> 0 | G9: =C9+E9 -> 4191.13 | H9: =G9+G10+G11+G13+G12 -> 9982.6897
A10: DD VSAOI | B10: tax for salaries | C10: =C9*0.2359 -> 988.68757 | E10: =E9*0.2359 -> 0 | G10: =C10+E10 -> 988.68757 | X10: Contract amount EUR | Y10: =11457.14+10679.62 -> 22136.76
A11: uzkrājums atvaļinājumam | B11: vacation allowance | C11: =(C9+C10)*0.08 -> 414.38541 | E11: =(E9+E10)*0.08 -> 0 | G11: =C11+E11 -> 414.38541 | X11: Additional works, EUR | Y11: 8413.05
A12: administratīvie izdevumi 7% | B12: administrative costs 7% | C12: =(C4)*0.07 -> 2138.4867 | E12: =(E13+E11+E10+E9)*0.07 -> 0 | G12: =C12+E12 -> 2138.4867
A13: komandējuma dienas naudas | B13: travel allowance | C13: =9*5*50 -> 2250 | G13: =C13+E13 -> 2250 | X13: square m2 | Y13: =65.8+76.44 -> 142.24
A14: komandējuma izdevumi- naktsmītne | B14: travel expenses (hotels) | C14: =462+66+965.93+1098/2 -> 2042.93 | D14: =C14+C16+C15 -> 2681.0517 | F14: =E14+E16+E15 -> 0 | G14: =C14+E14 -> 2042.93 | H14: =G14+G16+G15 -> 2681.0517 | X14: object square | Y14: hours optimal/ m2
A15: komandējuma izdevumi- ceļš | B15: travel expenses ( tickets, road costs) | C15: =32+223.18/2+905/58/2 -> 151.39172 | G15: =C15+E15 -> 151.39172 | X15: m2<50 | Y15: 13
A16: citi izdevumi | B16: other expenses | C16: =90+116.26+44.46+236.01 -> 486.73 | G16: =C16+E16 -> 486.73 | X16: 50<m2<100 | Y16: 12
A17: peļņa bruto | B17: profit/ loss | C17: =C4-C5 -> 15921.409 | D17: =C17/C4 -> 0.52116228 | E17: =E4-E5 -> 0 | F17: =E17/E4 -> #DIV/0! | G17: =G4-G5 -> 15921.409 | H17: =G17/G4 -> 0.52116228 | AO17: =G17+SAR!G18 -> 26955.492 | AP17: =AO17/AO4 -> 0.24030596
J18: Object address | K18: materials and equipments costs | X18: materials and equipment costs | AA18: Object address | AB18: travel and living costs
A19: Direct costs | B19: % | J19: Time shedule, weeks | K19: =K4 -> 10/02-20/02 | V19: total | X19: planned | Y19: =126.56+128.69 -> 255.25 | AA19: Time shedule, weeks | AB19: =K19 -> 10/02-20/02 | AM19: total
A20: Materials, incl.delivery, and subcontractors | B20: =H6/G5*100 -> 13.430449 | K20: 1 | L20: 2 | M20: 3 | N20: 4 | O20: 5 | P20: 6 | X20: in fact | Y20: =G6+G7 -> 712.59 | AB20: 1 | AC20: 2 | AD20: 3 | AE20: 4 | AF20: 5 | AG20: 6 | AH20: 7 | AI20: 8 | AJ20: 9 | AK20: 10 | AL20: 11
A21: Salaries and taxes | B21: =H9/G5*100 -> 68.241836 | K21: =Y19 -> 255.25 | L21: =K21 -> 255.25 | M21: =K21 -> 255.25 | N21: =V21/4 -> 0 | X21: travel and living costs | AB21: =Y22 -> 2750 | AM21: =AB21 -> 2750
A22: Other costs | B22: =H14/G5*100 -> 18.327715 | V22: =K22+L22+M22+N22+O22+P22+U22+Q22+R22+S22+T22 -> 0 | X22: planned | Y22: =1375*2 -> 2750 | AB22: =G14+G15 -> 2194.3217 | AM22: =AB22 -> 2194.3217
X23: in fact | Y23: =AM22 -> 2194.3217
X25: Subcontractors budget, EUR | Y25: =750*2 -> 1500
X26: Payments to subcontractor, EUR | Y26: =G8 -> 1252.07
X30: date of report
X31: 44988

Sheet SAR
A1: SAR | B1: SAARBRUESKEN, Bahnhofstrasse 51, Germany, 11/01/2023-14/02/2023
A2: Object costs | J2: KPI
C3: Janvāris | E3: Februāris | G3: Total | J3: Object address | K3: execution of contract | X3: execution of the contract | AA3: Object address | AB3: worked hours
A4: Objekta ieņēmumi kopā | B4: Budget total | C4: =G4/2 -> 40810.87 | D4: =AB7+AC7+AD7 -> 596 | E4: =C4 -> 40810.87 | G4: =Y10+Y11 -> 81621.74 | H4: =D4+F4 -> 596 | J4: Time shedule, weeks | O4: 14/03-17/03 | V4: total | X4: planned | Y4: =N6 -> 1 | AA4: Time shedule, weeks | AB4: 11/01-15/01 | AC4: 16/01-22/01 | AD4: 23/01-29/01 | AE4: 30/01-05/02 | AF4: 06/02-12/02 | AM4: total
A5: Objekta tiešie izdevumi | B5: Direct costs | C5: =C6+C7+C8+C9+C10+C11+C13+C14+C16+C15+C12 -> 38097.023 | E5: =E6+E7+E8+E9+E10+E11+E13+E14+E16+E15+E12 -> 32490.633 | G5: =G6+G7+G8+G9+G10+G11+G13+G14+G16+G15+G12+G17 -> 70587.656 | K5: 1 | L5: 2 | M5: 3 | N5: 4 | O5: 5 | P5: 6 | X5: in fact | Y5: =N7+V8 -> 1.2753397 | AB5: 1 | AC5: 2 | AD5: 3 | AE5: 4 | AF5: 5 | AG5: 6 | AH5: 7 | AI5: 8 | AJ5: 9 | AK5: 10 | AL5: 11
A6: materiālu un aprīkojuma iegāde | B6: materials and equipment | C6: =214.09+453.94+2082.71+142.35+483.7+2626.73+212.5+409/3+182.99+275.47+36.47+157.69+56.2+5749.5+52.35+71.54+34.68+25.2+124.2+316.75+311.8+218.4+283.5+84+351.95+30+3.19 -> 14718.233 | D6: =C6+C7+C8 -> 15008.653 | E6: =9.97+69.66+168.14+95.38+27.75+151.11+46.09+178.57+18.46+72.54+132.15+56.77+5.2+6.55+233.98+15.99+178.17+379.45+55.35+52.35+59.75+424.99+477.36+109.15+50.85+91.95+111.55+465.95-225.09+6913.27+100 -> 10533.36 | F6: =E6+E7+E8 -> 15879.83 | G6: =C6+E6 -> 25251.593 | H6: =G6+G7+G8 -> 30888.483 | K6: 0.25 | L6: 0.5 | M6: 0.75 | N6: 1 | V6: =N6 -> 1 | X6: hours per m2 | AB6: =AM6/5 -> 141.6 | AC6: =AB6 -> 141.6 | AD6: =AB6 -> 141.6 | AE6: =AB6 -> 141.6 | AF6: =AB6 -> 141.6 | AM6: 708
A7: materiālu piegādes izdevumi | B7: delivery | E7: =188.97+1950/4 -> 676.47 | G7: =C7+E7 -> 676.47 | K7: 0.25 | L7: 0.5 | M7: 0.75 | N7: 1 | V7: =O7+N7 -> 1 | X7: planned | Y7: =AM6/Y13 -> 9.1119691 | AB7: 92 | AC7: 225 | AD7: =217+62 -> 279 | AE7: 120 | AF7: =175+226 -> 401 | AM7: =AB7+AC7+AD7+AE7+AF7+AG7+AL7+AH7+AI7+AJ7+AK7 -> 1117 | AN7: =H9+G14+G15+500 -> 38156.233
A8: apakšuzņēmēji | B8: subcontractors | C8: =105+75+90+12.92+7.5 -> 290.42 | E8: =2150+20+102.97+120+225+15+10+30+20+2500+15.89+99.93+30+75+150+34.72+25.97+30+20-1004.48 -> 4670 | G8: =C8+E8 -> 4960.42 | O8: =Y11/Y10 -> 0.27533969 | V8: =SUM(K8:U8) -> 0.27533969 | X8: in fact | Y8: =AM7/Y13 -> 14.375804 | AN8: =AN7/AM7 -> 34.159564
A9: darba algas | B9: salaries | C9: =590.5*2*1.42+((23*12+136*2*13+89*14)-71*50)*1.42+(2500/22*18-18*50)*1.42 -> 5444.9255 | D9: =C9+C10+C11+C13+C12 -> 17374.495 | E9: =((13*59*2+14*59+14.5*59*2+50*5+113*27)-E13)*1.42 -> 4291.24 | F9: =E9+E10+E11+E13+E12 -> 12934.588 | G9: =C9+E9 -> 9736.1655 | H9: =G9+G10+G11+G13+G12 -> 30309.083
A10: DD VSAOI | B10: tax for salaries | C10: =C9*0.2359 -> 1284.4579 | E10: =E9*0.2359 -> 1012.3035 | G10: =C10+E10 -> 2296.7614 | X10: Contract amount EUR | Y10: 64000
A11: uzkrājums atvaļinājumam | B11: vacation allowance | C11: =(C9+C10)*0.08 -> 538.35067 | E11: =(E9+E10)*0.08 -> 424.28348 | G11: =C11+E11 -> 962.63415 | X11: Additional works, EUR | Y11: =12797.13+4824.61 -> 17621.74
A12: administratīvie izdevumi 7% | B12: administrative costs 7% | C12: =(C4)*0.07 -> 2856.7609 | E12: =(E4)*0.07 -> 2856.7609 | G12: =C12+E12 -> 5713.5218
A13: komandējuma dienas naudas | B13: travel allowance | C13: 7250 | E13: =5*50*11+16*2*50 -> 4350 | G13: =C13+E13 -> 11600 | X13: square m2 | Y13: =67.18+10.52 -> 77.7
A14: komandējuma izdevumi- naktsmītne | B14: travel expenses (hotels) | C14: =3348.56+498.96 -> 3847.52 | D14: =C14+C16+C15 -> 5713.875 | E14: =1931.85/2+1098/2 -> 1514.925 | F14: =E14+E16+E15 -> 3676.215 | G14: =C14+E14 -> 5362.445 | H14: =G14+G16+G15+G17 -> 9390.09 | X14: object square | Y14: hours optimal/ m2
A15: komandējuma izdevumi- ceļš | B15: travel expenses ( tickets, road costs) | C15: =35.8+411.96/2+60+23.43+296.4+233.99/2 -> 738.605 | E15: =495.96+51+70.16+232.18/2+60.1+905.58/2 -> 1246.1 | G15: =C15+E15 -> 1984.705 | X15: m2<50 | Y15: 13
A16: citi izdevumi | B16: other expenses | C16: =24.9+0.79+1+4+168+422/2+2.5+20+77.99+26.61+58.23+2.5+18.7+32+28.8+3.1+370/2+7.5+2+7.5+5+12.5+7.5+85+112.94+0.89+4.7+1.5+2.6+8+5 -> 1127.75 | E16: =125+7.5+16+5+25+5+86.99+2.5+2.5+12.5+270+16+60.01+3.3+4+3.5+75.99+194.4 -> 915.19 | G16: =C16+E16 -> 2042.94 | X16: 50<m2<100 | Y16: 12
A18: peļņa bruto | B18: profit/ loss | C18: =C4-C5 -> 2713.8467 | D18: =C18/C4 -> 0.066498135 | E18: =E4-E5 -> 8320.2371 | F18: =E18/E4 -> 0.20387306 | G18: =G4-G5 -> 11034.084 | H18: =G18/G4 -> 0.1351856
J19: Object address | K19: materials and equipments costs | X19: materials and equipment costs | AA19: Object address | AB19: travel and living costs
A20: Direct costs | B20: % | J20: Time shedule, weeks | V20: total | X20: planned | Y20: 7562.42 | AA20: Time shedule, weeks | AB20: =AB4 -> 11/01-15/01 | AC20: =AC4 -> 16/01-22/01 | AD20: =AD4 -> 23/01-29/01 | AE20: =AE4 -> 30/01-05/02 | AF20: =AF4 -> 06/02-12/02 | AM20: total
A21: Materials, incl.delivery, and subcontractors | B21: =H6/G5*100 -> 43.759044 | K21: 1 | L21: 2 | M21: 3 | N21: 4 | O21: 5 | P21: 6 | X21: in fact | Y21: =G6+G7 -> 25928.063 | AB21: 1 | AC21: 2 | AD21: 3 | AE21: 4 | AF21: 5 | AG21: 6 | AH21: 7 | AI21: 8 | AJ21: 9 | AK21: 10 | AL21: 11
A22: Salaries and taxes | B22: =H9/G5*100 -> 42.93822 | K22: =V22/4 -> 1890.605 | L22: =K22 -> 1890.605 | M22: =K22 -> 1890.605 | N22: =V22/4 -> 1890.605 | V22: =Y20 -> 7562.42 | X22: travel and living costs | AB22: =AM22/5 -> 1110 | AC22: =AB22 -> 1110 | AD22: =AB22 -> 1110 | AE22: =AB22 -> 1110 | AF22: =AB22 -> 1110 | AM22: =Y23 -> 5550
A23: Other costs | B23: =H14/G5*100 -> 13.302737 | V23: =K23+L23+M23+N23+O23+P23+U23+Q23+R23+S23+T23 -> 0 | X23: planned | Y23: =6910-1360 -> 5550 | AB23: =241.78+3348.56 -> 3590.34 | AC23: =60+296.4+239.99/2 -> 476.395 | AE23: =20.43+498.96+60 -> 579.39 | AF23: =1931.85/2+733.21+1098/2+905.58/2 -> 2700.925 | AM23: =AB23+AC23+AD23+AE23+AF23+AG23+AL23+AH23+AI23+AJ23+AK23 -> 7347.05
X24: in fact | Y24: =AM23 -> 7347.05
X26: Subcontractors budget, EUR | Y26: 17743
B27: administrative costs 7% | X27: Payments to subcontractor, EUR | Y27: 14198
X31: date of report
X32: 23/03/2023
A38: ELEKTRIĶU IZMAKSAS | B38: =SUM(B39:B44) -> 14198.767 | C38: 13133.4
A39: CEĻŠ+DZĪVOŠANA | B39: =205.98+23.43+19.9+116.995+51+495.96+70.16+540+60.1 -> 1583.525
A40: ALGA+TAX | B40: =((22*15+18*12+22*16+12*113+15*113)-B41)*1.42*1.2359 -> 2630.712
A41: KOMANDĒJUMA DIENAS NAUDAS | B41: =17*50+16*2*50 -> 2450
A42: MATERIĀLI | B42: =2626.73+79.63 -> 2706.36
A43: APAKŠUZŅĒMĒJI- ELEKTRO LAT
A44: APAKŠUZŅĒMĒJI- PETER SEYRING | B44: =2150+2678.17 -> 4828.17

Sheet MUN2
A1: MUN2 | B1: Flughafen München Terminalstr. West 85356 München-Flughafen Zentralgebäude, Ebene 03 Raum 330RG
A2: Object costs | L2: KPI
C3: 44927 | E3: 44958 | G3: Marts 23 | I3: Total | L3: Object address | M3: execution of contract | Z3: execution of the contract | AC3: Object address | AD3: worked hours
A4: Objekta ieņēmumi kopā | B4: Budget total | C4: =I4/3 -> 62987.853 | D4: =AD7+AE7+AF7 -> 727 | E4: =C4 -> 62987.853 | G4: =E4 -> 62987.853 | I4: =AA10+AA11 -> 188963.56 | J4: =D4+F4 -> 727 | L4: Time shedule, weeks | X4: total | Z4: planned | AA4: =X6 -> 1 | AC4: Time shedule, weeks | AD4: 11/01-15/01 | AE4: 16/01-22/01 | AF4: 23/01-29/01 | AG4: 30/01-05/02 | AH4: 06/02-12/02 | AI4: 13/02-19/02 | AJ4: 20/02-26/02 | AK4: 27/02-05/03 | AL4: 06/03-09/03 | AO4: total
A5: Objekta tiešie izdevumi | B5: Direct costs | C5: =C6+C7+C8+C9+C10+C11+C13+C14+C16+C15+C12 -> 34488.321 | E5: =E6+E7+E8+E9+E10+E11+E13+E14+E16+E15+E12 -> 16458.497 | G5: =G6+G7+G8+G9+G10+G11+G13+G14+G16+G15+G12 -> 51524.676 | I5: =I6+I7+I8+I9+I10+I11+I13+I14+I16+I15+I12+I17 -> 115071.49 | M5: 1 | N5: 2 | O5: 3 | P5: 4 | Q5: 5 | R5: 6 | Z5: in fact | AA5: =X7+X8 -> 1.0743458 | AD5: 1 | AE5: 2 | AF5: 3 | AG5: 4 | AH5: 5 | AI5: 6 | AJ5: 7 | AK5: 8 | AL5: 9 | AM5: 10 | AN5: 11
A6: materiālu un aprīkojuma iegāde | B6: materials and equipment | C6: =5640.1+2548.89+215.84+137.89+117.35+171.15+109.4+788.5+218.75+167.45+196.83+93.35+73.98+221.45+160.15+418.45+157.75+31.35+1640.34 -> 13108.97 | D6: =C6+C7+C8 -> 13267.37 | E6: =2010.2+400+50.83+299.44+515.75+212.66+362.98+104.61 -> 3956.47 | F6: =E6+E7+E8 -> 5783.97 | G6: =40.5+454.75+116.4+88.44+4980+108.7+21.45+115.65+33.22+36.7+81.76+172.24+59.98+75.6+100 -> 6485.39 | H6: =G6+G7+G8 -> 31948.36 | I6: =C6+E6+G6 -> 23550.83 | J6: =I6+I7+I8 -> 50999.7 | X6: 1 | Z6: hours per m2 | AD6: =AO6/9 -> 134 | AE6: =AD6 -> 134 | AF6: =AD6 -> 134 | AG6: =AD6 -> 134 | AH6: =AD6 -> 134 | AI6: =AD6 -> 134 | AJ6: =AD6 -> 134 | AK6: =AD6 -> 134 | AL6: =AD6 -> 134 | AO6: 1206
A7: materiālu piegādes izdevumi | B7: delivery | C7: 158.4 | E7: =1340+1950/4 -> 1827.5 | G7: =560+725+585+450 -> 2320 | I7: =C7+E7+G7 -> 4305.9 | X7: 1 | Z7: planned | AA7: =AO6/AA13 -> 8.8029197 | AD7: 195 | AE7: 317.5 | AF7: 214.5 | AG7: 88 | AJ7: 36 | AK7: =52+84 -> 136 | AL7: =312+161+39-54 -> 458 | AO7: =AD7+AE7+AF7+AG7+AH7+AI7+AN7+AJ7+AK7+AL7+AM7 -> 1445 | AP7: =J9+I14+I15+500 -> 50501.564
A8: apakšuzņēmēji | B8: subcontractors | G8: =17645.47+4250+1247.5 -> 23142.97 | I8: =C8+E8+G8 -> 23142.97 | X8: =AA11/AA10 -> 0.074345759 | Z8: in fact | AA8: =AO7/AA13 -> 10.547445 | AP8: =AP7/AO7 -> 34.949179
A9: darba algas | B9: salaries | C9: =5272.75-144.5-288+390 -> 5230.25 | D9: =C9+C10+C11+C13+C12 -> 16490.341 | E9: =((39*15.5+40*14.5+9*14)-E13)*1.42 -> 866.91 | F9: =E9+E10+E11+E13+E12 -> 6266.2769 | G9: =((111*15.5+216*14.5+156*13+111*14)-G13)*1.42 -> 6296.99 | H9: =G9+G10+G11+G13+G12 -> 16814.196 | I9: =C9+E9+G9 -> 12394.15 | J9: =I9+I10+I11+I13+I12 -> 39570.814
A10: DD VSAOI | B10: tax for salaries | C10: =C9*0.2359 -> 1233.816 | E10: =E9*0.2359 -> 204.50407 | G10: =G9*0.2359 -> 1485.4599 | I10: =C10+E10+G10 -> 2923.78 | Z10: Contract amount EUR | AA10: =175887.1 -> 175887.1
A11: uzkrājums atvaļinājumam | B11: vacation allowance | C11: =(C9+C10)*0.08 -> 517.12528 | E11: =(E9+E10)*0.08 -> 85.713126 | G11: =(G9+G10)*0.08 -> 622.596 | I11: =C11+E11+G11 -> 1225.4344 | Z11: Additional works, EUR | AA11: =13076.46 -> 13076.46
A12: administratīvie izdevumi 7% | B12: administrative costs 7% | C12: =(C4)*0.07 -> 4409.1497 | E12: =(E4)*0.07 -> 4409.1497 | G12: =(G4)*0.07 -> 4409.1497 | I12: =C12+E12+G12 -> 13227.449
A13: komandējuma dienas naudas | B13: travel allowance | C13: 5100 | E13: =14*50 -> 700 | G13: =80*50 -> 4000 | I13: =C13+E13+G13 -> 9800 | Z13: square m2 | AA13: =117+20 -> 137
A14: komandējuma izdevumi- naktsmītne | B14: travel expenses (hotels) | C14: 2346 | D14: =C14+C16+C15 -> 4730.61 | E14: 2484 | F14: =E14+E16+E15 -> 4408.25 | G14: =1560+62+123.25 -> 1745.25 | H14: =G14+G16+G15 -> 2762.12 | I14: =C14+E14+G14 -> 6575.25 | J14: =I14+I16+I15+I17 -> 24500.98 | Z14: object square | AA14: hours optimal/ m2
A15: komandējuma izdevumi- ceļš | B15: travel expenses ( tickets, road costs) | C15: =3010.75-2114.82+449.99+64.4+274.5+7.7 -> 1692.52 | E15: =391+779.96+76.09 -> 1247.05 | F15: =88.34+276.42+355.09 -> 719.85 | G15: =237.99+47.97+629.97 -> 915.93 | I15: =C15+E15+G15 -> 3855.5 | Z15: m2<50 | AA15: 13
A16: citi izdevumi | B16: other expenses | C16: =410+125+8.99+72.1+76 -> 692.09 | E16: =75+92.2+340+170 -> 677.2 | G16: =30+27.98+26.96+16 -> 100.94 | I16: =C16+E16+G16 -> 1470.23 | Z16: 50<m2<100 | AA16: 12
A17: agent commision | G17: 12600 | I17: 12600
A18: peļņa bruto | B18: profit/ loss | C18: =C4-C5 -> 28499.532 | D18: =C18/C4 -> 0.45246077 | E18: =E4-E5 -> 46529.356 | F18: =E18/E4 -> 0.73870364 | G18: =G4-G5 -> 11463.178 | H18: =G18/G4 -> 0.18199029 | I18: =I4-I5 -> 73892.066 | J18: =I18/I4 -> 0.39103871
L19: Object address | M19: materials and equipments costs | Z19: materials and equipment costs | AC19: Object address | AD19: travel and living costs
A20: Direct costs | B20: % | L20: Time shedule, weeks | X20: total | Z20: planned | AA20: 32215 | AC20: Time shedule, weeks | AD20: 11/01-15/01 | AE20: 16/01-22/01 | AF20: 23/01-29/01 | AG20: 30/01-05/02 | AH20: 06/02-12/02 | AI20: 13/02-19/02 | AJ20: 20/02-26/02 | AK20: 27/02-05/03 | AL20: 06/03-09/03 | AO20: total
A21: Materials, incl.delivery, and subcontractors | B21: =J6/I5*100 -> 44.320012 | M21: 1 | N21: 2 | O21: 3 | P21: 4 | Q21: 5 | R21: 6 | Z21: in fact | AA21: =I6+I7 -> 27856.73 | AD21: 1 | AE21: 2 | AF21: 3 | AG21: 4 | AH21: 5 | AI21: 6 | AJ21: 7 | AK21: 8 | AL21: 9 | AM21: 10 | AN21: 11
A22: Salaries and taxes | B22: =J9/I5*100 -> 34.388025 | M22: =X22/3 -> 0 | N22: =M22 -> 0 | O22: =M22 -> 0 | P22: =N22 -> 0 | Z22: travel and living costs | AD22: =AO22/9 -> 800 | AE22: =AD22 -> 800 | AF22: =AD22 -> 800 | AG22: =AD22 -> 800 | AH22: =AD22 -> 800 | AI22: =AD22 -> 800 | AJ22: =AD22 -> 800 | AK22: =AD22 -> 800 | AL22: =AD22 -> 800 | AO22: =AA23 -> 7200
A23: Other costs | B23: =J14/I5*100 -> 21.291963 | X23: =M23+N23+O23+P23+Q23+R23+W23+S23+T23+U23+V23 -> 0 | Z23: planned | AA23: 7200 | AD23: =2346+3010.75-2114.82 -> 3241.93 | AE23: =449.99+72.1 -> 522.09 | AF23: 274.5 | AI23: =88.34+276.42+26 -> 390.76 | AJ23: =2484+779.96 -> 3263.96 | AL23: =76.09+1560+62+123.25+237.99+47.97+629.97 -> 2737.27 | AO23: =AD23+AE23+AF23+AG23+AH23+AI23+AN23+AJ23+AK23+AL23+AM23 -> 10430.51
Z24: in fact | AA24: =AO23 -> 10430.51
Z26: Subcontractors budget, EUR
Z27: Payments to subcontractor, EUR
Z31: date of report
Z32: 45081

Sheet FUR
A1: FUR | B1: Rudolf-Breitscheid-Straße 4, 90762 Fürth, Germany
A2: Object costs | L2: KPI
C3: 44896 | E3: 44927 | G3: 44980 | I3: Total | L3: Object address | M3: execution of contract | Z3: execution of the contract | AC3: Object address | AD3: worked hours
A4: Objekta ieņēmumi kopā | B4: Budget total | C4: =AA10/2 -> 81000 | E4: =C4 -> 81000 | G4: =AA11 -> 6555 | I4: =AA10+AA11 -> 168555 | L4: Time shedule, weeks | X4: total | Z4: planned | AA4: =X6 -> 1 | AC4: Time shedule, weeks | AD4: 06/12-11/12 | AE4: 12/12-18/12 | AF4: 19/12-25/12 | AG4: 26/12-01/01 | AH4: 02/01-08/01 | AI4: 09/01-15/01 | AJ4: 16/01-22/01 | AK4: 23/01-29/01 | AL4: 30/01-? | AO4: total
A5: Objekta tiešie izdevumi | B5: Direct costs | C5: =C6+C7+C8+C9+C10+C11+C13+C14+C16+C15+C12 -> 54671.383 | E5: =E6+E7+E8+E9+E10+E11+E13+E14+E16+E15+E12 -> 38491.994 | G5: =G6+G7+G8+G9+G10+G11+G13+G14+G16+G15+G12 -> 19317.227 | I5: =I6+I7+I8+I9+I10+I11+I13+I14+I16+I15+I12+I17 -> 112480.6 | M5: 1 | N5: 2 | O5: 3 | P5: 4 | Q5: 5 | R5: 6 | Z5: in fact | AA5: =X7+X8 -> 1.040463 | AD5: 1 | AE5: 2 | AF5: 3 | AG5: 4 | AH5: 5 | AI5: 6 | AJ5: 7 | AK5: 8 | AL5: 9 | AM5: 10 | AN5: 11
A6: materiālu un aprīkojuma iegāde | B6: materials and equipment | C6: =6419.62+832.34+3.39+2998.53+1091.31 -> 11345.19 | D6: =C6+C7+C8 -> 15015.69 | E6: =983.19+215.36+18.29+27.24+182.94+25.15+135+82+881.53+782.04+294.75+17.5+62.2+1799.42+64.48+5.95+32.8+80.05+409/3*2+114.08+87.55+325.8 -> 6489.9867 | F6: =E6+E7+E8 -> 6839.9867 | G6: =41.27+45.2*2+107.25+79.96+92.63+32.8+371+23.64+100 -> 938.95 | H6: =G6+G7+G8 -> 10964.17 | I6: =C6+E6+G6 -> 18774.127 | J6: =I6+I7+I8 -> 32819.847 | X6: 1 | Z6: hours per m2 | AD6: =AO6/7 -> 242.57143 | AE6: =AD6 -> 242.57143 | AF6: =AD6 -> 242.57143 | AH6: =AD6 -> 242.57143 | AI6: =AD6 -> 242.57143 | AJ6: =AD6 -> 242.57143 | AK6: =AD6 -> 242.57143 | AO6: =957+741 -> 1698
A7: materiālu piegādes izdevumi | B7: delivery | C7: 2418.4 | I7: =C7+E7+G7 -> 2418.4 | X7: 1 | Z7: planned | AA7: =AO6/AA13 -> 10.699433 | AD7: 388.5 | AE7: 394.5 | AF7: 73 | AG7: =33*2 -> 66 | AH7: 92.5 | AI7: 255.5 | AJ7: 242 | AK7: 296 | AL7: =38.5+313+72.5 -> 424 | AO7: =AD7+AE7+AF7+AG7+AH7+AI7+AJ7+AK7+AL7 -> 2232 | AP7: =J9+I14+I15+500 -> 76882.787
A8: apakšuzņēmēji | B8: subcontractors | C8: 1252.1 | E8: 350 | G8: =280+160+240+4807.54+70+280+2940+1247.68 -> 10025.22 | I8: =C8+E8+G8 -> 11627.32 | X8: =AA11/AA10 -> 0.040462963 | Z8: in fact | AA8: =AO7/AA13 -> 14.064272 | AP8: =AP7/AO7 -> 34.445693
A9: darba algas | B9: salaries | C9: =6599.14*1.42 -> 9370.7788 | D9: =C9+C10+C11+C13+C12 -> 25827.853 | E9: =2993.75*1.42+((52*16+122*15+122*12)-6*50)*1.42+((23*14+41*13)-18*50)*1.42+(2500/22*4-300)*1.42 -> 9839.5995 | F9: =E9+E10+E11+E13+E12 -> 26853.622 | G9: =((90*14+14.5*79+72*12+72*13)-G13)*1.42 -> 2847.81 | H9: =G9+G10+G11+G13+G12 -> 6460.027 | I9: =C9+E9+G9 -> 22058.188 | J9: =I9+I10+I11+I13+I12 -> 59141.502
A10: DD VSAOI | B10: tax for salaries | C10: =C9*0.2359 -> 2210.5667 | E10: =E9*0.2359 -> 2321.1615 | G10: =G9*0.2359 -> 671.79838 | I10: =C10+E10+G10 -> 5203.5266 | Z10: Contract amount EUR | AA10: 162000
A11: uzkrājums atvaļinājumam | B11: vacation allowance | C11: =(C9+C10)*0.08 -> 926.50764 | E11: =(E9+E10)*0.08 -> 972.86089 | G11: =(G9+G10)*0.08 -> 281.56867 | I11: =C11+E11+G11 -> 2180.9372 | Z11: Additional works, EUR | AA11: =2800+3150+605 -> 6555
A12: administratīvie izdevumi 7% | B12: administrative costs 7% | C12: =(C4)*0.07 -> 5670 | E12: =(E4)*0.07 -> 5670 | G12: =(G4)*0.07 -> 458.85 | I12: =C12+E12+G12 -> 11798.85
A13: komandējuma dienas naudas | B13: travel allowance | C13: 7650 | E13: =7650+8*50 -> 8050 | G13: =40*50+4*50 -> 2200 | I13: =C13+E13+G13 -> 17900 | Z13: square m2 | AA13: =60+21+67.18+10.52 -> 158.7
A14: komandējuma izdevumi- naktsmītne | B14: travel expenses (hotels) | C14: =3989.8+1308.41+757+42 -> 6097.21 | D14: =C14+C16+C15 -> 13827.84 | E14: =411.21+53.55+832+204.83+89+204.83+651 -> 2446.42 | F14: =E14+E16+E15 -> 4798.385 | G14: =312+137.7+106 -> 555.7 | H14: =G14+G16+G15 -> 1893.03 | I14: =C14+E14+G14 -> 9099.33 | J14: =I14+I16+I15+I17 -> 20519.255 | Z14: object square | AA14: hours optimal/ m2
A15: komandējuma izdevumi- ceļš | B15: travel expenses ( tickets, road costs) | C15: =4514.23-307+2114.82 -> 6322.05 | E15: =411.96/2+25+209.98+62.9+317.32+66.43+149.94+75.22+161.27+19.9+233.99/2+151.36 -> 1562.295 | G15: =91.51+166.1 -> 257.61 | I15: =C15+E15+G15 -> 8141.955 | Z15: m2<50 | AA15: 13
A16: citi izdevumi | B16: other expenses | C16: =74.21+29.37+50+310+250+307+388 -> 1408.58 | E16: =11.99+2+2.5+17.99+422/2+2.3+13+50+370/2+149.89+144 -> 789.67 | G16: =18+12.6+9+6+8+96.2+30+319.57+114.07+197.96+104.32+4+160 -> 1079.72 | I16: =C16+E16+G16 -> 3277.97 | Z16: 50<m2<100 | AA16: 12
A18: peļņa bruto | B18: profit/ loss | C18: =C4-C5 -> 26328.617 | D18: =C18/C4 -> 0.32504465 | E18: =E4-E5 -> 42508.006 | F18: =E18/E4 -> 0.5247902 | G18: =G4-G5 -> -12762.227 | H18: =G18/G4 -> -1.9469454 | I18: =I4-I5 -> 56074.396 | J18: =I18/I4 -> 0.33267714
L19: Object address | M19: materials and equipments costs | Z19: materials and equipment costs | AC19: Object address | AD19: travel and living costs
A20: Direct costs | B20: % | L20: Time shedule, weeks | X20: total | Z20: planned | AA20: =14865+8694 -> 23559 | AC20: Time shedule, weeks | AD20: 06/12-11/12 | AE20: 12/12-18/12 | AF20: 19/12-25/12 | AG20: 26/12-01/01 | AH20: 02/01-08/01 | AI20: 09/01-15/01 | AJ20: 16/01-22/01 | AK20: 23/01-29/01 | AL20: 30/01-? | AO20: total
A21: Materials, incl.delivery, and subcontractors | B21: =J6/I5*100 -> 29.178228 | M21: 1 | N21: 2 | O21: 3 | P21: 4 | Q21: 5 | R21: 6 | Z21: in fact | AA21: =I6+I7 -> 21192.527 | AD21: 1 | AE21: 2 | AF21: 3 | AG21: 4 | AH21: 5 | AI21: 6 | AJ21: 7 | AK21: 8 | AL21: 9 | AM21: 10 | AN21: 11
A22: Salaries and taxes | B22: =J9/I5*100 -> 52.579289 | Z22: travel and living costs | AD22: =AO22/7 -> 2142.8571 | AE22: =AD22 -> 2142.8571 | AF22: =AD22 -> 2142.8571 | AH22: =AD22 -> 2142.8571 | AI22: =AD22 -> 2142.8571 | AJ22: =AD22 -> 2142.8571 | AK22: =AD22 -> 2142.8571 | AO22: =AA23 -> 15000
A23: Other costs | B23: =J14/I5*100 -> 18.242483 | Z23: planned | AA23: =15000 -> 15000 | AD23: =1385.94+236.66+70.69+1421.91+95.4+40.9+47.9+2114.82 -> 5414.22 | AE23: =3738.32+849.92+314.91+40 -> 4943.15 | AG23: =1308.41+501.8 -> 1810.21 | AI23: 905.72 | AJ23: =239.99/2+151.36 -> 271.355 | AK23: =62.9+832+204.83+19.9 -> 1119.63 | AL23: =89+317.32+204.83+66.43+149.94+75.22+161.27+312+651+386.68+106+91.51+166.1 -> 2777.3 | AO23: =AK23+AJ23+AI23+AH23+AG23+AF23+AE23+AD23+AL23 -> 17241.585
Z24: in fact | AA24: =AO23 -> 17241.585
Z26: Subcontractors budget, EUR | AA26: =C37 -> 28448.8
Z27: Payments to subcontractor, EUR | AA27: =B37 -> 21732.048
Z31: date of report
Z32: 23/03/2023
A37: ELEKTRIĶU IZMAKSAS | B37: =SUM(B38:B43) -> 21732.048 | C37: =13650+14798.8 -> 28448.8
A38: CEĻŠ+DZĪVOŠANA | B38: =849.92+520.8+233.99/2+89+205.98+204.83+461.94 -> 2449.465
A39: ALGA+TAX | B39: =((122*15+122*12+124.5*16)-B40)*1.42*1.2359 -> 6117.8533
A40: komandējuma dienas naudas | B40: =26*50+10*50 -> 1800
A41: MATERIĀLI | B41: =1799.42+92.63+79.96+107.25+204.5+87.55 -> 2371.31
A42: APAKŠUZŅĒMĒJI- ELEKTRO LAT | B42: 1247.68
A43: APAKŠUZŅĒMĒJI- PETER SEYRING | B43: =4805.74+2940 -> 7745.74
